Workbook

Sheet Decision Sheet
A1: Color Key | D1: Period
A2: Generated by Forecasting Method | C2: Forecast | D2: Period -1 | E2: Period 0 | F2: Period 1 | G2: Period 2 | H2: Period 3 | I2: Period 4 | J2: Period 5 | K2: Period 6 | L2: Period 7 | M2: Period 8 | N2: Period 9 | O2: Period 10 | P2: Period 11 | Q2: Period 12
A3: Provided by Instructor | C3: Product A
A4: Decisions Required | C4: Product B
A5: General Information | C5: Product C
C6: Product D
A8: First Period | C8: Actual Demand | F8: =F2 -> Period 1 | G8: =G2 -> Period 2 | H8: =H2 -> Period 3 | I8: =I2 -> Period 4 | J8: =J2 -> Period 5 | K8: =K2 -> Period 6 | L8: =L2 -> Period 7 | M8: =M2 -> Period 8 | ... Q8: =Q2 -> Period 12
A9: Build Forecasting Models | C9: Product A
A10: Select Suppliers | C10: Product B
A11: Place initial inventory orders for Products A-D | C11: Product C
C12: Product D
A13: Subsequent Periods
A14: Record Actual Data and Supplier Events | C14: Event Information | F14: =F2 -> Period 1 | G14: =G2 -> Period 2 | H14: =H2 -> Period 3 | I14: =I2 -> Period 4 | J14: =J2 -> Period 5 | K14: =K2 -> Period 6 | L14: =L2 -> Period 7 | M14: =M2 -> Period 8 | ... Q14: =Q2 -> Period 12
A15: Update Forecasting Models with New Data | C15: Code | F15: 7 | G15: 12 | H15: 3
A16: Update Supplier Relationships
A17: Place inventory orders for Products A-D | C17: Event Lookup
C18: Code | F18: 3
C19: Event Type | F19: =IFERROR(VLOOKUP(F18,'Event Sheet'!A1:F36,2,FALSE),"") -> Quality
C20: Event Severity | F20: =IFERROR(VLOOKUP(F18,'Event Sheet'!$A$1:$F$36,3,FALSE),"") -> Major
C21: Event Description | F21: =IFERROR(VLOOKUP(F18,'Event Sheet'!$A$1:$F$36,4,FALSE),"") -> You received a high quality reward for your organization.
C22: Condition | F22: =IFERROR(VLOOKUP(F18,'Event Sheet'!$A$1:$F$36,6,FALSE),"") -> Every product supplied by a supplier with quality ≥ Very High
C23: Event Effects | F23: =IFERROR(VLOOKUP(F18,'Event Sheet'!$A$1:$F$36,5,FALSE),"") -> Receive $10,000 as a period adjustment for each applicable product
C24: Instructions | F24: =IFERROR(VLOOKUP(F18,'Event Sheet'!$A$1:$G$36,7,FALSE),"") -> Add 10,000 to the current period in column E on the Performance Sheet for each product impacted
C26: Order Inventory | D26: =D2 -> Period -1 | E26: =E2 -> Period 0 | F26: =F2 -> Period 1 | G26: =G2 -> Period 2 | H26: =H2 -> Period 3 | I26: =I2 -> Period 4 | J26: =J2 -> Period 5 | K26: =K2 -> Period 6 | ... Q26: =Q2 -> Period 12
C27: Product A
C28: Product B
C29: Product C
C30: Product D
C32: Active Suppliers* | F32: =F2 -> Period 1 | G32: =G2 -> Period 2 | H32: =H2 -> Period 3 | I32: =I2 -> Period 4 | J32: =J2 -> Period 5 | K32: =K2 -> Period 6 | L32: =L2 -> Period 7 | M32: =M2 -> Period 8 | ... Q32: =Q2 -> Period 12
C33: Product A
C34: Product B
C35: Product C
C36: Product D
C37: *Leave active supplier selection blank if no order is placed in any given period for a specific part.
B39: Supplier Choices | C39: Equipment 1 | E39: ='Supplier Management Sheet'!C3 -> Upfront Setup Costs | F39: ='Supplier Management Sheet'!D3 -> Period Fixed Costs | G39: ='Supplier Management Sheet'!E3 -> Var Cost A | H39: ='Supplier Management Sheet'!F3 -> Var Cost B | I39: ='Supplier Management Sheet'!G3 -> Var Cost C | J39: ='Supplier Management Sheet'!H3 -> Var Cost D | L39: ='Supplier Management Sheet'!J3 -> Quality | M39: ='Supplier Management Sheet'!K3 -> Disruption Risk Management | N39: ='Supplier Management Sheet'!L3 -> Timeliness | O39: ='Supplier Management Sheet'!M3 -> Innovativeness | Q39: Product A Suppliers | R39: Product B Suppliers | S39: Product C Suppliers | T39: Product D Suppliers
B40: Make | C40: Equipment 1 | E40: ='Supplier Management Sheet'!C4 -> -100000 | F40: ='Supplier Management Sheet'!D4 -> -1000 | G40: ='Supplier Management Sheet'!E4 -> 2 | H40: ='Supplier Management Sheet'!F4 -> 4 | I40: ='Supplier Management Sheet'!G4 -> 5 | J40: ='Supplier Management Sheet'!H4 -> 6 | L40: ='Supplier Management Sheet'!J4 -> High | M40: ='Supplier Management Sheet'!K4 -> High | N40: ='Supplier Management Sheet'!L4 -> Very High | O40: ='Supplier Management Sheet'!M4 -> Low | Q40: Equipment 1 | R40: Equipment 1 | S40: Equipment 1 | T40: Equipment 1
C41: Equipment 2 | E41: ='Supplier Management Sheet'!C5 -> -40000 | F41: ='Supplier Management Sheet'!D5 -> -750 | G41: ='Supplier Management Sheet'!E5 -> 4 | H41: ='Supplier Management Sheet'!F5 -> 5 | I41: ='Supplier Management Sheet'!G5 -> 5 | J41: ='Supplier Management Sheet'!H5 | L41: ='Supplier Management Sheet'!J5 -> Medium | M41: ='Supplier Management Sheet'!K5 -> Medium | N41: ='Supplier Management Sheet'!L5 -> Very High | O41: ='Supplier Management Sheet'!M5 -> Low | Q41: Equipment 2 | R41: Equipment 2 | S41: Equipment 2 | T41: Equipment 4
C42: Equipment 3 | E42: ='Supplier Management Sheet'!C6 -> -10000 | F42: ='Supplier Management Sheet'!D6 -> -500 | G42: ='Supplier Management Sheet'!E6 -> 2 | H42: ='Supplier Management Sheet'!F6 | I42: ='Supplier Management Sheet'!G6 | J42: ='Supplier Management Sheet'!H6 -> 0 | L42: ='Supplier Management Sheet'!J6 -> Medium | M42: ='Supplier Management Sheet'!K6 -> Medium | N42: ='Supplier Management Sheet'!L6 -> Medium | O42: ='Supplier Management Sheet'!M6 -> Low | Q42: Equipment 3 | R42: Supplier 1 | S42: Supplier 1 | T42: Supplier 1
C43: Equipment 4 | E43: ='Supplier Management Sheet'!C7 -> -20000 | F43: ='Supplier Management Sheet'!D7 -> -500 | G43: ='Supplier Management Sheet'!E7 | H43: ='Supplier Management Sheet'!F7 | I43: ='Supplier Management Sheet'!G7 -> 0 | J43: ='Supplier Management Sheet'!H7 -> 5 | L43: ='Supplier Management Sheet'!J7 -> Very High | M43: ='Supplier Management Sheet'!K7 -> Very High | N43: ='Supplier Management Sheet'!L7 -> Very High | O43: ='Supplier Management Sheet'!M7 -> Low | Q43: Supplier 1 | R43: Supplier 3 | S43: Supplier 4 | T43: Supplier 2
B44: Buy | C44: Supplier 1 | E44: ='Supplier Management Sheet'!C8 -> -500 | F44: ='Supplier Management Sheet'!D8 -> -2700 | G44: ='Supplier Management Sheet'!E8 -> 3 | H44: ='Supplier Management Sheet'!F8 -> 4 | I44: ='Supplier Management Sheet'!G8 -> 5 | J44: ='Supplier Management Sheet'!H8 -> 8 | L44: ='Supplier Management Sheet'!J8 -> Low | M44: ='Supplier Management Sheet'!K8 -> Low | N44: ='Supplier Management Sheet'!L8 -> Very Low | O44: ='Supplier Management Sheet'!M8 -> Low | Q44: Supplier 5 | R44: Supplier 4 | S44: Supplier 7 | T44: Supplier 5
C45: Supplier 2 | E45: ='Supplier Management Sheet'!C9 -> -8000 | F45: ='Supplier Management Sheet'!D9 -> -1200 | G45: ='Supplier Management Sheet'!E9 | H45: ='Supplier Management Sheet'!F9 | I45: ='Supplier Management Sheet'!G9 | J45: ='Supplier Management Sheet'!H9 -> 6 | L45: ='Supplier Management Sheet'!J9 -> High | M45: ='Supplier Management Sheet'!K9 -> High | N45: ='Supplier Management Sheet'!L9 -> Very High | O45: ='Supplier Management Sheet'!M9 -> High | Q45: Supplier 7 | R45: Supplier 6 | S45: Supplier 8 | T45: Supplier 6
C46: Supplier 3 | E46: ='Supplier Management Sheet'!C10 -> -4500 | F46: ='Supplier Management Sheet'!D10 -> -1500 | G46: ='Supplier Management Sheet'!E10 | H46: ='Supplier Management Sheet'!F10 -> 3 | I46: ='Supplier Management Sheet'!G10 | J46: ='Supplier Management Sheet'!H10 -> 0 | L46: ='Supplier Management Sheet'!J10 -> Low | M46: ='Supplier Management Sheet'!K10 -> Medium | N46: ='Supplier Management Sheet'!L10 -> Low | O46: ='Supplier Management Sheet'!M10 -> Low | Q46: Supplier 8 | R46: Supplier 10 | T46: Supplier 7
C47: Supplier 4 | E47: ='Supplier Management Sheet'!C11 -> -2000 | F47: ='Supplier Management Sheet'!D11 -> -3000 | G47: ='Supplier Management Sheet'!E11 -> 0 | H47: ='Supplier Management Sheet'!F11 -> 5 | I47: ='Supplier Management Sheet'!G11 -> 6 | J47: ='Supplier Management Sheet'!H11 -> 0 | L47: ='Supplier Management Sheet'!J11 -> Very Low | M47: ='Supplier Management Sheet'!K11 -> Very High | N47: ='Supplier Management Sheet'!L11 -> Medium | O47: ='Supplier Management Sheet'!M11 -> Medium | Q47: Supplier 9 | T47: Supplier 9
C48: Supplier 5 | E48: ='Supplier Management Sheet'!C12 -> -5000 | F48: ='Supplier Management Sheet'!D12 -> -300 | G48: ='Supplier Management Sheet'!E12 -> 5 | H48: ='Supplier Management Sheet'!F12 -> 0 | I48: ='Supplier Management Sheet'!G12 | J48: ='Supplier Management Sheet'!H12 -> 9 | L48: ='Supplier Management Sheet'!J12 -> Very High | M48: ='Supplier Management Sheet'!K12 -> Very High | N48: ='Supplier Management Sheet'!L12 -> Very High | O48: ='Supplier Management Sheet'!M12 -> Very High | Q48: Supplier 10 | T48: Supplier 10
C49: Supplier 6 | E49: ='Supplier Management Sheet'!C13 -> -9000 | F49: ='Supplier Management Sheet'!D13 -> -3000 | G49: ='Supplier Management Sheet'!E13 | H49: ='Supplier Management Sheet'!F13 -> 5 | I49: ='Supplier Management Sheet'!G13 | J49: ='Supplier Management Sheet'!H13 -> 8 | L49: ='Supplier Management Sheet'!J13 -> Very Low | M49: ='Supplier Management Sheet'!K13 -> High | N49: ='Supplier Management Sheet'!L13 -> Low | O49: ='Supplier Management Sheet'!M13 -> Very High
C50: Supplier 7 | E50: ='Supplier Management Sheet'!C14 -> -5000 | F50: ='Supplier Management Sheet'!D14 -> -3000 | G50: ='Supplier Management Sheet'!E14 -> 4 | H50: ='Supplier Management Sheet'!F14 | I50: ='Supplier Management Sheet'!G14 -> 6 | J50: ='Supplier Management Sheet'!H14 -> 7 | L50: ='Supplier Management Sheet'!J14 -> High | M50: ='Supplier Management Sheet'!K14 -> Low | N50: ='Supplier Management Sheet'!L14 -> Medium | O50: ='Supplier Management Sheet'!M14 -> Very High
C51: Supplier 8 | E51: ='Supplier Management Sheet'!C15 -> -5500 | F51: ='Supplier Management Sheet'!D15 -> -3000 | G51: ='Supplier Management Sheet'!E15 -> 3 | H51: ='Supplier Management Sheet'!F15 | I51: ='Supplier Management Sheet'!G15 -> 4 | J51: ='Supplier Management Sheet'!H15 -> 0 | L51: ='Supplier Management Sheet'!J15 -> Low | M51: ='Supplier Management Sheet'!K15 -> Very High | N51: ='Supplier Management Sheet'!L15 -> Very Low | O51: ='Supplier Management Sheet'!M15 -> Very Low
C52: Supplier 9 | E52: ='Supplier Management Sheet'!C16 -> -3000 | F52: ='Supplier Management Sheet'!D16 -> -2400 | G52: ='Supplier Management Sheet'!E16 -> 4 | H52: ='Supplier Management Sheet'!F16 | I52: ='Supplier Management Sheet'!G16 | J52: ='Supplier Management Sheet'!H16 -> 7 | L52: ='Supplier Management Sheet'!J16 -> Medium | M52: ='Supplier Management Sheet'!K16 -> High | N52: ='Supplier Management Sheet'!L16 -> Medium | O52: ='Supplier Management Sheet'!M16 -> High
C53: Supplier 10 | E53: ='Supplier Management Sheet'!C17 -> -2500 | F53: ='Supplier Management Sheet'!D17 -> -2100 | G53: ='Supplier Management Sheet'!E17 -> 3 | H53: ='Supplier Management Sheet'!F17 -> 4 | I53: ='Supplier Management Sheet'!G17 | J53: ='Supplier Management Sheet'!H17 -> 6 | L53: ='Supplier Management Sheet'!J17 -> Very Low | M53: ='Supplier Management Sheet'!K17 -> Very Low | N53: ='Supplier Management Sheet'!L17 -> High | O53: ='Supplier Management Sheet'!M17 -> Medium
H56: Product A | I56: Product B | J56: Product C | K56: Product D
C57: Period | D57: Total | E57: Supplier Fixed Costs | F57: Supplier Period Costs | G57: Period Adjustments | H57: Net | I57: Net | J57: Net | K57: Net
C58: 1 | D58: =PerformanceSheet!B3 | E58: =PerformanceSheet!C3 -> 0 | F58: =PerformanceSheet!D3 -> 0 | G58: =PerformanceSheet!E3 -> 0 | H58: =PerformanceSheet!F3 | I58: =PerformanceSheet!G3 | J58: =PerformanceSheet!H3 | K58: =PerformanceSheet!I3
C59: 2 | D59: =PerformanceSheet!B4 | E59: =PerformanceSheet!C4 -> 0 | F59: =PerformanceSheet!D4 -> 0 | G59: =PerformanceSheet!E4 -> 0 | H59: =PerformanceSheet!F4 | I59: =PerformanceSheet!G4 | J59: =PerformanceSheet!H4 | K59: =PerformanceSheet!I4
C60: 3 | D60: =PerformanceSheet!B5 | E60: =PerformanceSheet!C5 -> 0 | F60: =PerformanceSheet!D5 -> 0 | G60: =PerformanceSheet!E5 -> 0 | H60: =PerformanceSheet!F5 | I60: =PerformanceSheet!G5 | J60: =PerformanceSheet!H5 | K60: =PerformanceSheet!I5
C61: 4 | D61: =PerformanceSheet!B6 | E61: =PerformanceSheet!C6 -> 0 | F61: =PerformanceSheet!D6 -> 0 | G61: =PerformanceSheet!E6 -> 0 | H61: =PerformanceSheet!F6 | I61: =PerformanceSheet!G6 | J61: =PerformanceSheet!H6 | K61: =PerformanceSheet!I6
C62: 5 | D62: =PerformanceSheet!B7 | E62: =PerformanceSheet!C7 -> 0 | F62: =PerformanceSheet!D7 -> 0 | G62: =PerformanceSheet!E7 -> 0 | H62: =PerformanceSheet!F7 | I62: =PerformanceSheet!G7 | J62: =PerformanceSheet!H7 | K62: =PerformanceSheet!I7
C63: 6 | D63: =PerformanceSheet!B8 | E63: =PerformanceSheet!C8 -> 0 | F63: =PerformanceSheet!D8 -> 0 | G63: =PerformanceSheet!E8 -> 0 | H63: =PerformanceSheet!F8 | I63: =PerformanceSheet!G8 | J63: =PerformanceSheet!H8 | K63: =PerformanceSheet!I8
C64: 7 | D64: =PerformanceSheet!B9 | E64: =PerformanceSheet!C9 -> 0 | F64: =PerformanceSheet!D9 -> 0 | G64: =PerformanceSheet!E9 -> 0 | H64: =PerformanceSheet!F9 | I64: =PerformanceSheet!G9 | J64: =PerformanceSheet!H9 | K64: =PerformanceSheet!I9
C65: 8 | D65: =PerformanceSheet!B10 | E65: =PerformanceSheet!C10 -> 0 | F65: =PerformanceSheet!D10 -> 0 | G65: =PerformanceSheet!E10 -> 0 | H65: =PerformanceSheet!F10 | I65: =PerformanceSheet!G10 | J65: =PerformanceSheet!H10 | K65: =PerformanceSheet!I10
C66: 9 | D66: =PerformanceSheet!B11 | E66: =PerformanceSheet!C11 -> 0 | F66: =PerformanceSheet!D11 -> 0 | G66: =PerformanceSheet!E11 -> 0 | H66: =PerformanceSheet!F11 | I66: =PerformanceSheet!G11 | J66: =PerformanceSheet!H11 | K66: =PerformanceSheet!I11
C67: 10 | D67: =PerformanceSheet!B12 | E67: =PerformanceSheet!C12 -> 0 | F67: =PerformanceSheet!D12 -> 0 | G67: =PerformanceSheet!E12 -> 0 | H67: =PerformanceSheet!F12 | I67: =PerformanceSheet!G12 | J67: =PerformanceSheet!H12 | K67: =PerformanceSheet!I12
C68: 11 | D68: =PerformanceSheet!B13 | E68: =PerformanceSheet!C13 -> 0 | F68: =PerformanceSheet!D13 -> 0 | G68: =PerformanceSheet!E13 -> 0 | H68: =PerformanceSheet!F13 | I68: =PerformanceSheet!G13 | J68: =PerformanceSheet!H13 | K68: =PerformanceSheet!I13
C69: 12 | D69: =PerformanceSheet!B14 | E69: =PerformanceSheet!C14 -> 0 | F69: =PerformanceSheet!D14 -> 0 | G69: =PerformanceSheet!E14 -> 0 | H69: =PerformanceSheet!F14 | I69: =PerformanceSheet!G14 | J69: =PerformanceSheet!H14 | K69: =PerformanceSheet!I14
C71: Total | D71: =PerformanceSheet!B16 -> 0

Sheet Historical Demand
B1: 7 | C1: 1 | D1: 2 | E1: 3 | F1: 4
A2: Period | B2: Date | C2: Product A | D2: Product B | E2: Product C | F2: Product D
A3: Period -23 | B3: 42005 | C3: 384 | D3: 232 | E3: 80 | F3: 0 | I3: 1 | J3: 920 | K3: 540 | L3: 320 | N3: =SUM(J3:M3) -> 1780 | P3: 1 | Q3: =$G3*RANDBETWEEN(30,50)/100 -> 0 | R3: =$G3*RANDBETWEEN(20,30)/100 -> 0 | S3: =$G3*RANDBETWEEN(10,20)/100 -> 0 | U3: =U2+RANDBETWEEN(-2,4)*100 -> 0
A4: Period -22 | B4: 42036 | C4: 252 | D4: 196 | E4: 112 | F4: 0 | I4: 2 | J4: 1800 | K4: 1380 | L4: 1080 | N4: =SUM(J4:M4) -> 4260 | P4: 2 | Q4: =$G4*RANDBETWEEN(30,50)/100 -> 0 | R4: =$G4*RANDBETWEEN(20,30)/100 -> 0 | S4: =$G4*RANDBETWEEN(10,20)/100 -> 0 | U4: =U3+RANDBETWEEN(-2,4)*100 -> 400
A5: Period -21 | B5: 42064 | C5: 376 | D5: 224 | E5: 88 | F5: 0 | I5: 3 | J5: 2730 | K5: 1890 | L5: 1120 | N5: =SUM(J5:M5) -> 5740 | P5: 3 | Q5: =$G5*RANDBETWEEN(30,50)/100 -> 0 | R5: =$G5*RANDBETWEEN(20,30)/100 -> 0 | S5: =$G5*RANDBETWEEN(10,20)/100 -> 0 | U5: =U4+RANDBETWEEN(-2,4)*100 -> 200
A6: Period -20 | B6: 42095 | C6: 396 | D6: 220 | E6: 143 | F6: 0 | I6: 4 | J6: 4100 | K6: 2700 | L6: 1900 | N6: =SUM(J6:M6) -> 8700 | P6: 4 | Q6: =$G6*RANDBETWEEN(30,50)/100 -> 0 | R6: =$G6*RANDBETWEEN(20,30)/100 -> 0 | S6: =$G6*RANDBETWEEN(10,20)/100 -> 0 | U6: =U5+RANDBETWEEN(-2,4)*100 -> 600
A7: Period -19 | B7: 42125 | C7: 600 | D7: 300 | E7: 195 | F7: 0 | I7: 5 | J7: 4620 | K7: 3920 | L7: 2800 | N7: =SUM(J7:M7) -> 11340 | P7: 5 | Q7: =$G7*RANDBETWEEN(30,50)/100 -> 0 | R7: =$G7*RANDBETWEEN(20,30)/100 -> 0 | S7: =$G7*RANDBETWEEN(10,20)/100 -> 0 | U7: =U6+RANDBETWEEN(-2,4)*100 -> 600
A8: Period -18 | B8: 42156 | C8: 752 | D8: 448 | E8: 288 | F8: 0 | I8: 6 | J8: 6840 | K8: 4320 | L8: 2520 | N8: =SUM(J8:M8) -> 13680 | P8: 6 | Q8: =$G8*RANDBETWEEN(30,50)/100 -> 0 | R8: =$G8*RANDBETWEEN(20,30)/100 -> 0 | S8: =$G8*RANDBETWEEN(10,20)/100 -> 0 | U8: =U7+RANDBETWEEN(-2,4)*100 -> 900
A9: Period -17 | B9: 42186 | C9: 480 | D9: 432 | E9: 240 | F9: 0 | I9: 7 | J9: 8460 | K9: 3780 | L9: 1980 | N9: =SUM(J9:M9) -> 14220 | P9: 7 | Q9: =$G9*RANDBETWEEN(30,50)/100 -> 0 | R9: =$G9*RANDBETWEEN(20,30)/100 -> 0 | S9: =$G9*RANDBETWEEN(10,20)/100 -> 0 | U9: =U8+RANDBETWEEN(-2,4)*100 -> 1200
A10: Period -16 | B10: 42217 | C10: 594 | D10: 378 | E10: 252 | F10: 0 | I10: 8 | J10: 9030 | K10: 5040 | L10: 3150 | N10: =SUM(J10:M10) -> 17220 | P10: 8 | Q10: =$G10*RANDBETWEEN(30,50)/100 -> 0 | R10: =$G10*RANDBETWEEN(20,30)/100 -> 0 | S10: =$G10*RANDBETWEEN(10,20)/100 -> 0 | U10: =U9+RANDBETWEEN(-2,4)*100 -> 1000
A11: Period -15 | B11: 42248 | C11: 512 | D11: 448 | E11: 160 | F11: 0 | I11: 9 | J11: 9450 | K11: 5880 | L11: 3570 | N11: =SUM(J11:M11) -> 18900 | P11: 9 | Q11: =$G11*RANDBETWEEN(30,50)/100 -> 0 | R11: =$G11*RANDBETWEEN(20,30)/100 -> 0 | S11: =$G11*RANDBETWEEN(10,20)/100 -> 0 | U11: =U10+RANDBETWEEN(-2,4)*100 -> 1400
A12: Period -14 | B12: 42278 | C12: 722 | D12: 570 | E12: 285 | F12: 0 | I12: 10 | J12: 5700 | K12: 5510 | L12: 2470 | N12: =SUM(J12:M12) -> 13680 | P12: 10 | Q12: =$G12*RANDBETWEEN(30,50)/100 -> 0 | R12: =$G12*RANDBETWEEN(20,30)/100 -> 0 | S12: =$G12*RANDBETWEEN(10,20)/100 -> 0 | U12: =U11+RANDBETWEEN(-2,4)*100 -> 1800
A13: Period -13 | B13: 42309 | C13: 629 | D13: 493 | E13: 306 | F13: 0 | I13: 11 | J13: 7030 | K13: 4750 | L13: 3610 | N13: =SUM(J13:M13) -> 15390 | P13: 11 | Q13: =$G13*RANDBETWEEN(30,50)/100 -> 0 | R13: =$G13*RANDBETWEEN(20,30)/100 -> 0 | S13: =$G13*RANDBETWEEN(10,20)/100 -> 0 | U13: =U12+RANDBETWEEN(-2,4)*100 -> 1900
A14: Period -12 | B14: 42339 | C14: 608 | D14: 494 | E14: 285 | F14: 0 | I14: 12 | J14: 6270 | K14: 3990 | L14: 2470 | N14: =SUM(J14:M14) -> 12730 | P14: 12 | Q14: =$G14*RANDBETWEEN(30,50)/100 -> 0 | R14: =$G14*RANDBETWEEN(20,30)/100 -> 0 | S14: =$G14*RANDBETWEEN(10,20)/100 -> 0 | U14: =U13+RANDBETWEEN(-2,4)*100 -> 1900
A15: Period -11 | B15: 42370 | C15: 770 | D15: 462 | E15: 286 | F15: 0 | I15: Period 1 | J15: 5100 | K15: 3740 | L15: 2720 | N15: =SUM(J15:M15) -> 11560 | P15: Period 1 | Q15: =$G15*RANDBETWEEN(30,50)/100 -> 0 | R15: =$G15*RANDBETWEEN(20,30)/100 -> 0 | S15: =$G15*RANDBETWEEN(10,20)/100 -> 0 | U15: =#REF!+RANDBETWEEN(-2,4)*100 -> #REF!
A16: Period -10 | B16: 42401 | C16: 798 | D16: 630 | E16: 378 | F16: 0 | I16: Period 2 | J16: 7200 | K16: 3520 | L16: 1600 | N16: =SUM(J16:M16) -> 12320 | P16: Period 2 | Q16: =$G16*RANDBETWEEN(30,50)/100 -> 0 | R16: =$G16*RANDBETWEEN(20,30)/100 -> 0 | S16: =$G16*RANDBETWEEN(10,20)/100 -> 0 | U16: =U15+RANDBETWEEN(-2,4)*100 -> #REF!
A17: Period -9 | B17: 42430 | C17: 777 | D17: 420 | E17: 210 | F17: 0 | I17: Period 3 | J17: 6840 | K17: 4940 | L17: 2660 | N17: =SUM(J17:M17) -> 14440 | P17: Period 3 | Q17: =$G17*RANDBETWEEN(30,50)/100 -> 0 | R17: =$G17*RANDBETWEEN(20,30)/100 -> 0 | S17: =$G17*RANDBETWEEN(10,20)/100 -> 0 | U17: =U16+RANDBETWEEN(-2,4)*100 -> #REF!
A18: Period -8 | B18: 42461 | C18: 700 | D18: 440 | E18: 380 | F18: 0 | I18: Period 4 | J18: 9030 | K18: 4410 | L18: 3780 | N18: =SUM(J18:M18) -> 17220 | P18: Period 4 | Q18: =$G18*RANDBETWEEN(30,50)/100 -> 0 | R18: =$G18*RANDBETWEEN(20,30)/100 -> 0 | S18: =$G18*RANDBETWEEN(10,20)/100 -> 0 | U18: =U17+RANDBETWEEN(-2,4)*100 -> #REF!
A19: Period -7 | B19: 42491 | C19: 741 | D19: 418 | E19: 285 | F19: 0 | I19: Period 5 | J19: 5700 | K19: 5700 | L19: 2850 | N19: =SUM(J19:M19) -> 14250 | P19: Period 5 | Q19: =$G19*RANDBETWEEN(30,50)/100 -> 0 | R19: =$G19*RANDBETWEEN(20,30)/100 -> 0 | S19: =$G19*RANDBETWEEN(10,20)/100 -> 0 | U19: =U18+RANDBETWEEN(-2,4)*100 -> #REF!
A20: Period -6 | B20: 42522 | C20: 782 | D20: 621 | E20: 276 | F20: 0 | I20: Period 6 | J20: 6660 | K20: 5400 | L20: 1800 | N20: =SUM(J20:M20) -> 13860 | P20: Period 6 | Q20: =$G20*RANDBETWEEN(30,50)/100 -> 0 | R20: =$G20*RANDBETWEEN(20,30)/100 -> 0 | S20: =$G20*RANDBETWEEN(10,20)/100 -> 0 | U20: =U19+RANDBETWEEN(-2,4)*100 -> #REF!
A21: Period -5 | B21: 42552 | C21: 816 | D21: 648 | E21: 384 | F21: 0 | I21: Period 7 | J21: 9900 | K21: 4840 | L21: 3960 | M21: 1980 | N21: =SUM(J21:M21) -> 20680 | P21: Period 7 | Q21: =$G21*RANDBETWEEN(30,50)/100 -> 0 | R21: =$G21*RANDBETWEEN(20,30)/100 -> 0 | S21: =$G21*RANDBETWEEN(10,20)/100 -> 0 | T21: =$G21*RANDBETWEEN(5,15)/100 -> 0 | U21: =U20+RANDBETWEEN(-2,4)*100 -> #REF!
A22: Period -4 | B22: 42583 | C22: 864 | D22: 504 | E22: 336 | F22: 312 | I22: Period 8 | J22: 12740 | K22: 7800 | L22: 4680 | M22: 3120 | N22: =SUM(J22:M22) -> 28340 | P22: Period 8 | Q22: =$G22*RANDBETWEEN(30,50)/100 -> 0 | R22: =$G22*RANDBETWEEN(20,30)/100 -> 0 | S22: =$G22*RANDBETWEEN(10,20)/100 -> 0 | T22: =$G22*RANDBETWEEN(5,15)/100 -> 0 | U22: =U21+RANDBETWEEN(-2,4)*100 -> #REF!
A23: Period -3 | B23: 42614 | C23: 1225 | D23: 650 | E23: 325 | F23: 200 | I23: Period 9 | J23: 9120 | K23: 5520 | L23: 4800 | M23: 1680 | N23: =SUM(J23:M23) -> 21120 | P23: Period 9 | Q23: =$G23*RANDBETWEEN(30,50)/100 -> 0 | R23: =$G23*RANDBETWEEN(20,30)/100 -> 0 | S23: =$G23*RANDBETWEEN(10,20)/100 -> 0 | T23: =$G23*RANDBETWEEN(5,15)/100 -> 0 | U23: =U22+RANDBETWEEN(-2,4)*100 -> #REF!
A24: Period -2 | B24: 42644 | C24: 1250 | D24: 550 | E24: 500 | F24: 225 | I24: Period 10 | J24: 9500 | K24: 6250 | L24: 3500 | M24: 1500 | N24: =SUM(J24:M24) -> 20750 | P24: Period 10 | Q24: =$G24*RANDBETWEEN(30,50)/100 -> 0 | R24: =$G24*RANDBETWEEN(20,30)/100 -> 0 | S24: =$G24*RANDBETWEEN(10,20)/100 -> 0 | T24: =$G24*RANDBETWEEN(5,15)/100 -> 0 | U24: =U23+RANDBETWEEN(-2,4)*100 -> #REF!
A25: Period -1 | B25: 42675 | C25: 870 | D25: 667 | E25: 435 | F25: 145 | I25: Period 11 | J25: 13230 | K25: 6750 | L25: 4050 | M25: 3240 | N25: =SUM(J25:M25) -> 27270 | P25: Period 11 | Q25: =$G25*RANDBETWEEN(30,50)/100 -> 0 | R25: =$G25*RANDBETWEEN(20,30)/100 -> 0 | S25: =$G25*RANDBETWEEN(10,20)/100 -> 0 | T25: =$G25*RANDBETWEEN(5,15)/100 -> 0 | U25: =U24+RANDBETWEEN(-2,4)*100 -> #REF!
A26: Period 0 | B26: 42705 | C26: 1026 | D26: 648 | E26: 432 | F26: 351 | I26: Period 12 | J26: 13050 | K26: 7250 | L26: 5800 | M26: 2900 | N26: =SUM(J26:M26) -> 29000 | P26: Period 12 | Q26: =$G26*RANDBETWEEN(30,50)/100 -> 0 | R26: =$G26*RANDBETWEEN(20,30)/100 -> 0 | S26: =$G26*RANDBETWEEN(10,20)/100 -> 0 | T26: =$G26*RANDBETWEEN(5,15)/100 -> 0 | U26: =U25+RANDBETWEEN(-2,4)*100 -> #REF!
A27: Period 1 | B27: 42736 | C27: =IF(ISBLANK(HLOOKUP($A27,'Decision Sheet'!$F$2:$Q$12,C$1+$B$1,FALSE)),"",HLOOKUP($A27,'Decision Sheet'!$F$2:$Q$12,C$1+$B$1,FALSE)) | D27: =IF(ISBLANK(HLOOKUP($A27,'Decision Sheet'!$F$2:$Q$12,D$1+$B$1,FALSE)),"",HLOOKUP($A27,'Decision Sheet'!$F$2:$Q$12,D$1+$B$1,FALSE)) | E27: =IF(ISBLANK(HLOOKUP($A27,'Decision Sheet'!$F$2:$Q$12,E$1+$B$1,FALSE)),"",HLOOKUP($A27,'Decision Sheet'!$F$2:$Q$12,E$1+$B$1,FALSE)) | F27: =IF(ISBLANK(HLOOKUP($A27,'Decision Sheet'!$F$2:$Q$12,F$1+$B$1,FALSE)),"",HLOOKUP($A27,'Decision Sheet'!$F$2:$Q$12,F$1+$B$1,FALSE)) | I27: =IF(ISBLANK('Decision Sheet'!H9),"",'Decision Sheet'!H9) | J27: =IF(ISBLANK('Decision Sheet'!I9),"",'Decision Sheet'!I9) | K27: =IF(ISBLANK('Decision Sheet'!J9),"",'Decision Sheet'!J9) | L27: =IF(ISBLANK('Decision Sheet'!K9),"",'Decision Sheet'!K9) | M27: =IF(ISBLANK('Decision Sheet'!L9),"",'Decision Sheet'!L9) | N27: =IF(ISBLANK('Decision Sheet'!M9),"",'Decision Sheet'!M9) | O27: =IF(ISBLANK('Decision Sheet'!N9),"",'Decision Sheet'!N9) | P27: =IF(ISBLANK('Decision Sheet'!O9),"",'Decision Sheet'!O9) | ... R27: =IF(ISBLANK('Decision Sheet'!Q9),"",'Decision Sheet'!Q9) | S27: =IF(ISBLANK('Decision Sheet'!R3),"",'Decision Sheet'!R3) | T27: =IF(ISBLANK('Decision Sheet'!S3),"",'Decision Sheet'!S3) | U27: =IF(ISBLANK('Decision Sheet'!T3),"",'Decision Sheet'!T3)
A28: Period 2 | B28: 42767 | C28: =IF(ISBLANK(HLOOKUP($A28,'Decision Sheet'!$F$2:$Q$12,C$1+$B$1,FALSE)),"",HLOOKUP($A28,'Decision Sheet'!$F$2:$Q$12,C$1+$B$1,FALSE)) | D28: =IF(ISBLANK(HLOOKUP($A28,'Decision Sheet'!$F$2:$Q$12,D$1+$B$1,FALSE)),"",HLOOKUP($A28,'Decision Sheet'!$F$2:$Q$12,D$1+$B$1,FALSE)) | E28: =IF(ISBLANK(HLOOKUP($A28,'Decision Sheet'!$F$2:$Q$12,E$1+$B$1,FALSE)),"",HLOOKUP($A28,'Decision Sheet'!$F$2:$Q$12,E$1+$B$1,FALSE)) | F28: =IF(ISBLANK(HLOOKUP($A28,'Decision Sheet'!$F$2:$Q$12,F$1+$B$1,FALSE)),"",HLOOKUP($A28,'Decision Sheet'!$F$2:$Q$12,F$1+$B$1,FALSE)) | I28: =IF(ISBLANK('Decision Sheet'!H10),"",'Decision Sheet'!H10) | J28: =IF(ISBLANK('Decision Sheet'!I10),"",'Decision Sheet'!I10) | K28: =IF(ISBLANK('Decision Sheet'!J10),"",'Decision Sheet'!J10) | L28: =IF(ISBLANK('Decision Sheet'!K10),"",'Decision Sheet'!K10) | M28: =IF(ISBLANK('Decision Sheet'!L10),"",'Decision Sheet'!L10) | N28: =IF(ISBLANK('Decision Sheet'!M10),"",'Decision Sheet'!M10) | O28: =IF(ISBLANK('Decision Sheet'!N10),"",'Decision Sheet'!N10) | P28: =IF(ISBLANK('Decision Sheet'!O10),"",'Decision Sheet'!O10) | ... R28: =IF(ISBLANK('Decision Sheet'!Q10),"",'Decision Sheet'!Q10) | S28: =IF(ISBLANK('Decision Sheet'!R4),"",'Decision Sheet'!R4) | T28: =IF(ISBLANK('Decision Sheet'!S4),"",'Decision Sheet'!S4) | U28: =IF(ISBLANK('Decision Sheet'!T4),"",'Decision Sheet'!T4)
A29: Period 3 | B29: 42795 | C29: =IF(ISBLANK(HLOOKUP($A29,'Decision Sheet'!$F$2:$Q$12,C$1+$B$1,FALSE)),"",HLOOKUP($A29,'Decision Sheet'!$F$2:$Q$12,C$1+$B$1,FALSE)) | D29: =IF(ISBLANK(HLOOKUP($A29,'Decision Sheet'!$F$2:$Q$12,D$1+$B$1,FALSE)),"",HLOOKUP($A29,'Decision Sheet'!$F$2:$Q$12,D$1+$B$1,FALSE)) | E29: =IF(ISBLANK(HLOOKUP($A29,'Decision Sheet'!$F$2:$Q$12,E$1+$B$1,FALSE)),"",HLOOKUP($A29,'Decision Sheet'!$F$2:$Q$12,E$1+$B$1,FALSE)) | F29: =IF(ISBLANK(HLOOKUP($A29,'Decision Sheet'!$F$2:$Q$12,F$1+$B$1,FALSE)),"",HLOOKUP($A29,'Decision Sheet'!$F$2:$Q$12,F$1+$B$1,FALSE)) | I29: =IF(ISBLANK('Decision Sheet'!H11),"",'Decision Sheet'!H11) | J29: =IF(ISBLANK('Decision Sheet'!I11),"",'Decision Sheet'!I11) | K29: =IF(ISBLANK('Decision Sheet'!J11),"",'Decision Sheet'!J11) | L29: =IF(ISBLANK('Decision Sheet'!K11),"",'Decision Sheet'!K11) | M29: =IF(ISBLANK('Decision Sheet'!L11),"",'Decision Sheet'!L11) | N29: =IF(ISBLANK('Decision Sheet'!M11),"",'Decision Sheet'!M11) | O29: =IF(ISBLANK('Decision Sheet'!N11),"",'Decision Sheet'!N11) | P29: =IF(ISBLANK('Decision Sheet'!O11),"",'Decision Sheet'!O11) | ... R29: =IF(ISBLANK('Decision Sheet'!Q11),"",'Decision Sheet'!Q11) | S29: =IF(ISBLANK('Decision Sheet'!R5),"",'Decision Sheet'!R5) | T29: =IF(ISBLANK('Decision Sheet'!S5),"",'Decision Sheet'!S5) | U29: =IF(ISBLANK('Decision Sheet'!T5),"",'Decision Sheet'!T5)
A30: Period 4 | B30: 42826 | C30: =IF(ISBLANK(HLOOKUP($A30,'Decision Sheet'!$F$2:$Q$12,C$1+$B$1,FALSE)),"",HLOOKUP($A30,'Decision Sheet'!$F$2:$Q$12,C$1+$B$1,FALSE)) | D30: =IF(ISBLANK(HLOOKUP($A30,'Decision Sheet'!$F$2:$Q$12,D$1+$B$1,FALSE)),"",HLOOKUP($A30,'Decision Sheet'!$F$2:$Q$12,D$1+$B$1,FALSE)) | E30: =IF(ISBLANK(HLOOKUP($A30,'Decision Sheet'!$F$2:$Q$12,E$1+$B$1,FALSE)),"",HLOOKUP($A30,'Decision Sheet'!$F$2:$Q$12,E$1+$B$1,FALSE)) | F30: =IF(ISBLANK(HLOOKUP($A30,'Decision Sheet'!$F$2:$Q$12,F$1+$B$1,FALSE)),"",HLOOKUP($A30,'Decision Sheet'!$F$2:$Q$12,F$1+$B$1,FALSE)) | I30: =IF(ISBLANK('Decision Sheet'!H12),"",'Decision Sheet'!H12) | J30: =IF(ISBLANK('Decision Sheet'!I12),"",'Decision Sheet'!I12) | K30: =IF(ISBLANK('Decision Sheet'!J12),"",'Decision Sheet'!J12) | L30: =IF(ISBLANK('Decision Sheet'!K12),"",'Decision Sheet'!K12) | M30: =IF(ISBLANK('Decision Sheet'!L12),"",'Decision Sheet'!L12) | N30: =IF(ISBLANK('Decision Sheet'!M12),"",'Decision Sheet'!M12) | O30: =IF(ISBLANK('Decision Sheet'!N12),"",'Decision Sheet'!N12) | P30: =IF(ISBLANK('Decision Sheet'!O12),"",'Decision Sheet'!O12) | ... R30: =IF(ISBLANK('Decision Sheet'!Q12),"",'Decision Sheet'!Q12) | S30: =IF(ISBLANK('Decision Sheet'!R6),"",'Decision Sheet'!R6) | T30: =IF(ISBLANK('Decision Sheet'!S6),"",'Decision Sheet'!S6) | U30: =IF(ISBLANK('Decision Sheet'!T6),"",'Decision Sheet'!T6)
A31: Period 5 | B31: 42856 | C31: =IF(ISBLANK(HLOOKUP($A31,'Decision Sheet'!$F$2:$Q$12,C$1+$B$1,FALSE)),"",HLOOKUP($A31,'Decision Sheet'!$F$2:$Q$12,C$1+$B$1,FALSE)) | D31: =IF(ISBLANK(HLOOKUP($A31,'Decision Sheet'!$F$2:$Q$12,D$1+$B$1,FALSE)),"",HLOOKUP($A31,'Decision Sheet'!$F$2:$Q$12,D$1+$B$1,FALSE)) | E31: =IF(ISBLANK(HLOOKUP($A31,'Decision Sheet'!$F$2:$Q$12,E$1+$B$1,FALSE)),"",HLOOKUP($A31,'Decision Sheet'!$F$2:$Q$12,E$1+$B$1,FALSE)) | F31: =IF(ISBLANK(HLOOKUP($A31,'Decision Sheet'!$F$2:$Q$12,F$1+$B$1,FALSE)),"",HLOOKUP($A31,'Decision Sheet'!$F$2:$Q$12,F$1+$B$1,FALSE)) | P31: Period 5 | Q31: =$G31*RANDBETWEEN(30,50)/100 -> 0 | R31: =$G31*RANDBETWEEN(20,30)/100 -> 0 | S31: =$G31*RANDBETWEEN(10,20)/100 -> 0 | T31: =$G31*RANDBETWEEN(5,15)/100 -> 0 | U31: =F32+RANDBETWEEN(-2,4)*100 -> #VALUE!
A32: Period 6 | B32: 42887 | C32: =IF(ISBLANK(HLOOKUP($A32,'Decision Sheet'!$F$2:$Q$12,C$1+$B$1,FALSE)),"",HLOOKUP($A32,'Decision Sheet'!$F$2:$Q$12,C$1+$B$1,FALSE)) | D32: =IF(ISBLANK(HLOOKUP($A32,'Decision Sheet'!$F$2:$Q$12,D$1+$B$1,FALSE)),"",HLOOKUP($A32,'Decision Sheet'!$F$2:$Q$12,D$1+$B$1,FALSE)) | E32: =IF(ISBLANK(HLOOKUP($A32,'Decision Sheet'!$F$2:$Q$12,E$1+$B$1,FALSE)),"",HLOOKUP($A32,'Decision Sheet'!$F$2:$Q$12,E$1+$B$1,FALSE)) | F32: =IF(ISBLANK(HLOOKUP($A32,'Decision Sheet'!$F$2:$Q$12,F$1+$B$1,FALSE)),"",HLOOKUP($A32,'Decision Sheet'!$F$2:$Q$12,F$1+$B$1,FALSE)) | P32: Period 6 | Q32: =$G32*RANDBETWEEN(30,50)/100 -> 0 | R32: =$G32*RANDBETWEEN(20,30)/100 -> 0 | S32: =$G32*RANDBETWEEN(10,20)/100 -> 0 | T32: =$G32*RANDBETWEEN(5,15)/100 -> 0 | U32: =U31+RANDBETWEEN(-2,4)*100 -> #VALUE!
A33: Period 7 | B33: 42917 | C33: =IF(ISBLANK(HLOOKUP($A33,'Decision Sheet'!$F$2:$Q$12,C$1+$B$1,FALSE)),"",HLOOKUP($A33,'Decision Sheet'!$F$2:$Q$12,C$1+$B$1,FALSE)) | D33: =IF(ISBLANK(HLOOKUP($A33,'Decision Sheet'!$F$2:$Q$12,D$1+$B$1,FALSE)),"",HLOOKUP($A33,'Decision Sheet'!$F$2:$Q$12,D$1+$B$1,FALSE)) | E33: =IF(ISBLANK(HLOOKUP($A33,'Decision Sheet'!$F$2:$Q$12,E$1+$B$1,FALSE)),"",HLOOKUP($A33,'Decision Sheet'!$F$2:$Q$12,E$1+$B$1,FALSE)) | F33: =IF(ISBLANK(HLOOKUP($A33,'Decision Sheet'!$F$2:$Q$12,F$1+$B$1,FALSE)),"",HLOOKUP($A33,'Decision Sheet'!$F$2:$Q$12,F$1+$B$1,FALSE)) | P33: Period 7 | Q33: =$G33*RANDBETWEEN(30,50)/100 -> 0 | R33: =$G33*RANDBETWEEN(20,30)/100 -> 0 | S33: =$G33*RANDBETWEEN(10,20)/100 -> 0 | T33: =$G33*RANDBETWEEN(5,15)/100 -> 0 | U33: =U32+RANDBETWEEN(-2,4)*100 -> #VALUE!
A34: Period 8 | B34: 42948 | C34: =IF(ISBLANK(HLOOKUP($A34,'Decision Sheet'!$F$2:$Q$12,C$1+$B$1,FALSE)),"",HLOOKUP($A34,'Decision Sheet'!$F$2:$Q$12,C$1+$B$1,FALSE)) | D34: =IF(ISBLANK(HLOOKUP($A34,'Decision Sheet'!$F$2:$Q$12,D$1+$B$1,FALSE)),"",HLOOKUP($A34,'Decision Sheet'!$F$2:$Q$12,D$1+$B$1,FALSE)) | E34: =IF(ISBLANK(HLOOKUP($A34,'Decision Sheet'!$F$2:$Q$12,E$1+$B$1,FALSE)),"",HLOOKUP($A34,'Decision Sheet'!$F$2:$Q$12,E$1+$B$1,FALSE)) | F34: =IF(ISBLANK(HLOOKUP($A34,'Decision Sheet'!$F$2:$Q$12,F$1+$B$1,FALSE)),"",HLOOKUP($A34,'Decision Sheet'!$F$2:$Q$12,F$1+$B$1,FALSE)) | P34: Period 8 | Q34: =$G34*RANDBETWEEN(30,50)/100 -> 0 | R34: =$G34*RANDBETWEEN(20,30)/100 -> 0 | S34: =$G34*RANDBETWEEN(10,20)/100 -> 0 | T34: =$G34*RANDBETWEEN(5,15)/100 -> 0 | U34: =U33+RANDBETWEEN(-2,4)*100 -> #VALUE!
A35: Period 9 | B35: 42979 | C35: =IF(ISBLANK(HLOOKUP($A35,'Decision Sheet'!$F$2:$Q$12,C$1+$B$1,FALSE)),"",HLOOKUP($A35,'Decision Sheet'!$F$2:$Q$12,C$1+$B$1,FALSE)) | D35: =IF(ISBLANK(HLOOKUP($A35,'Decision Sheet'!$F$2:$Q$12,D$1+$B$1,FALSE)),"",HLOOKUP($A35,'Decision Sheet'!$F$2:$Q$12,D$1+$B$1,FALSE)) | E35: =IF(ISBLANK(HLOOKUP($A35,'Decision Sheet'!$F$2:$Q$12,E$1+$B$1,FALSE)),"",HLOOKUP($A35,'Decision Sheet'!$F$2:$Q$12,E$1+$B$1,FALSE)) | F35: =IF(ISBLANK(HLOOKUP($A35,'Decision Sheet'!$F$2:$Q$12,F$1+$B$1,FALSE)),"",HLOOKUP($A35,'Decision Sheet'!$F$2:$Q$12,F$1+$B$1,FALSE)) | P35: Period 9 | Q35: =$G35*RANDBETWEEN(30,50)/100 -> 0 | R35: =$G35*RANDBETWEEN(20,30)/100 -> 0 | S35: =$G35*RANDBETWEEN(10,20)/100 -> 0 | T35: =$G35*RANDBETWEEN(5,15)/100 -> 0 | U35: =U34+RANDBETWEEN(-2,4)*100 -> #VALUE!
A36: Period 10 | B36: 43009 | C36: =IF(ISBLANK(HLOOKUP($A36,'Decision Sheet'!$F$2:$Q$12,C$1+$B$1,FALSE)),"",HLOOKUP($A36,'Decision Sheet'!$F$2:$Q$12,C$1+$B$1,FALSE)) | D36: =IF(ISBLANK(HLOOKUP($A36,'Decision Sheet'!$F$2:$Q$12,D$1+$B$1,FALSE)),"",HLOOKUP($A36,'Decision Sheet'!$F$2:$Q$12,D$1+$B$1,FALSE)) | E36: =IF(ISBLANK(HLOOKUP($A36,'Decision Sheet'!$F$2:$Q$12,E$1+$B$1,FALSE)),"",HLOOKUP($A36,'Decision Sheet'!$F$2:$Q$12,E$1+$B$1,FALSE)) | F36: =IF(ISBLANK(HLOOKUP($A36,'Decision Sheet'!$F$2:$Q$12,F$1+$B$1,FALSE)),"",HLOOKUP($A36,'Decision Sheet'!$F$2:$Q$12,F$1+$B$1,FALSE)) | P36: Period 10 | Q36: =$G36*RANDBETWEEN(30,50)/100 -> 0 | R36: =$G36*RANDBETWEEN(20,30)/100 -> 0 | S36: =$G36*RANDBETWEEN(10,20)/100 -> 0 | T36: =$G36*RANDBETWEEN(5,15)/100 -> 0 | U36: =U35+RANDBETWEEN(-2,4)*100 -> #VALUE!
A37: Period 11 | B37: 43040 | C37: =IF(ISBLANK(HLOOKUP($A37,'Decision Sheet'!$F$2:$Q$12,C$1+$B$1,FALSE)),"",HLOOKUP($A37,'Decision Sheet'!$F$2:$Q$12,C$1+$B$1,FALSE)) | D37: =IF(ISBLANK(HLOOKUP($A37,'Decision Sheet'!$F$2:$Q$12,D$1+$B$1,FALSE)),"",HLOOKUP($A37,'Decision Sheet'!$F$2:$Q$12,D$1+$B$1,FALSE)) | E37: =IF(ISBLANK(HLOOKUP($A37,'Decision Sheet'!$F$2:$Q$12,E$1+$B$1,FALSE)),"",HLOOKUP($A37,'Decision Sheet'!$F$2:$Q$12,E$1+$B$1,FALSE)) | F37: =IF(ISBLANK(HLOOKUP($A37,'Decision Sheet'!$F$2:$Q$12,F$1+$B$1,FALSE)),"",HLOOKUP($A37,'Decision Sheet'!$F$2:$Q$12,F$1+$B$1,FALSE)) | P37: Period 11 | Q37: =$G37*RANDBETWEEN(30,50)/100 -> 0 | R37: =$G37*RANDBETWEEN(20,30)/100 -> 0 | S37: =$G37*RANDBETWEEN(10,20)/100 -> 0 | T37: =$G37*RANDBETWEEN(5,15)/100 -> 0 | U37: =U36+RANDBETWEEN(-2,4)*100 -> #VALUE!
A38: Period 12 | B38: 43070 | C38: =IF(ISBLANK(HLOOKUP($A38,'Decision Sheet'!$F$2:$Q$12,C$1+$B$1,FALSE)),"",HLOOKUP($A38,'Decision Sheet'!$F$2:$Q$12,C$1+$B$1,FALSE)) | D38: =IF(ISBLANK(HLOOKUP($A38,'Decision Sheet'!$F$2:$Q$12,D$1+$B$1,FALSE)),"",HLOOKUP($A38,'Decision Sheet'!$F$2:$Q$12,D$1+$B$1,FALSE)) | E38: =IF(ISBLANK(HLOOKUP($A38,'Decision Sheet'!$F$2:$Q$12,E$1+$B$1,FALSE)),"",HLOOKUP($A38,'Decision Sheet'!$F$2:$Q$12,E$1+$B$1,FALSE)) | F38: =IF(ISBLANK(HLOOKUP($A38,'Decision Sheet'!$F$2:$Q$12,F$1+$B$1,FALSE)),"",HLOOKUP($A38,'Decision Sheet'!$F$2:$Q$12,F$1+$B$1,FALSE)) | P38: Period 12 | Q38: =$G38*RANDBETWEEN(30,50)/100 -> 0 | R38: =$G38*RANDBETWEEN(20,30)/100 -> 0 | S38: =$G38*RANDBETWEEN(10,20)/100 -> 0 | T38: =$G38*RANDBETWEEN(5,15)/100 -> 0 | U38: =U37+RANDBETWEEN(-2,4)*100 -> #VALUE!
C39: Automatically Updates from Decision Sheet

Sheet PerformanceSheet
F1: Product A | G1: Product B | H1: Product C | I1: Product D | J1: Detailed Finances | K1: Product A | W1: Product B | AI1: Product C | AU1: Product D
A2: Period | B2: Total | C2: Supplier Fixed Costs | D2: Supplier Period Costs | E2: Period Adjustments | F2: Net | G2: Net | H2: Net | I2: Net | K2: Ending Inventory | L2: Units Purchased | M2: Price (cost) | N2: Purchasing Expenditures | O2: ICC | P2: Sales (units) | Q2: Price(sale) | R2: Manufacturing Cost | S2: Revenue | T2: Inventory Expenses | U2: Manufacturing Expenses (COGS Labor only) | V2: Unfulfilled Demand Penalty | W2: Ending Inventory | X2: Units Purchased | Y2: Price (cost) | Z2: Purchasing Expenditures | AA2: ICC | AB2: Sales (units) | AC2: Price(sale) | AD2: Manufacturing Cost | AE2: Revenue | AF2: Inventory Expenses | AG2: Manufacturing Expenses (COGS Labor only) | AH2: Unfulfilled Demand Penalty | AI2: Ending Inventory | AJ2: Units Purchased | AK2: Price (cost) | AL2: Purchasing Expenditures | AM2: ICC | AN2: Sales (units) | AO2: Price(sale) | AP2: Manufacturing Cost | AQ2: Revenue | AR2: Inventory Expenses | AS2: Manufacturing Expenses (COGS Labor only) | AT2: Unfulfilled Demand Penalty | AU2: Ending Inventory | AV2: Units Purchased | AW2: Price (cost) | AX2: Purchasing Expenditures | AY2: ICC | AZ2: Sales (units) | BA2: Price(sale) | BB2: Manufacturing Cost | BC2: Revenue | BD2: Inventory Expenses | BE2: Manufacturing Expenses (COGS Labor only) | BF2: Unfulfilled Demand Penalty
A3: 1 | B3: =IFERROR(F3+C3+D3+E3+G3+H3+I3,"") | C3: ='Supplier Management Sheet'!P47 -> 0 | D3: ='Supplier Management Sheet'!P32 -> 0 | E3: 0 | F3: =IFERROR(S3-T3-U3-V3,"") | G3: =IFERROR(AE3-AF3-AG3-AH3,"") | H3: =IFERROR(AQ3-AR3-AS3-AT3,"") | I3: =IFERROR(BC3-BD3-BE3-BF3,"") | K3: ='Product A Inventory Sheet'!J9 | L3: =IFERROR('Product A Inventory Sheet'!K9+'Product A Inventory Sheet'!K8+'Product A Inventory Sheet'!K7,"") | M3: ='Product Pricing Sheet'!C4+'Product Pricing Sheet'!D4 -> #VALUE! | N3: =IFERROR(L3*M3,"") | O3: =IFERROR(M3*K3*'Product Pricing Sheet'!G4,"") | P3: ='Product A Inventory Sheet'!H9 | Q3: ='Product Pricing Sheet'!F4 -> 15 | R3: ='Product Pricing Sheet'!E4 -> 5 | S3: =Q3*P3 -> #VALUE! | T3: =IFERROR(L3+O3,) -> 0 | U3: =R3*P3 -> #VALUE! | V3: ='Product A Inventory Sheet'!I9*5 -> #VALUE! | W3: ='Product B Inventory Sheet'!$J9 | X3: ='Product B Inventory Sheet'!$K9+'Product B Inventory Sheet'!$K8+'Product B Inventory Sheet'!$K7 -> #VALUE! | Y3: ='Product Pricing Sheet'!$C20+'Product Pricing Sheet'!$D20 -> #VALUE! | Z3: =IFERROR(X3*Y3,"") | AA3: =IFERROR(Y3*W3*'Product Pricing Sheet'!$G20,"") | AB3: ='Product B Inventory Sheet'!$H9 | AC3: ='Product Pricing Sheet'!$F20 -> 15 | AD3: ='Product Pricing Sheet'!$E20 -> 5 | AE3: =AC3*AB3 -> #VALUE! | AF3: =IFERROR(X3+AA3,) -> 0 | AG3: =AD3*AB3 -> #VALUE! | AH3: ='Product B Inventory Sheet'!I9*5 -> #VALUE! | AI3: ='Product C Inventory Sheet'!$J9 | AJ3: ='Product C Inventory Sheet'!$K9+'Product C Inventory Sheet'!$K8+'Product C Inventory Sheet'!$K7 -> #VALUE! | AK3: ='Product Pricing Sheet'!$C36+'Product Pricing Sheet'!$D36 -> #VALUE! | AL3: =IFERROR(AJ3*AK3,"") | AM3: =IFERROR(AK3*AI3*'Product Pricing Sheet'!$G36,"") | AN3: ='Product C Inventory Sheet'!$H9 | AO3: ='Product Pricing Sheet'!$F36 -> 15 | AP3: ='Product Pricing Sheet'!$E36 -> 5 | AQ3: =AO3*AN3 -> #VALUE! | AR3: =IFERROR(AJ3+AM3,) -> 0 | AS3: =AP3*AN3 -> #VALUE! | AT3: ='Product C Inventory Sheet'!I9*5 -> #VALUE! | AU3: ='Product D Inventory Sheet'!$J9 | AV3: ='Product D Inventory Sheet'!$K9+'Product D Inventory Sheet'!$K8+'Product D Inventory Sheet'!$K7 -> #VALUE! | AW3: ='Product Pricing Sheet'!$C52+'Product Pricing Sheet'!$D52 -> #VALUE! | AX3: =IFERROR(AV3*AW3,"") | AY3: =IFERROR(AW3*AU3*'Product Pricing Sheet'!$G52,"") | AZ3: ='Product D Inventory Sheet'!$H9 | BA3: ='Product Pricing Sheet'!$F52 -> 40 | BB3: ='Product Pricing Sheet'!$E52 -> 10 | BC3: =BA3*AZ3 -> #VALUE! | BD3: =IFERROR(AV3+AY3,) -> 0 | BE3: =BB3*AZ3 -> #VALUE! | BF3: ='Product D Inventory Sheet'!I9*5 -> #VALUE!
A4: 2 | B4: =IFERROR(F4+C4+D4+E4+G4+H4+I4,"") | C4: ='Supplier Management Sheet'!P48 -> 0 | D4: ='Supplier Management Sheet'!P33 -> 0 | E4: 0 | F4: =IFERROR(S4-T4-U4-V4,"") | G4: =IFERROR(AE4-AF4-AG4-AH4,"") | H4: =IFERROR(AQ4-AR4-AS4-AT4,"") | I4: =IFERROR(BC4-BD4-BE4-BF4,"") | K4: ='Product A Inventory Sheet'!J10 | L4: ='Product A Inventory Sheet'!K10 | M4: ='Product Pricing Sheet'!C5+'Product Pricing Sheet'!D5 -> #VALUE! | N4: =IFERROR(L4*M4,"") | O4: =IFERROR(M4*K4*'Product Pricing Sheet'!G5,"") | P4: ='Product A Inventory Sheet'!H10 | Q4: ='Product Pricing Sheet'!F5 -> 15 | R4: ='Product Pricing Sheet'!E5 -> 5 | S4: =Q4*P4 -> #VALUE! | T4: =IFERROR(L4+O4,) -> 0 | U4: =R4*P4 -> #VALUE! | V4: ='Product A Inventory Sheet'!I10*5 -> #VALUE! | W4: ='Product B Inventory Sheet'!$J10 | X4: ='Product B Inventory Sheet'!$K10+'Product B Inventory Sheet'!$K9+'Product B Inventory Sheet'!$K8 -> #VALUE! | Y4: ='Product Pricing Sheet'!$C21+'Product Pricing Sheet'!$D21 -> #VALUE! | Z4: =IFERROR(X4*Y4,"") | AA4: =IFERROR(Y4*W4*'Product Pricing Sheet'!$G21,"") | AB4: ='Product B Inventory Sheet'!$H10 | AC4: ='Product Pricing Sheet'!$F21 -> 15 | AD4: ='Product Pricing Sheet'!$E21 -> 5 | AE4: =AC4*AB4 -> #VALUE! | AF4: =IFERROR(X4+AA4,) -> 0 | AG4: =AD4*AB4 -> #VALUE! | AH4: ='Product B Inventory Sheet'!I10*5 -> #VALUE! | AI4: ='Product C Inventory Sheet'!$J10 | AJ4: ='Product C Inventory Sheet'!$K10+'Product C Inventory Sheet'!$K9+'Product C Inventory Sheet'!$K8 -> #VALUE! | AK4: ='Product Pricing Sheet'!$C37+'Product Pricing Sheet'!$D37 -> #VALUE! | AL4: =IFERROR(AJ4*AK4,"") | AM4: =IFERROR(AK4*AI4*'Product Pricing Sheet'!$G37,"") | AN4: ='Product C Inventory Sheet'!$H10 | AO4: ='Product Pricing Sheet'!$F37 -> 15 | AP4: ='Product Pricing Sheet'!$E37 -> 5 | AQ4: =AO4*AN4 -> #VALUE! | AR4: =IFERROR(AJ4+AM4,) -> 0 | AS4: =AP4*AN4 -> #VALUE! | AT4: ='Product C Inventory Sheet'!I10*5 -> #VALUE! | AU4: ='Product D Inventory Sheet'!$J10 | AV4: ='Product D Inventory Sheet'!$K10+'Product D Inventory Sheet'!$K9+'Product D Inventory Sheet'!$K8 -> #VALUE! | AW4: ='Product Pricing Sheet'!$C53+'Product Pricing Sheet'!$D53 -> #VALUE! | AX4: =IFERROR(AV4*AW4,"") | AY4: =IFERROR(AW4*AU4*'Product Pricing Sheet'!$G53,"") | AZ4: ='Product D Inventory Sheet'!$H10 | BA4: ='Product Pricing Sheet'!$F53 -> 40 | BB4: ='Product Pricing Sheet'!$E53 -> 10 | BC4: =BA4*AZ4 -> #VALUE! | BD4: =IFERROR(AV4+AY4,) -> 0 | BE4: =BB4*AZ4 -> #VALUE! | BF4: ='Product D Inventory Sheet'!I10*5 -> #VALUE!
A5: 3 | B5: =IFERROR(F5+C5+D5+E5+G5+H5+I5,"") | C5: ='Supplier Management Sheet'!P49 -> 0 | D5: ='Supplier Management Sheet'!P34 -> 0 | E5: 0 | F5: =IFERROR(S5-T5-U5-V5,"") | G5: =IFERROR(AE5-AF5-AG5-AH5,"") | H5: =IFERROR(AQ5-AR5-AS5-AT5,"") | I5: =IFERROR(BC5-BD5-BE5-BF5,"") | K5: ='Product A Inventory Sheet'!J11 | L5: ='Product A Inventory Sheet'!K11 | M5: ='Product Pricing Sheet'!C6+'Product Pricing Sheet'!D6 -> #VALUE! | N5: =IFERROR(L5*M5,"") | O5: =IFERROR(M5*K5*'Product Pricing Sheet'!G6,"") | P5: ='Product A Inventory Sheet'!H11 | Q5: ='Product Pricing Sheet'!F6 -> 15 | R5: ='Product Pricing Sheet'!E6 -> 5 | S5: =Q5*P5 -> #VALUE! | T5: =IFERROR(L5+O5,) -> 0 | U5: =R5*P5 -> #VALUE! | V5: ='Product A Inventory Sheet'!I11*5 -> #VALUE! | W5: ='Product B Inventory Sheet'!$J11 | X5: ='Product B Inventory Sheet'!$K11+'Product B Inventory Sheet'!$K10+'Product B Inventory Sheet'!$K9 -> #VALUE! | Y5: ='Product Pricing Sheet'!$C22+'Product Pricing Sheet'!$D22 -> #VALUE! | Z5: =IFERROR(X5*Y5,"") | AA5: =IFERROR(Y5*W5*'Product Pricing Sheet'!$G22,"") | AB5: ='Product B Inventory Sheet'!$H11 | AC5: ='Product Pricing Sheet'!$F22 -> 15 | AD5: ='Product Pricing Sheet'!$E22 -> 5 | AE5: =AC5*AB5 -> #VALUE! | AF5: =IFERROR(X5+AA5,) -> 0 | AG5: =AD5*AB5 -> #VALUE! | AH5: ='Product B Inventory Sheet'!I11*5 -> #VALUE! | AI5: ='Product C Inventory Sheet'!$J11 | AJ5: ='Product C Inventory Sheet'!$K11+'Product C Inventory Sheet'!$K10+'Product C Inventory Sheet'!$K9 -> #VALUE! | AK5: ='Product Pricing Sheet'!$C38+'Product Pricing Sheet'!$D38 -> #VALUE! | AL5: =IFERROR(AJ5*AK5,"") | AM5: =IFERROR(AK5*AI5*'Product Pricing Sheet'!$G38,"") | AN5: ='Product C Inventory Sheet'!$H11 | AO5: ='Product Pricing Sheet'!$F38 -> 15 | AP5: ='Product Pricing Sheet'!$E38 -> 5 | AQ5: =AO5*AN5 -> #VALUE! | AR5: =IFERROR(AJ5+AM5,) -> 0 | AS5: =AP5*AN5 -> #VALUE! | AT5: ='Product C Inventory Sheet'!I11*5 -> #VALUE! | AU5: ='Product D Inventory Sheet'!$J11 | AV5: ='Product D Inventory Sheet'!$K11+'Product D Inventory Sheet'!$K10+'Product D Inventory Sheet'!$K9 -> #VALUE! | AW5: ='Product Pricing Sheet'!$C54+'Product Pricing Sheet'!$D54 -> #VALUE! | AX5: =IFERROR(AV5*AW5,"") | AY5: =IFERROR(AW5*AU5*'Product Pricing Sheet'!$G54,"") | AZ5: ='Product D Inventory Sheet'!$H11 | BA5: ='Product Pricing Sheet'!$F54 -> 40 | BB5: ='Product Pricing Sheet'!$E54 -> 10 | BC5: =BA5*AZ5 -> #VALUE! | BD5: =IFERROR(AV5+AY5,) -> 0 | BE5: =BB5*AZ5 -> #VALUE! | BF5: ='Product D Inventory Sheet'!I11*5 -> #VALUE!
A6: 4 | B6: =IFERROR(F6+C6+D6+E6+G6+H6+I6,"") | C6: ='Supplier Management Sheet'!P50 -> 0 | D6: ='Supplier Management Sheet'!P35 -> 0 | E6: 0 | F6: =IFERROR(S6-T6-U6-V6,"") | G6: =IFERROR(AE6-AF6-AG6-AH6,"") | H6: =IFERROR(AQ6-AR6-AS6-AT6,"") | I6: =IFERROR(BC6-BD6-BE6-BF6,"") | K6: ='Product A Inventory Sheet'!J12 | L6: ='Product A Inventory Sheet'!K12 | M6: ='Product Pricing Sheet'!C7+'Product Pricing Sheet'!D7 -> #VALUE! | N6: =IFERROR(L6*M6,"") | O6: =IFERROR(M6*K6*'Product Pricing Sheet'!G7,"") | P6: ='Product A Inventory Sheet'!H12 | Q6: ='Product Pricing Sheet'!F7 -> 15 | R6: ='Product Pricing Sheet'!E7 -> 5 | S6: =Q6*P6 -> #VALUE! | T6: =IFERROR(L6+O6,) -> 0 | U6: =R6*P6 -> #VALUE! | V6: ='Product A Inventory Sheet'!I12*5 -> #VALUE! | W6: ='Product B Inventory Sheet'!$J12 | X6: ='Product B Inventory Sheet'!$K12+'Product B Inventory Sheet'!$K11+'Product B Inventory Sheet'!$K10 -> #VALUE! | Y6: ='Product Pricing Sheet'!$C23+'Product Pricing Sheet'!$D23 -> #VALUE! | Z6: =IFERROR(X6*Y6,"") | AA6: =IFERROR(Y6*W6*'Product Pricing Sheet'!$G23,"") | AB6: ='Product B Inventory Sheet'!$H12 | AC6: ='Product Pricing Sheet'!$F23 -> 15 | AD6: ='Product Pricing Sheet'!$E23 -> 5 | AE6: =AC6*AB6 -> #VALUE! | AF6: =IFERROR(X6+AA6,) -> 0 | AG6: =AD6*AB6 -> #VALUE! | AH6: ='Product B Inventory Sheet'!I12*5 -> #VALUE! | AI6: ='Product C Inventory Sheet'!$J12 | AJ6: ='Product C Inventory Sheet'!$K12+'Product C Inventory Sheet'!$K11+'Product C Inventory Sheet'!$K10 -> #VALUE! | AK6: ='Product Pricing Sheet'!$C39+'Product Pricing Sheet'!$D39 -> #VALUE! | AL6: =IFERROR(AJ6*AK6,"") | AM6: =IFERROR(AK6*AI6*'Product Pricing Sheet'!$G39,"") | AN6: ='Product C Inventory Sheet'!$H12 | AO6: ='Product Pricing Sheet'!$F39 -> 15 | AP6: ='Product Pricing Sheet'!$E39 -> 5 | AQ6: =AO6*AN6 -> #VALUE! | AR6: =IFERROR(AJ6+AM6,) -> 0 | AS6: =AP6*AN6 -> #VALUE! | AT6: ='Product C Inventory Sheet'!I12*5 -> #VALUE! | AU6: ='Product D Inventory Sheet'!$J12 | AV6: ='Product D Inventory Sheet'!$K12+'Product D Inventory Sheet'!$K11+'Product D Inventory Sheet'!$K10 -> #VALUE! | AW6: ='Product Pricing Sheet'!$C55+'Product Pricing Sheet'!$D55 -> #VALUE! | AX6: =IFERROR(AV6*AW6,"") | AY6: =IFERROR(AW6*AU6*'Product Pricing Sheet'!$G55,"") | AZ6: ='Product D Inventory Sheet'!$H12 | BA6: ='Product Pricing Sheet'!$F55 -> 40 | BB6: ='Product Pricing Sheet'!$E55 -> 10 | BC6: =BA6*AZ6 -> #VALUE! | BD6: =IFERROR(AV6+AY6,) -> 0 | BE6: =BB6*AZ6 -> #VALUE! | BF6: ='Product D Inventory Sheet'!I12*5 -> #VALUE!
A7: 5 | B7: =IFERROR(F7+C7+D7+E7+G7+H7+I7,"") | C7: ='Supplier Management Sheet'!P51 -> 0 | D7: ='Supplier Management Sheet'!P36 -> 0 | E7: 0 | F7: =IFERROR(S7-T7-U7-V7,"") | G7: =IFERROR(AE7-AF7-AG7-AH7,"") | H7: =IFERROR(AQ7-AR7-AS7-AT7,"") | I7: =IFERROR(BC7-BD7-BE7-BF7,"") | K7: ='Product A Inventory Sheet'!J13 | L7: ='Product A Inventory Sheet'!K13 | M7: ='Product Pricing Sheet'!C8+'Product Pricing Sheet'!D8 -> #VALUE! | N7: =IFERROR(L7*M7,"") | O7: =IFERROR(M7*K7*'Product Pricing Sheet'!G8,"") | P7: ='Product A Inventory Sheet'!H13 | Q7: ='Product Pricing Sheet'!F8 -> 15 | R7: ='Product Pricing Sheet'!E8 -> 5 | S7: =Q7*P7 -> #VALUE! | T7: =IFERROR(L7+O7,) -> 0 | U7: =R7*P7 -> #VALUE! | V7: ='Product A Inventory Sheet'!I13*5 -> #VALUE! | W7: ='Product B Inventory Sheet'!$J13 | X7: ='Product B Inventory Sheet'!$K13+'Product B Inventory Sheet'!$K12+'Product B Inventory Sheet'!$K11 -> #VALUE! | Y7: ='Product Pricing Sheet'!$C24+'Product Pricing Sheet'!$D24 -> #VALUE! | Z7: =IFERROR(X7*Y7,"") | AA7: =IFERROR(Y7*W7*'Product Pricing Sheet'!$G24,"") | AB7: ='Product B Inventory Sheet'!$H13 | AC7: ='Product Pricing Sheet'!$F24 -> 15 | AD7: ='Product Pricing Sheet'!$E24 -> 5 | AE7: =AC7*AB7 -> #VALUE! | AF7: =IFERROR(X7+AA7,) -> 0 | AG7: =AD7*AB7 -> #VALUE! | AH7: ='Product B Inventory Sheet'!I13*5 -> #VALUE! | AI7: ='Product C Inventory Sheet'!$J13 | AJ7: ='Product C Inventory Sheet'!$K13+'Product C Inventory Sheet'!$K12+'Product C Inventory Sheet'!$K11 -> #VALUE! | AK7: ='Product Pricing Sheet'!$C40+'Product Pricing Sheet'!$D40 -> #VALUE! | AL7: =IFERROR(AJ7*AK7,"") | AM7: =IFERROR(AK7*AI7*'Product Pricing Sheet'!$G40,"") | AN7: ='Product C Inventory Sheet'!$H13 | AO7: ='Product Pricing Sheet'!$F40 -> 15 | AP7: ='Product Pricing Sheet'!$E40 -> 5 | AQ7: =AO7*AN7 -> #VALUE! | AR7: =IFERROR(AJ7+AM7,) -> 0 | AS7: =AP7*AN7 -> #VALUE! | AT7: ='Product C Inventory Sheet'!I13*5 -> #VALUE! | AU7: ='Product D Inventory Sheet'!$J13 | AV7: ='Product D Inventory Sheet'!$K13+'Product D Inventory Sheet'!$K12+'Product D Inventory Sheet'!$K11 -> #VALUE! | AW7: ='Product Pricing Sheet'!$C56+'Product Pricing Sheet'!$D56 -> #VALUE! | AX7: =IFERROR(AV7*AW7,"") | AY7: =IFERROR(AW7*AU7*'Product Pricing Sheet'!$G56,"") | AZ7: ='Product D Inventory Sheet'!$H13 | BA7: ='Product Pricing Sheet'!$F56 -> 40 | BB7: ='Product Pricing Sheet'!$E56 -> 10 | BC7: =BA7*AZ7 -> #VALUE! | BD7: =IFERROR(AV7+AY7,) -> 0 | BE7: =BB7*AZ7 -> #VALUE! | BF7: ='Product D Inventory Sheet'!I13*5 -> #VALUE!
A8: 6 | B8: =IFERROR(F8+C8+D8+E8+G8+H8+I8,"") | C8: ='Supplier Management Sheet'!P52 -> 0 | D8: ='Supplier Management Sheet'!P37 -> 0 | E8: 0 | F8: =IFERROR(S8-T8-U8-V8,"") | G8: =IFERROR(AE8-AF8-AG8-AH8,"") | H8: =IFERROR(AQ8-AR8-AS8-AT8,"") | I8: =IFERROR(BC8-BD8-BE8-BF8,"") | K8: ='Product A Inventory Sheet'!J14 | L8: ='Product A Inventory Sheet'!K14 | M8: ='Product Pricing Sheet'!C9+'Product Pricing Sheet'!D9 -> #VALUE! | N8: =IFERROR(L8*M8,"") | O8: =IFERROR(M8*K8*'Product Pricing Sheet'!G9,"") | P8: ='Product A Inventory Sheet'!H14 | Q8: ='Product Pricing Sheet'!F9 -> 15 | R8: ='Product Pricing Sheet'!E9 -> 5 | S8: =Q8*P8 -> #VALUE! | T8: =IFERROR(L8+O8,) -> 0 | U8: =R8*P8 -> #VALUE! | V8: ='Product A Inventory Sheet'!I14*5 -> #VALUE! | W8: ='Product B Inventory Sheet'!$J14 | X8: ='Product B Inventory Sheet'!$K14+'Product B Inventory Sheet'!$K13+'Product B Inventory Sheet'!$K12 -> #VALUE! | Y8: ='Product Pricing Sheet'!$C25+'Product Pricing Sheet'!$D25 -> #VALUE! | Z8: =IFERROR(X8*Y8,"") | AA8: =IFERROR(Y8*W8*'Product Pricing Sheet'!$G25,"") | AB8: ='Product B Inventory Sheet'!$H14 | AC8: ='Product Pricing Sheet'!$F25 -> 15 | AD8: ='Product Pricing Sheet'!$E25 -> 5 | AE8: =AC8*AB8 -> #VALUE! | AF8: =IFERROR(X8+AA8,) -> 0 | AG8: =AD8*AB8 -> #VALUE! | AH8: ='Product B Inventory Sheet'!I14*5 -> #VALUE! | AI8: ='Product C Inventory Sheet'!$J14 | AJ8: ='Product C Inventory Sheet'!$K14+'Product C Inventory Sheet'!$K13+'Product C Inventory Sheet'!$K12 -> #VALUE! | AK8: ='Product Pricing Sheet'!$C41+'Product Pricing Sheet'!$D41 -> #VALUE! | AL8: =IFERROR(AJ8*AK8,"") | AM8: =IFERROR(AK8*AI8*'Product Pricing Sheet'!$G41,"") | AN8: ='Product C Inventory Sheet'!$H14 | AO8: ='Product Pricing Sheet'!$F41 -> 15 | AP8: ='Product Pricing Sheet'!$E41 -> 5 | AQ8: =AO8*AN8 -> #VALUE! | AR8: =IFERROR(AJ8+AM8,) -> 0 | AS8: =AP8*AN8 -> #VALUE! | AT8: ='Product C Inventory Sheet'!I14*5 -> #VALUE! | AU8: ='Product D Inventory Sheet'!$J14 | AV8: ='Product D Inventory Sheet'!$K14+'Product D Inventory Sheet'!$K13+'Product D Inventory Sheet'!$K12 -> #VALUE! | AW8: ='Product Pricing Sheet'!$C57+'Product Pricing Sheet'!$D57 -> #VALUE! | AX8: =IFERROR(AV8*AW8,"") | AY8: =IFERROR(AW8*AU8*'Product Pricing Sheet'!$G57,"") | AZ8: ='Product D Inventory Sheet'!$H14 | BA8: ='Product Pricing Sheet'!$F57 -> 40 | BB8: ='Product Pricing Sheet'!$E57 -> 10 | BC8: =BA8*AZ8 -> #VALUE! | BD8: =IFERROR(AV8+AY8,) -> 0 | BE8: =BB8*AZ8 -> #VALUE! | BF8: ='Product D Inventory Sheet'!I14*5 -> #VALUE!
A9: 7 | B9: =IFERROR(F9+C9+D9+E9+G9+H9+I9,"") | C9: ='Supplier Management Sheet'!P53 -> 0 | D9: ='Supplier Management Sheet'!P38 -> 0 | E9: 0 | F9: =IFERROR(S9-T9-U9-V9,"") | G9: =IFERROR(AE9-AF9-AG9-AH9,"") | H9: =IFERROR(AQ9-AR9-AS9-AT9,"") | I9: =IFERROR(BC9-BD9-BE9-BF9,"") | K9: ='Product A Inventory Sheet'!J15 | L9: ='Product A Inventory Sheet'!K15 | M9: ='Product Pricing Sheet'!C10+'Product Pricing Sheet'!D10 -> #VALUE! | N9: =IFERROR(L9*M9,"") | O9: =IFERROR(M9*K9*'Product Pricing Sheet'!G10,"") | P9: ='Product A Inventory Sheet'!H15 | Q9: ='Product Pricing Sheet'!F10 -> 15 | R9: ='Product Pricing Sheet'!E10 -> 5 | S9: =Q9*P9 -> #VALUE! | T9: =IFERROR(L9+O9,) -> 0 | U9: =R9*P9 -> #VALUE! | V9: ='Product A Inventory Sheet'!I15*5 -> #VALUE! | W9: ='Product B Inventory Sheet'!$J15 | X9: ='Product B Inventory Sheet'!$K15+'Product B Inventory Sheet'!$K14+'Product B Inventory Sheet'!$K13 -> #VALUE! | Y9: ='Product Pricing Sheet'!$C26+'Product Pricing Sheet'!$D26 -> #VALUE! | Z9: =IFERROR(X9*Y9,"") | AA9: =IFERROR(Y9*W9*'Product Pricing Sheet'!$G26,"") | AB9: ='Product B Inventory Sheet'!$H15 | AC9: ='Product Pricing Sheet'!$F26 -> 15 | AD9: ='Product Pricing Sheet'!$E26 -> 5 | AE9: =AC9*AB9 -> #VALUE! | AF9: =IFERROR(X9+AA9,) -> 0 | AG9: =AD9*AB9 -> #VALUE! | AH9: ='Product B Inventory Sheet'!I15*5 -> #VALUE! | AI9: ='Product C Inventory Sheet'!$J15 | AJ9: ='Product C Inventory Sheet'!$K15+'Product C Inventory Sheet'!$K14+'Product C Inventory Sheet'!$K13 -> #VALUE! | AK9: ='Product Pricing Sheet'!$C42+'Product Pricing Sheet'!$D42 -> #VALUE! | AL9: =IFERROR(AJ9*AK9,"") | AM9: =IFERROR(AK9*AI9*'Product Pricing Sheet'!$G42,"") | AN9: ='Product C Inventory Sheet'!$H15 | AO9: ='Product Pricing Sheet'!$F42 -> 15 | AP9: ='Product Pricing Sheet'!$E42 -> 5 | AQ9: =AO9*AN9 -> #VALUE! | AR9: =IFERROR(AJ9+AM9,) -> 0 | AS9: =AP9*AN9 -> #VALUE! | AT9: ='Product C Inventory Sheet'!I15*5 -> #VALUE! | AU9: ='Product D Inventory Sheet'!$J15 | AV9: ='Product D Inventory Sheet'!$K15+'Product D Inventory Sheet'!$K14+'Product D Inventory Sheet'!$K13 -> #VALUE! | AW9: ='Product Pricing Sheet'!$C58+'Product Pricing Sheet'!$D58 -> #VALUE! | AX9: =IFERROR(AV9*AW9,"") | AY9: =IFERROR(AW9*AU9*'Product Pricing Sheet'!$G58,"") | AZ9: ='Product D Inventory Sheet'!$H15 | BA9: ='Product Pricing Sheet'!$F58 -> 40 | BB9: ='Product Pricing Sheet'!$E58 -> 10 | BC9: =BA9*AZ9 -> #VALUE! | BD9: =IFERROR(AV9+AY9,) -> 0 | BE9: =BB9*AZ9 -> #VALUE! | BF9: ='Product D Inventory Sheet'!I15*5 -> #VALUE!
A10: 8 | B10: =IFERROR(F10+C10+D10+E10+G10+H10+I10,"") | C10: ='Supplier Management Sheet'!P54 -> 0 | D10: ='Supplier Management Sheet'!P39 -> 0 | E10: 0 | F10: =IFERROR(S10-T10-U10-V10,"") | G10: =IFERROR(AE10-AF10-AG10-AH10,"") | H10: =IFERROR(AQ10-AR10-AS10-AT10,"") | I10: =IFERROR(BC10-BD10-BE10-BF10,"") | K10: ='Product A Inventory Sheet'!J16 | L10: ='Product A Inventory Sheet'!K16 | M10: ='Product Pricing Sheet'!C11+'Product Pricing Sheet'!D11 -> #VALUE! | N10: =IFERROR(L10*M10,"") | O10: =IFERROR(M10*K10*'Product Pricing Sheet'!G11,"") | P10: ='Product A Inventory Sheet'!H16 | Q10: ='Product Pricing Sheet'!F11 -> 15 | R10: ='Product Pricing Sheet'!E11 -> 5 | S10: =Q10*P10 -> #VALUE! | T10: =IFERROR(L10+O10,) -> 0 | U10: =R10*P10 -> #VALUE! | V10: ='Product A Inventory Sheet'!I16*5 -> #VALUE! | W10: ='Product B Inventory Sheet'!$J16 | X10: ='Product B Inventory Sheet'!$K16+'Product B Inventory Sheet'!$K15+'Product B Inventory Sheet'!$K14 -> #VALUE! | Y10: ='Product Pricing Sheet'!$C27+'Product Pricing Sheet'!$D27 -> #VALUE! | Z10: =IFERROR(X10*Y10,"") | AA10: =IFERROR(Y10*W10*'Product Pricing Sheet'!$G27,"") | AB10: ='Product B Inventory Sheet'!$H16 | AC10: ='Product Pricing Sheet'!$F27 -> 15 | AD10: ='Product Pricing Sheet'!$E27 -> 5 | AE10: =AC10*AB10 -> #VALUE! | AF10: =IFERROR(X10+AA10,) -> 0 | AG10: =AD10*AB10 -> #VALUE! | AH10: ='Product B Inventory Sheet'!I16*5 -> #VALUE! | AI10: ='Product C Inventory Sheet'!$J16 | AJ10: ='Product C Inventory Sheet'!$K16+'Product C Inventory Sheet'!$K15+'Product C Inventory Sheet'!$K14 -> #VALUE! | AK10: ='Product Pricing Sheet'!$C43+'Product Pricing Sheet'!$D43 -> #VALUE! | AL10: =IFERROR(AJ10*AK10,"") | AM10: =IFERROR(AK10*AI10*'Product Pricing Sheet'!$G43,"") | AN10: ='Product C Inventory Sheet'!$H16 | AO10: ='Product Pricing Sheet'!$F43 -> 15 | AP10: ='Product Pricing Sheet'!$E43 -> 5 | AQ10: =AO10*AN10 -> #VALUE! | AR10: =IFERROR(AJ10+AM10,) -> 0 | AS10: =AP10*AN10 -> #VALUE! | AT10: ='Product C Inventory Sheet'!I16*5 -> #VALUE! | AU10: ='Product D Inventory Sheet'!$J16 | AV10: ='Product D Inventory Sheet'!$K16+'Product D Inventory Sheet'!$K15+'Product D Inventory Sheet'!$K14 -> #VALUE! | AW10: ='Product Pricing Sheet'!$C59+'Product Pricing Sheet'!$D59 -> #VALUE! | AX10: =IFERROR(AV10*AW10,"") | AY10: =IFERROR(AW10*AU10*'Product Pricing Sheet'!$G59,"") | AZ10: ='Product D Inventory Sheet'!$H16 | BA10: ='Product Pricing Sheet'!$F59 -> 40 | BB10: ='Product Pricing Sheet'!$E59 -> 10 | BC10: =BA10*AZ10 -> #VALUE! | BD10: =IFERROR(AV10+AY10,) -> 0 | BE10: =BB10*AZ10 -> #VALUE! | BF10: ='Product D Inventory Sheet'!I16*5 -> #VALUE!
A11: 9 | B11: =IFERROR(F11+C11+D11+E11+G11+H11+I11,"") | C11: ='Supplier Management Sheet'!P55 -> 0 | D11: ='Supplier Management Sheet'!P40 -> 0 | E11: 0 | F11: =IFERROR(S11-T11-U11-V11,"") | G11: =IFERROR(AE11-AF11-AG11-AH11,"") | H11: =IFERROR(AQ11-AR11-AS11-AT11,"") | I11: =IFERROR(BC11-BD11-BE11-BF11,"") | K11: ='Product A Inventory Sheet'!J17 | L11: ='Product A Inventory Sheet'!K17 | M11: ='Product Pricing Sheet'!C12+'Product Pricing Sheet'!D12 -> #VALUE! | N11: =IFERROR(L11*M11,"") | O11: =IFERROR(M11*K11*'Product Pricing Sheet'!G12,"") | P11: ='Product A Inventory Sheet'!H17 | Q11: ='Product Pricing Sheet'!F12 -> 15 | R11: ='Product Pricing Sheet'!E12 -> 5 | S11: =Q11*P11 -> #VALUE! | T11: =IFERROR(L11+O11,) -> 0 | U11: =R11*P11 -> #VALUE! | V11: ='Product A Inventory Sheet'!I17*5 -> #VALUE! | W11: ='Product B Inventory Sheet'!$J17 | X11: ='Product B Inventory Sheet'!$K17+'Product B Inventory Sheet'!$K16+'Product B Inventory Sheet'!$K15 -> #VALUE! | Y11: ='Product Pricing Sheet'!$C28+'Product Pricing Sheet'!$D28 -> #VALUE! | Z11: =IFERROR(X11*Y11,"") | AA11: =IFERROR(Y11*W11*'Product Pricing Sheet'!$G28,"") | AB11: ='Product B Inventory Sheet'!$H17 | AC11: ='Product Pricing Sheet'!$F28 -> 15 | AD11: ='Product Pricing Sheet'!$E28 -> 5 | AE11: =AC11*AB11 -> #VALUE! | AF11: =IFERROR(X11+AA11,) -> 0 | AG11: =AD11*AB11 -> #VALUE! | AH11: ='Product B Inventory Sheet'!I17*5 -> #VALUE! | AI11: ='Product C Inventory Sheet'!$J17 | AJ11: ='Product C Inventory Sheet'!$K17+'Product C Inventory Sheet'!$K16+'Product C Inventory Sheet'!$K15 -> #VALUE! | AK11: ='Product Pricing Sheet'!$C44+'Product Pricing Sheet'!$D44 -> #VALUE! | AL11: =IFERROR(AJ11*AK11,"") | AM11: =IFERROR(AK11*AI11*'Product Pricing Sheet'!$G44,"") | AN11: ='Product C Inventory Sheet'!$H17 | AO11: ='Product Pricing Sheet'!$F44 -> 15 | AP11: ='Product Pricing Sheet'!$E44 -> 5 | AQ11: =AO11*AN11 -> #VALUE! | AR11: =IFERROR(AJ11+AM11,) -> 0 | AS11: =AP11*AN11 -> #VALUE! | AT11: ='Product C Inventory Sheet'!I17*5 -> #VALUE! | AU11: ='Product D Inventory Sheet'!$J17 | AV11: ='Product D Inventory Sheet'!$K17+'Product D Inventory Sheet'!$K16+'Product D Inventory Sheet'!$K15 -> #VALUE! | AW11: ='Product Pricing Sheet'!$C60+'Product Pricing Sheet'!$D60 -> #VALUE! | AX11: =IFERROR(AV11*AW11,"") | AY11: =IFERROR(AW11*AU11*'Product Pricing Sheet'!$G60,"") | AZ11: ='Product D Inventory Sheet'!$H17 | BA11: ='Product Pricing Sheet'!$F60 -> 40 | BB11: ='Product Pricing Sheet'!$E60 -> 10 | BC11: =BA11*AZ11 -> #VALUE! | BD11: =IFERROR(AV11+AY11,) -> 0 | BE11: =BB11*AZ11 -> #VALUE! | BF11: ='Product D Inventory Sheet'!I17*5 -> #VALUE!
A12: 10 | B12: =IFERROR(F12+C12+D12+E12+G12+H12+I12,"") | C12: ='Supplier Management Sheet'!P56 -> 0 | D12: ='Supplier Management Sheet'!P41 -> 0 | E12: 0 | F12: =IFERROR(S12-T12-U12-V12,"") | G12: =IFERROR(AE12-AF12-AG12-AH12,"") | H12: =IFERROR(AQ12-AR12-AS12-AT12,"") | I12: =IFERROR(BC12-BD12-BE12-BF12,"") | K12: ='Product A Inventory Sheet'!J18 | L12: ='Product A Inventory Sheet'!K18 | M12: ='Product Pricing Sheet'!C13+'Product Pricing Sheet'!D13 -> #VALUE! | N12: =IFERROR(L12*M12,"") | O12: =IFERROR(M12*K12*'Product Pricing Sheet'!G13,"") | P12: ='Product A Inventory Sheet'!H18 | Q12: ='Product Pricing Sheet'!F13 -> 15 | R12: ='Product Pricing Sheet'!E13 -> 5 | S12: =Q12*P12 -> #VALUE! | T12: =IFERROR(L12+O12,) -> 0 | U12: =R12*P12 -> #VALUE! | V12: ='Product A Inventory Sheet'!I18*5 -> #VALUE! | W12: ='Product B Inventory Sheet'!$J18 | X12: ='Product B Inventory Sheet'!$K18+'Product B Inventory Sheet'!$K17+'Product B Inventory Sheet'!$K16 -> #VALUE! | Y12: ='Product Pricing Sheet'!$C29+'Product Pricing Sheet'!$D29 -> #VALUE! | Z12: =IFERROR(X12*Y12,"") | AA12: =IFERROR(Y12*W12*'Product Pricing Sheet'!$G29,"") | AB12: ='Product B Inventory Sheet'!$H18 | AC12: ='Product Pricing Sheet'!$F29 -> 15 | AD12: ='Product Pricing Sheet'!$E29 -> 5 | AE12: =AC12*AB12 -> #VALUE! | AF12: =IFERROR(X12+AA12,) -> 0 | AG12: =AD12*AB12 -> #VALUE! | AH12: ='Product B Inventory Sheet'!I18*5 -> #VALUE! | AI12: ='Product C Inventory Sheet'!$J18 | AJ12: ='Product C Inventory Sheet'!$K18+'Product C Inventory Sheet'!$K17+'Product C Inventory Sheet'!$K16 -> #VALUE! | AK12: ='Product Pricing Sheet'!$C45+'Product Pricing Sheet'!$D45 -> #VALUE! | AL12: =IFERROR(AJ12*AK12,"") | AM12: =IFERROR(AK12*AI12*'Product Pricing Sheet'!$G45,"") | AN12: ='Product C Inventory Sheet'!$H18 | AO12: ='Product Pricing Sheet'!$F45 -> 15 | AP12: ='Product Pricing Sheet'!$E45 -> 5 | AQ12: =AO12*AN12 -> #VALUE! | AR12: =IFERROR(AJ12+AM12,) -> 0 | AS12: =AP12*AN12 -> #VALUE! | AT12: ='Product C Inventory Sheet'!I18*5 -> #VALUE! | AU12: ='Product D Inventory Sheet'!$J18 | AV12: ='Product D Inventory Sheet'!$K18+'Product D Inventory Sheet'!$K17+'Product D Inventory Sheet'!$K16 -> #VALUE! | AW12: ='Product Pricing Sheet'!$C61+'Product Pricing Sheet'!$D61 -> #VALUE! | AX12: =IFERROR(AV12*AW12,"") | AY12: =IFERROR(AW12*AU12*'Product Pricing Sheet'!$G61,"") | AZ12: ='Product D Inventory Sheet'!$H18 | BA12: ='Product Pricing Sheet'!$F61 -> 40 | BB12: ='Product Pricing Sheet'!$E61 -> 10 | BC12: =BA12*AZ12 -> #VALUE! | BD12: =IFERROR(AV12+AY12,) -> 0 | BE12: =BB12*AZ12 -> #VALUE! | BF12: ='Product D Inventory Sheet'!I18*5 -> #VALUE!
A13: 11 | B13: =IFERROR(F13+C13+D13+E13+G13+H13+I13,"") | C13: ='Supplier Management Sheet'!P57 -> 0 | D13: ='Supplier Management Sheet'!P42 -> 0 | E13: 0 | F13: =IFERROR(S13-T13-U13-V13,"") | G13: =IFERROR(AE13-AF13-AG13-AH13,"") | H13: =IFERROR(AQ13-AR13-AS13-AT13,"") | I13: =IFERROR(BC13-BD13-BE13-BF13,"") | K13: ='Product A Inventory Sheet'!J19 | L13: ='Product A Inventory Sheet'!K19 | M13: ='Product Pricing Sheet'!C14+'Product Pricing Sheet'!D14 -> #VALUE! | N13: =IFERROR(L13*M13,"") | O13: =IFERROR(M13*K13*'Product Pricing Sheet'!G14,"") | P13: ='Product A Inventory Sheet'!H19 | Q13: ='Product Pricing Sheet'!F14 -> 15 | R13: ='Product Pricing Sheet'!E14 -> 5 | S13: =Q13*P13 -> #VALUE! | T13: =IFERROR(L13+O13,) -> 0 | U13: =R13*P13 -> #VALUE! | V13: ='Product A Inventory Sheet'!I19*5 -> #VALUE! | W13: ='Product B Inventory Sheet'!$J19 | X13: ='Product B Inventory Sheet'!$K19+'Product B Inventory Sheet'!$K18+'Product B Inventory Sheet'!$K17 -> #VALUE! | Y13: ='Product Pricing Sheet'!$C30+'Product Pricing Sheet'!$D30 -> #VALUE! | Z13: =IFERROR(X13*Y13,"") | AA13: =IFERROR(Y13*W13*'Product Pricing Sheet'!$G30,"") | AB13: ='Product B Inventory Sheet'!$H19 | AC13: ='Product Pricing Sheet'!$F30 -> 15 | AD13: ='Product Pricing Sheet'!$E30 -> 5 | AE13: =AC13*AB13 -> #VALUE! | AF13: =IFERROR(X13+AA13,) -> 0 | AG13: =AD13*AB13 -> #VALUE! | AH13: ='Product B Inventory Sheet'!I19*5 -> #VALUE! | AI13: ='Product C Inventory Sheet'!$J19 | AJ13: ='Product C Inventory Sheet'!$K19+'Product C Inventory Sheet'!$K18+'Product C Inventory Sheet'!$K17 -> #VALUE! | AK13: ='Product Pricing Sheet'!$C46+'Product Pricing Sheet'!$D46 -> #VALUE! | AL13: =IFERROR(AJ13*AK13,"") | AM13: =IFERROR(AK13*AI13*'Product Pricing Sheet'!$G46,"") | AN13: ='Product C Inventory Sheet'!$H19 | AO13: ='Product Pricing Sheet'!$F46 -> 15 | AP13: ='Product Pricing Sheet'!$E46 -> 5 | AQ13: =AO13*AN13 -> #VALUE! | AR13: =IFERROR(AJ13+AM13,) -> 0 | AS13: =AP13*AN13 -> #VALUE! | AT13: ='Product C Inventory Sheet'!I19*5 -> #VALUE! | AU13: ='Product D Inventory Sheet'!$J19 | AV13: ='Product D Inventory Sheet'!$K19+'Product D Inventory Sheet'!$K18+'Product D Inventory Sheet'!$K17 -> #VALUE! | AW13: ='Product Pricing Sheet'!$C62+'Product Pricing Sheet'!$D62 -> #VALUE! | AX13: =IFERROR(AV13*AW13,"") | AY13: =IFERROR(AW13*AU13*'Product Pricing Sheet'!$G62,"") | AZ13: ='Product D Inventory Sheet'!$H19 | BA13: ='Product Pricing Sheet'!$F62 -> 40 | BB13: ='Product Pricing Sheet'!$E62 -> 10 | BC13: =BA13*AZ13 -> #VALUE! | BD13: =IFERROR(AV13+AY13,) -> 0 | BE13: =BB13*AZ13 -> #VALUE! | BF13: ='Product D Inventory Sheet'!I19*5 -> #VALUE!
A14: 12 | B14: =IFERROR(F14+C14+D14+E14+G14+H14+I14,"") | C14: ='Supplier Management Sheet'!P58 -> 0 | D14: ='Supplier Management Sheet'!P43 -> 0 | E14: 0 | F14: =IFERROR(S14-T14-U14-V14,"") | G14: =IFERROR(AE14-AF14-AG14-AH14,"") | H14: =IFERROR(AQ14-AR14-AS14-AT14,"") | I14: =IFERROR(BC14-BD14-BE14-BF14,"") | K14: ='Product A Inventory Sheet'!J20 | L14: ='Product A Inventory Sheet'!K20 | M14: ='Product Pricing Sheet'!C15+'Product Pricing Sheet'!D15 -> #VALUE! | N14: =IFERROR(L14*M14,"") | O14: =IFERROR(M14*K14*'Product Pricing Sheet'!G15,"") | P14: ='Product A Inventory Sheet'!H20 | Q14: ='Product Pricing Sheet'!F15 -> 15 | R14: ='Product Pricing Sheet'!E15 -> 5 | S14: =Q14*P14 -> #VALUE! | T14: =IFERROR(L14+O14,) -> 0 | U14: =R14*P14 -> #VALUE! | V14: ='Product A Inventory Sheet'!I20*5 -> #VALUE! | W14: ='Product B Inventory Sheet'!$J20 | X14: ='Product B Inventory Sheet'!$K20+'Product B Inventory Sheet'!$K19+'Product B Inventory Sheet'!$K18 -> #VALUE! | Y14: ='Product Pricing Sheet'!$C31+'Product Pricing Sheet'!$D31 -> #VALUE! | Z14: =IFERROR(X14*Y14,"") | AA14: =IFERROR(Y14*W14*'Product Pricing Sheet'!$G31,"") | AB14: ='Product B Inventory Sheet'!$H20 | AC14: ='Product Pricing Sheet'!$F31 -> 15 | AD14: ='Product Pricing Sheet'!$E31 -> 5 | AE14: =AC14*AB14 -> #VALUE! | AF14: =IFERROR(X14+AA14,) -> 0 | AG14: =AD14*AB14 -> #VALUE! | AH14: ='Product B Inventory Sheet'!I20*5 -> #VALUE! | AI14: ='Product C Inventory Sheet'!$J20 | AJ14: ='Product C Inventory Sheet'!$K20+'Product C Inventory Sheet'!$K19+'Product C Inventory Sheet'!$K18 -> #VALUE! | AK14: ='Product Pricing Sheet'!$C47+'Product Pricing Sheet'!$D47 -> #VALUE! | AL14: =IFERROR(AJ14*AK14,"") | AM14: =IFERROR(AK14*AI14*'Product Pricing Sheet'!$G47,"") | AN14: ='Product C Inventory Sheet'!$H20 | AO14: ='Product Pricing Sheet'!$F47 -> 15 | AP14: ='Product Pricing Sheet'!$E47 -> 5 | AQ14: =AO14*AN14 -> #VALUE! | AR14: =IFERROR(AJ14+AM14,) -> 0 | AS14: =AP14*AN14 -> #VALUE! | AT14: ='Product C Inventory Sheet'!I20*5 -> #VALUE! | AU14: ='Product D Inventory Sheet'!$J20 | AV14: ='Product D Inventory Sheet'!$K20+'Product D Inventory Sheet'!$K19+'Product D Inventory Sheet'!$K18 -> #VALUE! | AW14: ='Product Pricing Sheet'!$C63+'Product Pricing Sheet'!$D63 -> #VALUE! | AX14: =IFERROR(AV14*AW14,"") | AY14: =IFERROR(AW14*AU14*'Product Pricing Sheet'!$G63,"") | AZ14: ='Product D Inventory Sheet'!$H20 | BA14: ='Product Pricing Sheet'!$F63 -> 40 | BB14: ='Product Pricing Sheet'!$E63 -> 10 | BC14: =BA14*AZ14 -> #VALUE! | BD14: =IFERROR(AV14+AY14,) -> 0 | BE14: =BB14*AZ14 -> #VALUE! | BF14: ='Product D Inventory Sheet'!I20*5 -> #VALUE!
A16: Total | B16: =SUM(B3:B14) -> 0

Sheet Product A Inventory Sheet
A1: Event | B1: Fill in if an event occurs with a supplier for this product | J1: 25 | K1: 1
A2: Decision | B2: Decided Each Period (imported from Decision Sheet)
B3: Calculated Automatically
A5: Inventory Sheet
A6: Period | B6: Beginning Inventory | C6: Inventory Modifier | D6: Inventory Scheduled to Arrrive | E6: Inventory Received Modifier | F6: Demand | G6: Demand Modifier | H6: Fulfilled Demand | I6: Unfulfilled Demand | J6: Ending Inventory | K6: Orders Placed (Arrives T+2)
A7: ='Decision Sheet'!D2 -> Period -1 | B7: 0 | K7: =IF(ISBLANK(HLOOKUP($A7,'Decision Sheet'!$D$2:$Q$39,K$1+$J$1,FALSE)),"",HLOOKUP($A7,'Decision Sheet'!$D$2:$Q$39,K$1+$J$1,FALSE))
A8: ='Decision Sheet'!E2 -> Period 0 | B8: 0 | K8: =IF(ISBLANK(HLOOKUP($A8,'Decision Sheet'!$D$2:$Q$39,K$1+$J$1,FALSE)),"",HLOOKUP($A8,'Decision Sheet'!$D$2:$Q$39,K$1+$J$1,FALSE))
A9: ='Decision Sheet'!F2 -> Period 1 | B9: =J8 -> 0 | D9: =K7 | F9: ='Historical Demand'!C27 | H9: =IFERROR(MIN(F9*(1+G9),B9*(1+C9)+D9*(1+E9)),"") | I9: =IFERROR(F9*(1+G9)-H9,"") | J9: =IFERROR(B9*(1+C9)+D9*(1+E9)-H9,"") | K9: =IF(ISBLANK(HLOOKUP($A9,'Decision Sheet'!$D$2:$Q$39,K$1+$J$1,FALSE)),"",HLOOKUP($A9,'Decision Sheet'!$D$2:$Q$39,K$1+$J$1,FALSE))
A10: ='Decision Sheet'!G2 -> Period 2 | B10: =J9 | D10: =K8 | F10: ='Historical Demand'!C28 | H10: =IFERROR(MIN(F10*(1+G10),B10*(1+C10)+D10*(1+E10)),"") | I10: =IFERROR(F10*(1+G10)-H10,"") | J10: =IFERROR(B10*(1+C10)+D10*(1+E10)-H10,"") | K10: =IF(ISBLANK(HLOOKUP($A10,'Decision Sheet'!$D$2:$Q$39,K$1+$J$1,FALSE)),"",HLOOKUP($A10,'Decision Sheet'!$D$2:$Q$39,K$1+$J$1,FALSE))
A11: ='Decision Sheet'!H2 -> Period 3 | B11: =J10 | D11: =K9 | F11: ='Historical Demand'!C29 | H11: =IFERROR(MIN(F11*(1+G11),B11*(1+C11)+D11*(1+E11)),"") | I11: =IFERROR(F11*(1+G11)-H11,"") | J11: =IFERROR(B11*(1+C11)+D11*(1+E11)-H11,"") | K11: =IF(ISBLANK(HLOOKUP($A11,'Decision Sheet'!$D$2:$Q$39,K$1+$J$1,FALSE)),"",HLOOKUP($A11,'Decision Sheet'!$D$2:$Q$39,K$1+$J$1,FALSE))
A12: ='Decision Sheet'!I2 -> Period 4 | B12: =J11 | D12: =K10 | F12: ='Historical Demand'!C30 | H12: =IFERROR(MIN(F12*(1+G12),B12*(1+C12)+D12*(1+E12)),"") | I12: =IFERROR(F12*(1+G12)-H12,"") | J12: =IFERROR(B12*(1+C12)+D12*(1+E12)-H12,"") | K12: =IF(ISBLANK(HLOOKUP($A12,'Decision Sheet'!$D$2:$Q$39,K$1+$J$1,FALSE)),"",HLOOKUP($A12,'Decision Sheet'!$D$2:$Q$39,K$1+$J$1,FALSE))
A13: ='Decision Sheet'!J2 -> Period 5 | B13: =J12 | D13: =K11 | F13: ='Historical Demand'!C31 | H13: =IFERROR(MIN(F13*(1+G13),B13*(1+C13)+D13*(1+E13)),"") | I13: =IFERROR(F13*(1+G13)-H13,"") | J13: =IFERROR(B13*(1+C13)+D13*(1+E13)-H13,"") | K13: =IF(ISBLANK(HLOOKUP($A13,'Decision Sheet'!$D$2:$Q$39,K$1+$J$1,FALSE)),"",HLOOKUP($A13,'Decision Sheet'!$D$2:$Q$39,K$1+$J$1,FALSE))
A14: ='Decision Sheet'!K2 -> Period 6 | B14: =J13 | D14: =K12 | F14: ='Historical Demand'!C32 | H14: =IFERROR(MIN(F14*(1+G14),B14*(1+C14)+D14*(1+E14)),"") | I14: =IFERROR(F14*(1+G14)-H14,"") | J14: =IFERROR(B14*(1+C14)+D14*(1+E14)-H14,"") | K14: =IF(ISBLANK(HLOOKUP($A14,'Decision Sheet'!$D$2:$Q$39,K$1+$J$1,FALSE)),"",HLOOKUP($A14,'Decision Sheet'!$D$2:$Q$39,K$1+$J$1,FALSE))
A15: ='Decision Sheet'!L2 -> Period 7 | B15: =J14 | D15: =K13 | F15: ='Historical Demand'!C33 | H15: =IFERROR(MIN(F15*(1+G15),B15*(1+C15)+D15*(1+E15)),"") | I15: =IFERROR(F15*(1+G15)-H15,"") | J15: =IFERROR(B15*(1+C15)+D15*(1+E15)-H15,"") | K15: =IF(ISBLANK(HLOOKUP($A15,'Decision Sheet'!$D$2:$Q$39,K$1+$J$1,FALSE)),"",HLOOKUP($A15,'Decision Sheet'!$D$2:$Q$39,K$1+$J$1,FALSE))
A16: ='Decision Sheet'!M2 -> Period 8 | B16: =J15 | D16: =K14 | F16: ='Historical Demand'!C34 | H16: =IFERROR(MIN(F16*(1+G16),B16*(1+C16)+D16*(1+E16)),"") | I16: =IFERROR(F16*(1+G16)-H16,"") | J16: =IFERROR(B16*(1+C16)+D16*(1+E16)-H16,"") | K16: =IF(ISBLANK(HLOOKUP($A16,'Decision Sheet'!$D$2:$Q$39,K$1+$J$1,FALSE)),"",HLOOKUP($A16,'Decision Sheet'!$D$2:$Q$39,K$1+$J$1,FALSE))
A17: ='Decision Sheet'!N2 -> Period 9 | B17: =J16 | D17: =K15 | F17: ='Historical Demand'!C35 | H17: =IFERROR(MIN(F17*(1+G17),B17*(1+C17)+D17*(1+E17)),"") | I17: =IFERROR(F17*(1+G17)-H17,"") | J17: =IFERROR(B17*(1+C17)+D17*(1+E17)-H17,"") | K17: =IF(ISBLANK(HLOOKUP($A17,'Decision Sheet'!$D$2:$Q$39,K$1+$J$1,FALSE)),"",HLOOKUP($A17,'Decision Sheet'!$D$2:$Q$39,K$1+$J$1,FALSE))
A18: ='Decision Sheet'!O2 -> Period 10 | B18: =J17 | D18: =K16 | F18: ='Historical Demand'!C36 | H18: =IFERROR(MIN(F18*(1+G18),B18*(1+C18)+D18*(1+E18)),"") | I18: =IFERROR(F18*(1+G18)-H18,"") | J18: =IFERROR(B18*(1+C18)+D18*(1+E18)-H18,"") | K18: =IF(ISBLANK(HLOOKUP($A18,'Decision Sheet'!$D$2:$Q$39,K$1+$J$1,FALSE)),"",HLOOKUP($A18,'Decision Sheet'!$D$2:$Q$39,K$1+$J$1,FALSE))
A19: ='Decision Sheet'!P2 -> Period 11 | B19: =J18 | D19: =K17 | F19: ='Historical Demand'!C37 | H19: =IFERROR(MIN(F19*(1+G19),B19*(1+C19)+D19*(1+E19)),"") | I19: =IFERROR(F19*(1+G19)-H19,"") | J19: =IFERROR(B19*(1+C19)+D19*(1+E19)-H19,"") | K19: =IF(ISBLANK(HLOOKUP($A19,'Decision Sheet'!$D$2:$Q$39,K$1+$J$1,FALSE)),"",HLOOKUP($A19,'Decision Sheet'!$D$2:$Q$39,K$1+$J$1,FALSE))
A20: ='Decision Sheet'!Q2 -> Period 12 | B20: =J19 | D20: =K18 | F20: ='Historical Demand'!C38 | H20: =IFERROR(MIN(F20*(1+G20),B20*(1+C20)+D20*(1+E20)),"") | I20: =IFERROR(F20*(1+G20)-H20,"") | J20: =IFERROR(B20*(1+C20)+D20*(1+E20)-H20,"") | K20: =IF(ISBLANK(HLOOKUP($A20,'Decision Sheet'!$D$2:$Q$39,K$1+$J$1,FALSE)),"",HLOOKUP($A20,'Decision Sheet'!$D$2:$Q$39,K$1+$J$1,FALSE))

Sheet Product B Inventory Sheet
A1: Event | B1: Fill in if an event occurs with a supplier for this product | J1: ='Product A Inventory Sheet'!J1 -> 25 | K1: 2
A2: Decision | B2: Decided Each Period (on Decision Sheet)
B3: Calculated Automatically
A5: Inventory Sheet
A6: Period | B6: Beginning Inventory | C6: Inventory Modifier | D6: Inventory Scheduled to Arrrive | E6: Inventory Received Modifier | F6: Demand | G6: Demand Modifier | H6: Fulfilled Demand | I6: Unfulfilled Demand | J6: Ending Inventory | K6: Orders Placed (Arrives T+2)
A7: ='Decision Sheet'!D2 -> Period -1 | B7: 0 | K7: =IF(ISBLANK(HLOOKUP($A7,'Decision Sheet'!$D$2:$Q$39,K$1+$J$1,FALSE)),"",HLOOKUP($A7,'Decision Sheet'!$D$2:$Q$39,K$1+$J$1,FALSE))
A8: ='Decision Sheet'!E2 -> Period 0 | B8: 0 | K8: =IF(ISBLANK(HLOOKUP($A8,'Decision Sheet'!$D$2:$Q$39,K$1+$J$1,FALSE)),"",HLOOKUP($A8,'Decision Sheet'!$D$2:$Q$39,K$1+$J$1,FALSE))
A9: ='Decision Sheet'!F2 -> Period 1 | B9: =J8 -> 0 | D9: =K7 | F9: ='Historical Demand'!D27 | H9: =IFERROR(MIN(F9*(1+G9),B9*(1+C9)+D9*(1+E9)),"") | I9: =IFERROR(F9*(1+G9)-H9,"") | J9: =IFERROR(B9*(1+C9)+D9*(1+E9)-H9,"") | K9: =IF(ISBLANK(HLOOKUP($A9,'Decision Sheet'!$D$2:$Q$39,K$1+$J$1,FALSE)),"",HLOOKUP($A9,'Decision Sheet'!$D$2:$Q$39,K$1+$J$1,FALSE))
A10: ='Decision Sheet'!G2 -> Period 2 | B10: =J9 | D10: =K8 | F10: ='Historical Demand'!D28 | H10: =IFERROR(MIN(F10*(1+G10),B10*(1+C10)+D10*(1+E10)),"") | I10: =IFERROR(F10*(1+G10)-H10,"") | J10: =IFERROR(B10*(1+C10)+D10*(1+E10)-H10,"") | K10: =IF(ISBLANK(HLOOKUP($A10,'Decision Sheet'!$D$2:$Q$39,K$1+$J$1,FALSE)),"",HLOOKUP($A10,'Decision Sheet'!$D$2:$Q$39,K$1+$J$1,FALSE))
A11: ='Decision Sheet'!H2 -> Period 3 | B11: =J10 | D11: =K9 | F11: ='Historical Demand'!D29 | H11: =IFERROR(MIN(F11*(1+G11),B11*(1+C11)+D11*(1+E11)),"") | I11: =IFERROR(F11*(1+G11)-H11,"") | J11: =IFERROR(B11*(1+C11)+D11*(1+E11)-H11,"") | K11: =IF(ISBLANK(HLOOKUP($A11,'Decision Sheet'!$D$2:$Q$39,K$1+$J$1,FALSE)),"",HLOOKUP($A11,'Decision Sheet'!$D$2:$Q$39,K$1+$J$1,FALSE))
A12: ='Decision Sheet'!I2 -> Period 4 | B12: =J11 | D12: =K10 | F12: ='Historical Demand'!D30 | H12: =IFERROR(MIN(F12*(1+G12),B12*(1+C12)+D12*(1+E12)),"") | I12: =IFERROR(F12*(1+G12)-H12,"") | J12: =IFERROR(B12*(1+C12)+D12*(1+E12)-H12,"") | K12: =IF(ISBLANK(HLOOKUP($A12,'Decision Sheet'!$D$2:$Q$39,K$1+$J$1,FALSE)),"",HLOOKUP($A12,'Decision Sheet'!$D$2:$Q$39,K$1+$J$1,FALSE))
A13: ='Decision Sheet'!J2 -> Period 5 | B13: =J12 | D13: =K11 | F13: ='Historical Demand'!D31 | H13: =IFERROR(MIN(F13*(1+G13),B13*(1+C13)+D13*(1+E13)),"") | I13: =IFERROR(F13*(1+G13)-H13,"") | J13: =IFERROR(B13*(1+C13)+D13*(1+E13)-H13,"") | K13: =IF(ISBLANK(HLOOKUP($A13,'Decision Sheet'!$D$2:$Q$39,K$1+$J$1,FALSE)),"",HLOOKUP($A13,'Decision Sheet'!$D$2:$Q$39,K$1+$J$1,FALSE))
A14: ='Decision Sheet'!K2 -> Period 6 | B14: =J13 | D14: =K12 | F14: ='Historical Demand'!D32 | H14: =IFERROR(MIN(F14*(1+G14),B14*(1+C14)+D14*(1+E14)),"") | I14: =IFERROR(F14*(1+G14)-H14,"") | J14: =IFERROR(B14*(1+C14)+D14*(1+E14)-H14,"") | K14: =IF(ISBLANK(HLOOKUP($A14,'Decision Sheet'!$D$2:$Q$39,K$1+$J$1,FALSE)),"",HLOOKUP($A14,'Decision Sheet'!$D$2:$Q$39,K$1+$J$1,FALSE))
A15: ='Decision Sheet'!L2 -> Period 7 | B15: =J14 | D15: =K13 | F15: ='Historical Demand'!D33 | H15: =IFERROR(MIN(F15*(1+G15),B15*(1+C15)+D15*(1+E15)),"") | I15: =IFERROR(F15*(1+G15)-H15,"") | J15: =IFERROR(B15*(1+C15)+D15*(1+E15)-H15,"") | K15: =IF(ISBLANK(HLOOKUP($A15,'Decision Sheet'!$D$2:$Q$39,K$1+$J$1,FALSE)),"",HLOOKUP($A15,'Decision Sheet'!$D$2:$Q$39,K$1+$J$1,FALSE))
A16: ='Decision Sheet'!M2 -> Period 8 | B16: =J15 | D16: =K14 | F16: ='Historical Demand'!D34 | H16: =IFERROR(MIN(F16*(1+G16),B16*(1+C16)+D16*(1+E16)),"") | I16: =IFERROR(F16*(1+G16)-H16,"") | J16: =IFERROR(B16*(1+C16)+D16*(1+E16)-H16,"") | K16: =IF(ISBLANK(HLOOKUP($A16,'Decision Sheet'!$D$2:$Q$39,K$1+$J$1,FALSE)),"",HLOOKUP($A16,'Decision Sheet'!$D$2:$Q$39,K$1+$J$1,FALSE))
A17: ='Decision Sheet'!N2 -> Period 9 | B17: =J16 | D17: =K15 | F17: ='Historical Demand'!D35 | H17: =IFERROR(MIN(F17*(1+G17),B17*(1+C17)+D17*(1+E17)),"") | I17: =IFERROR(F17*(1+G17)-H17,"") | J17: =IFERROR(B17*(1+C17)+D17*(1+E17)-H17,"") | K17: =IF(ISBLANK(HLOOKUP($A17,'Decision Sheet'!$D$2:$Q$39,K$1+$J$1,FALSE)),"",HLOOKUP($A17,'Decision Sheet'!$D$2:$Q$39,K$1+$J$1,FALSE))
A18: ='Decision Sheet'!O2 -> Period 10 | B18: =J17 | D18: =K16 | F18: ='Historical Demand'!D36 | H18: =IFERROR(MIN(F18*(1+G18),B18*(1+C18)+D18*(1+E18)),"") | I18: =IFERROR(F18*(1+G18)-H18,"") | J18: =IFERROR(B18*(1+C18)+D18*(1+E18)-H18,"") | K18: =IF(ISBLANK(HLOOKUP($A18,'Decision Sheet'!$D$2:$Q$39,K$1+$J$1,FALSE)),"",HLOOKUP($A18,'Decision Sheet'!$D$2:$Q$39,K$1+$J$1,FALSE))
A19: ='Decision Sheet'!P2 -> Period 11 | B19: =J18 | D19: =K17 | F19: ='Historical Demand'!D37 | H19: =IFERROR(MIN(F19*(1+G19),B19*(1+C19)+D19*(1+E19)),"") | I19: =IFERROR(F19*(1+G19)-H19,"") | J19: =IFERROR(B19*(1+C19)+D19*(1+E19)-H19,"") | K19: =IF(ISBLANK(HLOOKUP($A19,'Decision Sheet'!$D$2:$Q$39,K$1+$J$1,FALSE)),"",HLOOKUP($A19,'Decision Sheet'!$D$2:$Q$39,K$1+$J$1,FALSE))
A20: ='Decision Sheet'!Q2 -> Period 12 | B20: =J19 | D20: =K18 | F20: ='Historical Demand'!D38 | H20: =IFERROR(MIN(F20*(1+G20),B20*(1+C20)+D20*(1+E20)),"") | I20: =IFERROR(F20*(1+G20)-H20,"") | J20: =IFERROR(B20*(1+C20)+D20*(1+E20)-H20,"") | K20: =IF(ISBLANK(HLOOKUP($A20,'Decision Sheet'!$D$2:$Q$39,K$1+$J$1,FALSE)),"",HLOOKUP($A20,'Decision Sheet'!$D$2:$Q$39,K$1+$J$1,FALSE))

Sheet Product C Inventory Sheet
A1: Event | B1: Fill in if an event occurs with a supplier for this product | J1: ='Product A Inventory Sheet'!J1 -> 25 | K1: 3
A2: Decision | B2: Decided Each Period (on Decision Sheet)
B3: Calculated Automatically
A5: Inventory Sheet
A6: Period | B6: Beginning Inventory | C6: Inventory Modifier | D6: Inventory Scheduled to Arrrive | E6: Inventory Received Modifier | F6: Demand | G6: Demand Modifier | H6: Fulfilled Demand | I6: Unfulfilled Demand | J6: Ending Inventory | K6: Orders Placed (Arrives T+2)
A7: ='Decision Sheet'!D2 -> Period -1 | B7: 0 | K7: =IF(ISBLANK(HLOOKUP($A7,'Decision Sheet'!$D$2:$Q$39,K$1+$J$1,FALSE)),"",HLOOKUP($A7,'Decision Sheet'!$D$2:$Q$39,K$1+$J$1,FALSE))
A8: ='Decision Sheet'!E2 -> Period 0 | B8: 0 | K8: =IF(ISBLANK(HLOOKUP($A8,'Decision Sheet'!$D$2:$Q$39,K$1+$J$1,FALSE)),"",HLOOKUP($A8,'Decision Sheet'!$D$2:$Q$39,K$1+$J$1,FALSE))
A9: ='Decision Sheet'!F2 -> Period 1 | B9: =J8 -> 0 | D9: =K7 | F9: ='Historical Demand'!E27 | H9: =IFERROR(MIN(F9*(1+G9),B9*(1+C9)+D9*(1+E9)),"") | I9: =IFERROR(F9*(1+G9)-H9,"") | J9: =IFERROR(B9*(1+C9)+D9*(1+E9)-H9,"") | K9: =IF(ISBLANK(HLOOKUP($A9,'Decision Sheet'!$D$2:$Q$39,K$1+$J$1,FALSE)),"",HLOOKUP($A9,'Decision Sheet'!$D$2:$Q$39,K$1+$J$1,FALSE))
A10: ='Decision Sheet'!G2 -> Period 2 | B10: =J9 | D10: =K8 | F10: ='Historical Demand'!E28 | H10: =IFERROR(MIN(F10*(1+G10),B10*(1+C10)+D10*(1+E10)),"") | I10: =IFERROR(F10*(1+G10)-H10,"") | J10: =IFERROR(B10*(1+C10)+D10*(1+E10)-H10,"") | K10: =IF(ISBLANK(HLOOKUP($A10,'Decision Sheet'!$D$2:$Q$39,K$1+$J$1,FALSE)),"",HLOOKUP($A10,'Decision Sheet'!$D$2:$Q$39,K$1+$J$1,FALSE))
A11: ='Decision Sheet'!H2 -> Period 3 | B11: =J10 | D11: =K9 | F11: ='Historical Demand'!E29 | H11: =IFERROR(MIN(F11*(1+G11),B11*(1+C11)+D11*(1+E11)),"") | I11: =IFERROR(F11*(1+G11)-H11,"") | J11: =IFERROR(B11*(1+C11)+D11*(1+E11)-H11,"") | K11: =IF(ISBLANK(HLOOKUP($A11,'Decision Sheet'!$D$2:$Q$39,K$1+$J$1,FALSE)),"",HLOOKUP($A11,'Decision Sheet'!$D$2:$Q$39,K$1+$J$1,FALSE))
A12: ='Decision Sheet'!I2 -> Period 4 | B12: =J11 | D12: =K10 | F12: ='Historical Demand'!E30 | H12: =IFERROR(MIN(F12*(1+G12),B12*(1+C12)+D12*(1+E12)),"") | I12: =IFERROR(F12*(1+G12)-H12,"") | J12: =IFERROR(B12*(1+C12)+D12*(1+E12)-H12,"") | K12: =IF(ISBLANK(HLOOKUP($A12,'Decision Sheet'!$D$2:$Q$39,K$1+$J$1,FALSE)),"",HLOOKUP($A12,'Decision Sheet'!$D$2:$Q$39,K$1+$J$1,FALSE))
A13: ='Decision Sheet'!J2 -> Period 5 | B13: =J12 | D13: =K11 | F13: ='Historical Demand'!E31 | H13: =IFERROR(MIN(F13*(1+G13),B13*(1+C13)+D13*(1+E13)),"") | I13: =IFERROR(F13*(1+G13)-H13,"") | J13: =IFERROR(B13*(1+C13)+D13*(1+E13)-H13,"") | K13: =IF(ISBLANK(HLOOKUP($A13,'Decision Sheet'!$D$2:$Q$39,K$1+$J$1,FALSE)),"",HLOOKUP($A13,'Decision Sheet'!$D$2:$Q$39,K$1+$J$1,FALSE))
A14: ='Decision Sheet'!K2 -> Period 6 | B14: =J13 | D14: =K12 | F14: ='Historical Demand'!E32 | H14: =IFERROR(MIN(F14*(1+G14),B14*(1+C14)+D14*(1+E14)),"") | I14: =IFERROR(F14*(1+G14)-H14,"") | J14: =IFERROR(B14*(1+C14)+D14*(1+E14)-H14,"") | K14: =IF(ISBLANK(HLOOKUP($A14,'Decision Sheet'!$D$2:$Q$39,K$1+$J$1,FALSE)),"",HLOOKUP($A14,'Decision Sheet'!$D$2:$Q$39,K$1+$J$1,FALSE))
A15: ='Decision Sheet'!L2 -> Period 7 | B15: =J14 | D15: =K13 | F15: ='Historical Demand'!E33 | H15: =IFERROR(MIN(F15*(1+G15),B15*(1+C15)+D15*(1+E15)),"") | I15: =IFERROR(F15*(1+G15)-H15,"") | J15: =IFERROR(B15*(1+C15)+D15*(1+E15)-H15,"") | K15: =IF(ISBLANK(HLOOKUP($A15,'Decision Sheet'!$D$2:$Q$39,K$1+$J$1,FALSE)),"",HLOOKUP($A15,'Decision Sheet'!$D$2:$Q$39,K$1+$J$1,FALSE))
A16: ='Decision Sheet'!M2 -> Period 8 | B16: =J15 | D16: =K14 | F16: ='Historical Demand'!E34 | H16: =IFERROR(MIN(F16*(1+G16),B16*(1+C16)+D16*(1+E16)),"") | I16: =IFERROR(F16*(1+G16)-H16,"") | J16: =IFERROR(B16*(1+C16)+D16*(1+E16)-H16,"") | K16: =IF(ISBLANK(HLOOKUP($A16,'Decision Sheet'!$D$2:$Q$39,K$1+$J$1,FALSE)),"",HLOOKUP($A16,'Decision Sheet'!$D$2:$Q$39,K$1+$J$1,FALSE))
A17: ='Decision Sheet'!N2 -> Period 9 | B17: =J16 | D17: =K15 | F17: ='Historical Demand'!E35 | H17: =IFERROR(MIN(F17*(1+G17),B17*(1+C17)+D17*(1+E17)),"") | I17: =IFERROR(F17*(1+G17)-H17,"") | J17: =IFERROR(B17*(1+C17)+D17*(1+E17)-H17,"") | K17: =IF(ISBLANK(HLOOKUP($A17,'Decision Sheet'!$D$2:$Q$39,K$1+$J$1,FALSE)),"",HLOOKUP($A17,'Decision Sheet'!$D$2:$Q$39,K$1+$J$1,FALSE))
A18: ='Decision Sheet'!O2 -> Period 10 | B18: =J17 | D18: =K16 | F18: ='Historical Demand'!E36 | H18: =IFERROR(MIN(F18*(1+G18),B18*(1+C18)+D18*(1+E18)),"") | I18: =IFERROR(F18*(1+G18)-H18,"") | J18: =IFERROR(B18*(1+C18)+D18*(1+E18)-H18,"") | K18: =IF(ISBLANK(HLOOKUP($A18,'Decision Sheet'!$D$2:$Q$39,K$1+$J$1,FALSE)),"",HLOOKUP($A18,'Decision Sheet'!$D$2:$Q$39,K$1+$J$1,FALSE))
A19: ='Decision Sheet'!P2 -> Period 11 | B19: =J18 | D19: =K17 | F19: ='Historical Demand'!E37 | H19: =IFERROR(MIN(F19*(1+G19),B19*(1+C19)+D19*(1+E19)),"") | I19: =IFERROR(F19*(1+G19)-H19,"") | J19: =IFERROR(B19*(1+C19)+D19*(1+E19)-H19,"") | K19: =IF(ISBLANK(HLOOKUP($A19,'Decision Sheet'!$D$2:$Q$39,K$1+$J$1,FALSE)),"",HLOOKUP($A19,'Decision Sheet'!$D$2:$Q$39,K$1+$J$1,FALSE))
A20: ='Decision Sheet'!Q2 -> Period 12 | B20: =J19 | D20: =K18 | F20: ='Historical Demand'!E38 | H20: =IFERROR(MIN(F20*(1+G20),B20*(1+C20)+D20*(1+E20)),"") | I20: =IFERROR(F20*(1+G20)-H20,"") | J20: =IFERROR(B20*(1+C20)+D20*(1+E20)-H20,"") | K20: =IF(ISBLANK(HLOOKUP($A20,'Decision Sheet'!$D$2:$Q$39,K$1+$J$1,FALSE)),"",HLOOKUP($A20,'Decision Sheet'!$D$2:$Q$39,K$1+$J$1,FALSE))

Sheet Product D Inventory Sheet
A1: Event | B1: Fill in if an event occurs with a supplier for this product | J1: ='Product A Inventory Sheet'!J1 -> 25 | K1: 4
A2: Decision | B2: Decided Each Period (on Decision Sheet)
B3: Calculated Automatically
A5: Inventory Sheet
A6: Period | B6: Beginning Inventory | C6: Inventory Modifier | D6: Inventory Scheduled to Arrrive | E6: Inventory Received Modifier | F6: Demand | G6: Demand Modifier | H6: Fulfilled Demand | I6: Unfulfilled Demand | J6: Ending Inventory | K6: Orders Placed (Arrives T+2)
A7: ='Decision Sheet'!D2 -> Period -1 | B7: 0 | K7: =IF(ISBLANK(HLOOKUP($A7,'Decision Sheet'!$D$2:$Q$39,K$1+$J$1,FALSE)),"",HLOOKUP($A7,'Decision Sheet'!$D$2:$Q$39,K$1+$J$1,FALSE))
A8: ='Decision Sheet'!E2 -> Period 0 | B8: 0 | K8: =IF(ISBLANK(HLOOKUP($A8,'Decision Sheet'!$D$2:$Q$39,K$1+$J$1,FALSE)),"",HLOOKUP($A8,'Decision Sheet'!$D$2:$Q$39,K$1+$J$1,FALSE))
A9: ='Decision Sheet'!F$2 -> Period 1 | B9: =J8 -> 0 | D9: =K7 | F9: ='Historical Demand'!F27 | H9: =IFERROR(MIN(F9*(1+G9),B9*(1+C9)+D9*(1+E9)),"") | I9: =IFERROR(F9*(1+G9)-H9,"") | J9: =IFERROR(B9*(1+C9)+D9*(1+E9)-H9,"") | K9: =IF(ISBLANK(HLOOKUP($A9,'Decision Sheet'!$D$2:$Q$39,K$1+$J$1,FALSE)),"",HLOOKUP($A9,'Decision Sheet'!$D$2:$Q$39,K$1+$J$1,FALSE))
A10: ='Decision Sheet'!G$2 -> Period 2 | B10: =J9 | D10: =K8 | F10: ='Historical Demand'!F28 | H10: =IFERROR(MIN(F10*(1+G10),B10*(1+C10)+D10*(1+E10)),"") | I10: =IFERROR(F10*(1+G10)-H10,"") | J10: =IFERROR(B10*(1+C10)+D10*(1+E10)-H10,"") | K10: =IF(ISBLANK(HLOOKUP($A10,'Decision Sheet'!$D$2:$Q$39,K$1+$J$1,FALSE)),"",HLOOKUP($A10,'Decision Sheet'!$D$2:$Q$39,K$1+$J$1,FALSE))
A11: ='Decision Sheet'!H$2 -> Period 3 | B11: =J10 | D11: =K9 | F11: ='Historical Demand'!F29 | H11: =IFERROR(MIN(F11*(1+G11),B11*(1+C11)+D11*(1+E11)),"") | I11: =IFERROR(F11*(1+G11)-H11,"") | J11: =IFERROR(B11*(1+C11)+D11*(1+E11)-H11,"") | K11: =IF(ISBLANK(HLOOKUP($A11,'Decision Sheet'!$D$2:$Q$39,K$1+$J$1,FALSE)),"",HLOOKUP($A11,'Decision Sheet'!$D$2:$Q$39,K$1+$J$1,FALSE))
A12: ='Decision Sheet'!I$2 -> Period 4 | B12: =J11 | D12: =K10 | F12: ='Historical Demand'!F30 | H12: =IFERROR(MIN(F12*(1+G12),B12*(1+C12)+D12*(1+E12)),"") | I12: =IFERROR(F12*(1+G12)-H12,"") | J12: =IFERROR(B12*(1+C12)+D12*(1+E12)-H12,"") | K12: =IF(ISBLANK(HLOOKUP($A12,'Decision Sheet'!$D$2:$Q$39,K$1+$J$1,FALSE)),"",HLOOKUP($A12,'Decision Sheet'!$D$2:$Q$39,K$1+$J$1,FALSE))
A13: ='Decision Sheet'!J$2 -> Period 5 | B13: =J12 | D13: =K11 | F13: ='Historical Demand'!F31 | H13: =IFERROR(MIN(F13*(1+G13),B13*(1+C13)+D13*(1+E13)),"") | I13: =IFERROR(F13*(1+G13)-H13,"") | J13: =IFERROR(B13*(1+C13)+D13*(1+E13)-H13,"") | K13: =IF(ISBLANK(HLOOKUP($A13,'Decision Sheet'!$D$2:$Q$39,K$1+$J$1,FALSE)),"",HLOOKUP($A13,'Decision Sheet'!$D$2:$Q$39,K$1+$J$1,FALSE))
A14: ='Decision Sheet'!K$2 -> Period 6 | B14: =J13 | D14: =K12 | F14: ='Historical Demand'!F32 | H14: =IFERROR(MIN(F14*(1+G14),B14*(1+C14)+D14*(1+E14)),"") | I14: =IFERROR(F14*(1+G14)-H14,"") | J14: =IFERROR(B14*(1+C14)+D14*(1+E14)-H14,"") | K14: =IF(ISBLANK(HLOOKUP($A14,'Decision Sheet'!$D$2:$Q$39,K$1+$J$1,FALSE)),"",HLOOKUP($A14,'Decision Sheet'!$D$2:$Q$39,K$1+$J$1,FALSE))
A15: ='Decision Sheet'!L$2 -> Period 7 | B15: =J14 | D15: =K13 | F15: ='Historical Demand'!F33 | H15: =IFERROR(MIN(F15*(1+G15),B15*(1+C15)+D15*(1+E15)),"") | I15: =IFERROR(F15*(1+G15)-H15,"") | J15: =IFERROR(B15*(1+C15)+D15*(1+E15)-H15,"") | K15: =IF(ISBLANK(HLOOKUP($A15,'Decision Sheet'!$D$2:$Q$39,K$1+$J$1,FALSE)),"",HLOOKUP($A15,'Decision Sheet'!$D$2:$Q$39,K$1+$J$1,FALSE))
A16: ='Decision Sheet'!M$2 -> Period 8 | B16: =J15 | D16: =K14 | F16: ='Historical Demand'!F34 | H16: =IFERROR(MIN(F16*(1+G16),B16*(1+C16)+D16*(1+E16)),"") | I16: =IFERROR(F16*(1+G16)-H16,"") | J16: =IFERROR(B16*(1+C16)+D16*(1+E16)-H16,"") | K16: =IF(ISBLANK(HLOOKUP($A16,'Decision Sheet'!$D$2:$Q$39,K$1+$J$1,FALSE)),"",HLOOKUP($A16,'Decision Sheet'!$D$2:$Q$39,K$1+$J$1,FALSE))
A17: ='Decision Sheet'!N$2 -> Period 9 | B17: =J16 | D17: =K15 | F17: ='Historical Demand'!F35 | H17: =IFERROR(MIN(F17*(1+G17),B17*(1+C17)+D17*(1+E17)),"") | I17: =IFERROR(F17*(1+G17)-H17,"") | J17: =IFERROR(B17*(1+C17)+D17*(1+E17)-H17,"") | K17: =IF(ISBLANK(HLOOKUP($A17,'Decision Sheet'!$D$2:$Q$39,K$1+$J$1,FALSE)),"",HLOOKUP($A17,'Decision Sheet'!$D$2:$Q$39,K$1+$J$1,FALSE))
A18: ='Decision Sheet'!O$2 -> Period 10 | B18: =J17 | D18: =K16 | F18: ='Historical Demand'!F36 | H18: =IFERROR(MIN(F18*(1+G18),B18*(1+C18)+D18*(1+E18)),"") | I18: =IFERROR(F18*(1+G18)-H18,"") | J18: =IFERROR(B18*(1+C18)+D18*(1+E18)-H18,"") | K18: =IF(ISBLANK(HLOOKUP($A18,'Decision Sheet'!$D$2:$Q$39,K$1+$J$1,FALSE)),"",HLOOKUP($A18,'Decision Sheet'!$D$2:$Q$39,K$1+$J$1,FALSE))
A19: ='Decision Sheet'!P$2 -> Period 11 | B19: =J18 | D19: =K17 | F19: ='Historical Demand'!F37 | H19: =IFERROR(MIN(F19*(1+G19),B19*(1+C19)+D19*(1+E19)),"") | I19: =IFERROR(F19*(1+G19)-H19,"") | J19: =IFERROR(B19*(1+C19)+D19*(1+E19)-H19,"") | K19: =IF(ISBLANK(HLOOKUP($A19,'Decision Sheet'!$D$2:$Q$39,K$1+$J$1,FALSE)),"",HLOOKUP($A19,'Decision Sheet'!$D$2:$Q$39,K$1+$J$1,FALSE))
A20: ='Decision Sheet'!Q$2 -> Period 12 | B20: =J19 | D20: =K18 | F20: ='Historical Demand'!F38 | H20: =IFERROR(MIN(F20*(1+G20),B20*(1+C20)+D20*(1+E20)),"") | I20: =IFERROR(F20*(1+G20)-H20,"") | J20: =IFERROR(B20*(1+C20)+D20*(1+E20)-H20,"") | K20: =IF(ISBLANK(HLOOKUP($A20,'Decision Sheet'!$D$2:$Q$39,K$1+$J$1,FALSE)),"",HLOOKUP($A20,'Decision Sheet'!$D$2:$Q$39,K$1+$J$1,FALSE))

Sheet Supplier Management Sheet
A1: 23 | B1: 1 | C1: 2 | D1: 3 | E1: 4 | F1: 5 | G1: 6 | H1: 7 | I1: 8 | J1: 9 | K1: 10 | L1: 11 | M1: 12 | N1: 13 | O1: 14
A2: Supplier Choices
B3: Supplier Options | C3: Upfront Setup Costs | D3: Period Fixed Costs | E3: Var Cost A | F3: Var Cost B | G3: Var Cost C | H3: Var Cost D | J3: Quality | K3: Disruption Risk Management | L3: Timeliness | M3: Innovativeness
A4: Make | B4: Equipment 1 | C4: -100000 | D4: -1000 | E4: 2 | F4: 4 | G4: 5 | H4: 6 | J4: High | K4: High | L4: Very High | M4: Low
B5: Equipment 2 | C5: -40000 | D5: -750 | E5: 4 | F5: 5 | G5: 5 | J5: Medium | K5: Medium | L5: Very High | M5: Low
B6: Equipment 3 | C6: -10000 | D6: -500 | E6: 2 | J6: Medium | K6: Medium | L6: Medium | M6: Low
B7: Equipment 4 | C7: -20000 | D7: -500 | H7: 5 | J7: Very High | K7: Very High | L7: Very High | M7: Low
A8: Buy | B8: Supplier 1 | C8: -500 | D8: -2700 | E8: 3 | F8: 4 | G8: 5 | H8: 8 | J8: Low | K8: Low | L8: Very Low | M8: Low
B9: Supplier 2 | C9: -8000 | D9: -1200 | H9: 6 | J9: High | K9: High | L9: Very High | M9: High
B10: Supplier 3 | C10: -4500 | D10: -1500 | F10: 3 | J10: Low | K10: Medium | L10: Low | M10: Low
B11: Supplier 4 | C11: -2000 | D11: -3000 | F11: 5 | G11: 6 | J11: Very Low | K11: Very High | L11: Medium | M11: Medium
B12: Supplier 5 | C12: -5000 | D12: -300 | E12: 5 | H12: 9 | J12: Very High | K12: Very High | L12: Very High | M12: Very High
B13: Supplier 6 | C13: -9000 | D13: -3000 | F13: 5 | H13: 8 | J13: Very Low | K13: High | L13: Low | M13: Very High
B14: Supplier 7 | C14: -5000 | D14: -3000 | E14: 4 | G14: 6 | H14: 7 | J14: High | K14: Low | L14: Medium | M14: Very High
B15: Supplier 8 | C15: -5500 | D15: -3000 | E15: 3 | G15: 4 | J15: Low | K15: Very High | L15: Very Low | M15: Very Low
B16: Supplier 9 | C16: -3000 | D16: -2400 | E16: 4 | H16: 7 | J16: Medium | K16: High | L16: Medium | M16: High
B17: Supplier 10 | C17: -2500 | D17: -2100 | E17: 3 | F17: 4 | H17: 6 | J17: Very Low | K17: Very Low | L17: High | M17: Medium
A19: Active Suppliers | D19: ='Decision Sheet'!F$2 -> Period 1 | E19: ='Decision Sheet'!G$2 -> Period 2 | F19: ='Decision Sheet'!H$2 -> Period 3 | G19: ='Decision Sheet'!I$2 -> Period 4 | H19: ='Decision Sheet'!J$2 -> Period 5 | I19: ='Decision Sheet'!K$2 -> Period 6 | J19: ='Decision Sheet'!L$2 -> Period 7 | K19: ='Decision Sheet'!M$2 -> Period 8 | ... O19: ='Decision Sheet'!Q$2 -> Period 12
A20: Product A | D20: =IF(ISBLANK('Decision Sheet'!F33),"",'Decision Sheet'!F33) | E20: =IF(ISBLANK('Decision Sheet'!G33),"",'Decision Sheet'!G33) | F20: =IF(ISBLANK('Decision Sheet'!H33),"",'Decision Sheet'!H33) | G20: =IF(ISBLANK('Decision Sheet'!I33),"",'Decision Sheet'!I33) | H20: =IF(ISBLANK('Decision Sheet'!J33),"",'Decision Sheet'!J33) | I20: =IF(ISBLANK('Decision Sheet'!K33),"",'Decision Sheet'!K33) | J20: =IF(ISBLANK('Decision Sheet'!L33),"",'Decision Sheet'!L33) | K20: =IF(ISBLANK('Decision Sheet'!M33),"",'Decision Sheet'!M33) | ... O20: =IF(ISBLANK('Decision Sheet'!Q33),"",'Decision Sheet'!Q33)
A21: Product B | D21: =IF(ISBLANK('Decision Sheet'!F34),"",'Decision Sheet'!F34) | E21: =IF(ISBLANK('Decision Sheet'!G34),"",'Decision Sheet'!G34) | F21: =IF(ISBLANK('Decision Sheet'!H34),"",'Decision Sheet'!H34) | G21: =IF(ISBLANK('Decision Sheet'!I34),"",'Decision Sheet'!I34) | H21: =IF(ISBLANK('Decision Sheet'!J34),"",'Decision Sheet'!J34) | I21: =IF(ISBLANK('Decision Sheet'!K34),"",'Decision Sheet'!K34) | J21: =IF(ISBLANK('Decision Sheet'!L34),"",'Decision Sheet'!L34) | K21: =IF(ISBLANK('Decision Sheet'!M34),"",'Decision Sheet'!M34) | ... O21: =IF(ISBLANK('Decision Sheet'!Q34),"",'Decision Sheet'!Q34)
A22: Product C | D22: =IF(ISBLANK('Decision Sheet'!F35),"",'Decision Sheet'!F35) | E22: =IF(ISBLANK('Decision Sheet'!G35),"",'Decision Sheet'!G35) | F22: =IF(ISBLANK('Decision Sheet'!H35),"",'Decision Sheet'!H35) | G22: =IF(ISBLANK('Decision Sheet'!I35),"",'Decision Sheet'!I35) | H22: =IF(ISBLANK('Decision Sheet'!J35),"",'Decision Sheet'!J35) | I22: =IF(ISBLANK('Decision Sheet'!K35),"",'Decision Sheet'!K35) | J22: =IF(ISBLANK('Decision Sheet'!L35),"",'Decision Sheet'!L35) | K22: =IF(ISBLANK('Decision Sheet'!M35),"",'Decision Sheet'!M35) | ... O22: =IF(ISBLANK('Decision Sheet'!Q35),"",'Decision Sheet'!Q35)
A23: Product D | D23: =IF(ISBLANK('Decision Sheet'!F36),"",'Decision Sheet'!F36) | E23: =IF(ISBLANK('Decision Sheet'!G36),"",'Decision Sheet'!G36) | F23: =IF(ISBLANK('Decision Sheet'!H36),"",'Decision Sheet'!H36) | G23: =IF(ISBLANK('Decision Sheet'!I36),"",'Decision Sheet'!I36) | H23: =IF(ISBLANK('Decision Sheet'!J36),"",'Decision Sheet'!J36) | I23: =IF(ISBLANK('Decision Sheet'!K36),"",'Decision Sheet'!K36) | J23: =IF(ISBLANK('Decision Sheet'!L36),"",'Decision Sheet'!L36) | K23: =IF(ISBLANK('Decision Sheet'!M36),"",'Decision Sheet'!M36) | ... O23: =IF(ISBLANK('Decision Sheet'!Q36),"",'Decision Sheet'!Q36)
A24: Product Prices
A25: Product A | D25: =IF((D20=""),"",VLOOKUP(D20,$B$4:$H$17,4,FALSE)) | E25: =IF((E20=""),"",VLOOKUP(E20,$B$4:$H$17,4,FALSE)) | F25: =IF((F20=""),"",VLOOKUP(F20,$B$4:$H$17,4,FALSE)) | G25: =IF((G20=""),"",VLOOKUP(G20,$B$4:$H$17,4,FALSE)) | H25: =IF((H20=""),"",VLOOKUP(H20,$B$4:$H$17,4,FALSE)) | I25: =IF((I20=""),"",VLOOKUP(I20,$B$4:$H$17,4,FALSE)) | J25: =IF((J20=""),"",VLOOKUP(J20,$B$4:$H$17,4,FALSE)) | K25: =IF((K20=""),"",VLOOKUP(K20,$B$4:$H$17,4,FALSE)) | ... O25: =IF((O20=""),"",VLOOKUP(O20,$B$4:$H$17,4,FALSE))
A26: Product B | D26: =IF((D21=""),"",VLOOKUP(D21,$B$4:$H$17,5,FALSE)) | E26: =IF((E21=""),"",VLOOKUP(E21,$B$4:$H$17,5,FALSE)) | F26: =IF((F21=""),"",VLOOKUP(F21,$B$4:$H$17,5,FALSE)) | G26: =IF((G21=""),"",VLOOKUP(G21,$B$4:$H$17,5,FALSE)) | H26: =IF((H21=""),"",VLOOKUP(H21,$B$4:$H$17,5,FALSE)) | I26: =IF((I21=""),"",VLOOKUP(I21,$B$4:$H$17,5,FALSE)) | J26: =IF((J21=""),"",VLOOKUP(J21,$B$4:$H$17,5,FALSE)) | K26: =IF((K21=""),"",VLOOKUP(K21,$B$4:$H$17,5,FALSE)) | ... O26: =IF((O21=""),"",VLOOKUP(O21,$B$4:$H$17,5,FALSE))
A27: Product C | D27: =IF(D22="","",VLOOKUP(D22,$B$4:$H$17,6,FALSE)) | E27: =IF(E22="","",VLOOKUP(E22,$B$4:$H$17,6,FALSE)) | F27: =IF(F22="","",VLOOKUP(F22,$B$4:$H$17,6,FALSE)) | G27: =IF(G22="","",VLOOKUP(G22,$B$4:$H$17,6,FALSE)) | H27: =IF(H22="","",VLOOKUP(H22,$B$4:$H$17,6,FALSE)) | I27: =IF(I22="","",VLOOKUP(I22,$B$4:$H$17,6,FALSE)) | J27: =IF(J22="","",VLOOKUP(J22,$B$4:$H$17,6,FALSE)) | K27: =IF(K22="","",VLOOKUP(K22,$B$4:$H$17,6,FALSE)) | ... O27: =IF(O22="","",VLOOKUP(O22,$B$4:$H$17,6,FALSE))
A28: Product D | D28: =IF(D23="","",VLOOKUP(D23,$B$4:$H$17,7,FALSE)) | E28: =IF(E23="","",VLOOKUP(E23,$B$4:$H$17,7,FALSE)) | F28: =IF(F23="","",VLOOKUP(F23,$B$4:$H$17,7,FALSE)) | G28: =IF(G23="","",VLOOKUP(G23,$B$4:$H$17,7,FALSE)) | H28: =IF(H23="","",VLOOKUP(H23,$B$4:$H$17,7,FALSE)) | I28: =IF(I23="","",VLOOKUP(I23,$B$4:$H$17,7,FALSE)) | J28: =IF(J23="","",VLOOKUP(J23,$B$4:$H$17,7,FALSE)) | K28: =IF(K23="","",VLOOKUP(K23,$B$4:$H$17,7,FALSE)) | ... O28: =IF(O23="","",VLOOKUP(O23,$B$4:$H$17,7,FALSE))
A29: Suppliers Selected
B30: Used for calculating setup and period fixed costs for selected suppliers.
A31: Period | B31: Equipment 1 | C31: Equipment 2 | D31: Equipment 3 | E31: Equipment 4 | F31: Supplier 1 | G31: Supplier 2 | H31: Supplier 3 | I31: Supplier 4 | J31: Supplier 5 | K31: Supplier 6 | L31: Supplier 7 | M31: Supplier 8 | N31: Supplier 9 | O31: Supplier 10 | P31: Weekly Total | Q31: Adjustments
A32: ='Decision Sheet'!F$2 -> Period 1 | B32: =IF(ISERROR(VLOOKUP(B$31,$D$20:$D$24,1,FALSE)),0,VLOOKUP(B$31,$B$4:$D$17,3)) -> 0 | C32: =IF(ISERROR(VLOOKUP(C$31,$D$20:$D$24,1,FALSE)),0,VLOOKUP(C$31,$B$4:$D$17,3)) -> 0 | D32: =IF(ISERROR(VLOOKUP(D$31,$D$20:$D$24,1,FALSE)),0,VLOOKUP(D$31,$B$4:$D$17,3)) -> 0 | E32: =IF(ISERROR(VLOOKUP(E$31,$D$20:$D$24,1,FALSE)),0,VLOOKUP(E$31,$B$4:$D$17,3)) -> 0 | F32: =IF(ISERROR(VLOOKUP(F$31,$D$20:$D$24,1,FALSE)),0,VLOOKUP(F$31,$B$4:$D$17,3)) -> 0 | G32: =IF(ISERROR(VLOOKUP(G$31,$D$20:$D$24,1,FALSE)),0,VLOOKUP(G$31,$B$4:$D$17,3)) -> 0 | H32: =IF(ISERROR(VLOOKUP(H$31,$D$20:$D$24,1,FALSE)),0,VLOOKUP(H$31,$B$4:$D$17,3)) -> 0 | I32: =IF(ISERROR(VLOOKUP(I$31,$D$20:$D$24,1,FALSE)),0,VLOOKUP(I$31,$B$4:$D$17,3)) -> 0 | ... O32: =IF(ISERROR(VLOOKUP(O$31,$D$20:$D$24,1,FALSE)),0,VLOOKUP(O$31,$B$4:$D$17,3)) -> 0 | P32: =SUM(B32:O32,Q32) -> 0
A33: ='Decision Sheet'!G$2 -> Period 2 | B33: =IF(ISERROR(VLOOKUP(B$31,$E$20:$E$24,1,FALSE)),0,VLOOKUP(B$31,$B$4:$D$17,3)) -> 0 | C33: =IF(ISERROR(VLOOKUP(C$31,$E$20:$E$24,1,FALSE)),0,VLOOKUP(C$31,$B$4:$D$17,3)) -> 0 | D33: =IF(ISERROR(VLOOKUP(D$31,$E$20:$E$24,1,FALSE)),0,VLOOKUP(D$31,$B$4:$D$17,3)) -> 0 | E33: =IF(ISERROR(VLOOKUP(E$31,$E$20:$E$24,1,FALSE)),0,VLOOKUP(E$31,$B$4:$D$17,3)) -> 0 | F33: =IF(ISERROR(VLOOKUP(F$31,$E$20:$E$24,1,FALSE)),0,VLOOKUP(F$31,$B$4:$D$17,3)) -> 0 | G33: =IF(ISERROR(VLOOKUP(G$31,$E$20:$E$24,1,FALSE)),0,VLOOKUP(G$31,$B$4:$D$17,3)) -> 0 | H33: =IF(ISERROR(VLOOKUP(H$31,$E$20:$E$24,1,FALSE)),0,VLOOKUP(H$31,$B$4:$D$17,3)) -> 0 | I33: =IF(ISERROR(VLOOKUP(I$31,$E$20:$E$24,1,FALSE)),0,VLOOKUP(I$31,$B$4:$D$17,3)) -> 0 | ... O33: =IF(ISERROR(VLOOKUP(O$31,$E$20:$E$24,1,FALSE)),0,VLOOKUP(O$31,$B$4:$D$17,3)) -> 0 | P33: =SUM(B33:O33,Q33) -> 0
A34: ='Decision Sheet'!H$2 -> Period 3 | B34: =IF(ISERROR(VLOOKUP(B$31,$F$20:$F$24,1,FALSE)),0,VLOOKUP(B$31,$B$4:$D$17,3)) -> 0 | C34: =IF(ISERROR(VLOOKUP(C$31,$F$20:$F$24,1,FALSE)),0,VLOOKUP(C$31,$B$4:$D$17,3)) -> 0 | D34: =IF(ISERROR(VLOOKUP(D$31,$F$20:$F$24,1,FALSE)),0,VLOOKUP(D$31,$B$4:$D$17,3)) -> 0 | E34: =IF(ISERROR(VLOOKUP(E$31,$F$20:$F$24,1,FALSE)),0,VLOOKUP(E$31,$B$4:$D$17,3)) -> 0 | F34: =IF(ISERROR(VLOOKUP(F$31,$F$20:$F$24,1,FALSE)),0,VLOOKUP(F$31,$B$4:$D$17,3)) -> 0 | G34: =IF(ISERROR(VLOOKUP(G$31,$F$20:$F$24,1,FALSE)),0,VLOOKUP(G$31,$B$4:$D$17,3)) -> 0 | H34: =IF(ISERROR(VLOOKUP(H$31,$F$20:$F$24,1,FALSE)),0,VLOOKUP(H$31,$B$4:$D$17,3)) -> 0 | I34: =IF(ISERROR(VLOOKUP(I$31,$F$20:$F$24,1,FALSE)),0,VLOOKUP(I$31,$B$4:$D$17,3)) -> 0 | ... O34: =IF(ISERROR(VLOOKUP(O$31,$F$20:$F$24,1,FALSE)),0,VLOOKUP(O$31,$B$4:$D$17,3)) -> 0 | P34: =SUM(B34:O34,Q34) -> 0
A35: ='Decision Sheet'!I$2 -> Period 4 | B35: =IF(ISERROR(VLOOKUP(B$31,$G$20:$G$24,1,FALSE)),0,VLOOKUP(B$31,$B$4:$D$17,3)) -> 0 | C35: =IF(ISERROR(VLOOKUP(C$31,$G$20:$G$24,1,FALSE)),0,VLOOKUP(C$31,$B$4:$D$17,3)) -> 0 | D35: =IF(ISERROR(VLOOKUP(D$31,$G$20:$G$24,1,FALSE)),0,VLOOKUP(D$31,$B$4:$D$17,3)) -> 0 | E35: =IF(ISERROR(VLOOKUP(E$31,$G$20:$G$24,1,FALSE)),0,VLOOKUP(E$31,$B$4:$D$17,3)) -> 0 | F35: =IF(ISERROR(VLOOKUP(F$31,$G$20:$G$24,1,FALSE)),0,VLOOKUP(F$31,$B$4:$D$17,3)) -> 0 | G35: =IF(ISERROR(VLOOKUP(G$31,$G$20:$G$24,1,FALSE)),0,VLOOKUP(G$31,$B$4:$D$17,3)) -> 0 | H35: =IF(ISERROR(VLOOKUP(H$31,$G$20:$G$24,1,FALSE)),0,VLOOKUP(H$31,$B$4:$D$17,3)) -> 0 | I35: =IF(ISERROR(VLOOKUP(I$31,$G$20:$G$24,1,FALSE)),0,VLOOKUP(I$31,$B$4:$D$17,3)) -> 0 | ... O35: =IF(ISERROR(VLOOKUP(O$31,$G$20:$G$24,1,FALSE)),0,VLOOKUP(O$31,$B$4:$D$17,3)) -> 0 | P35: =SUM(B35:O35,Q35) -> 0
A36: ='Decision Sheet'!J$2 -> Period 5 | B36: =IF(ISERROR(VLOOKUP(B$31,$H$20:$H$24,1,FALSE)),0,VLOOKUP(B$31,$B$4:$D$17,3)) -> 0 | C36: =IF(ISERROR(VLOOKUP(C$31,$H$20:$H$24,1,FALSE)),0,VLOOKUP(C$31,$B$4:$D$17,3)) -> 0 | D36: =IF(ISERROR(VLOOKUP(D$31,$H$20:$H$24,1,FALSE)),0,VLOOKUP(D$31,$B$4:$D$17,3)) -> 0 | E36: =IF(ISERROR(VLOOKUP(E$31,$H$20:$H$24,1,FALSE)),0,VLOOKUP(E$31,$B$4:$D$17,3)) -> 0 | F36: =IF(ISERROR(VLOOKUP(F$31,$H$20:$H$24,1,FALSE)),0,VLOOKUP(F$31,$B$4:$D$17,3)) -> 0 | G36: =IF(ISERROR(VLOOKUP(G$31,$H$20:$H$24,1,FALSE)),0,VLOOKUP(G$31,$B$4:$D$17,3)) -> 0 | H36: =IF(ISERROR(VLOOKUP(H$31,$H$20:$H$24,1,FALSE)),0,VLOOKUP(H$31,$B$4:$D$17,3)) -> 0 | I36: =IF(ISERROR(VLOOKUP(I$31,$H$20:$H$24,1,FALSE)),0,VLOOKUP(I$31,$B$4:$D$17,3)) -> 0 | ... O36: =IF(ISERROR(VLOOKUP(O$31,$H$20:$H$24,1,FALSE)),0,VLOOKUP(O$31,$B$4:$D$17,3)) -> 0 | P36: =SUM(B36:O36,Q36) -> 0
A37: ='Decision Sheet'!K$2 -> Period 6 | B37: =IF(ISERROR(VLOOKUP(B$31,$I$20:$I$24,1,FALSE)),0,VLOOKUP(B$31,$B$4:$D$17,3)) -> 0 | C37: =IF(ISERROR(VLOOKUP(C$31,$I$20:$I$24,1,FALSE)),0,VLOOKUP(C$31,$B$4:$D$17,3)) -> 0 | D37: =IF(ISERROR(VLOOKUP(D$31,$I$20:$I$24,1,FALSE)),0,VLOOKUP(D$31,$B$4:$D$17,3)) -> 0 | E37: =IF(ISERROR(VLOOKUP(E$31,$I$20:$I$24,1,FALSE)),0,VLOOKUP(E$31,$B$4:$D$17,3)) -> 0 | F37: =IF(ISERROR(VLOOKUP(F$31,$I$20:$I$24,1,FALSE)),0,VLOOKUP(F$31,$B$4:$D$17,3)) -> 0 | G37: =IF(ISERROR(VLOOKUP(G$31,$I$20:$I$24,1,FALSE)),0,VLOOKUP(G$31,$B$4:$D$17,3)) -> 0 | H37: =IF(ISERROR(VLOOKUP(H$31,$I$20:$I$24,1,FALSE)),0,VLOOKUP(H$31,$B$4:$D$17,3)) -> 0 | I37: =IF(ISERROR(VLOOKUP(I$31,$I$20:$I$24,1,FALSE)),0,VLOOKUP(I$31,$B$4:$D$17,3)) -> 0 | ... O37: =IF(ISERROR(VLOOKUP(O$31,$I$20:$I$24,1,FALSE)),0,VLOOKUP(O$31,$B$4:$D$17,3)) -> 0 | P37: =SUM(B37:O37,Q37) -> 0
A38: ='Decision Sheet'!L$2 -> Period 7 | B38: =IF(ISERROR(VLOOKUP(B$31,$J$20:$J$24,1,FALSE)),0,VLOOKUP(B$31,$B$4:$D$17,3)) -> 0 | C38: =IF(ISERROR(VLOOKUP(C$31,$J$20:$J$24,1,FALSE)),0,VLOOKUP(C$31,$B$4:$D$17,3)) -> 0 | D38: =IF(ISERROR(VLOOKUP(D$31,$J$20:$J$24,1,FALSE)),0,VLOOKUP(D$31,$B$4:$D$17,3)) -> 0 | E38: =IF(ISERROR(VLOOKUP(E$31,$J$20:$J$24,1,FALSE)),0,VLOOKUP(E$31,$B$4:$D$17,3)) -> 0 | F38: =IF(ISERROR(VLOOKUP(F$31,$J$20:$J$24,1,FALSE)),0,VLOOKUP(F$31,$B$4:$D$17,3)) -> 0 | G38: =IF(ISERROR(VLOOKUP(G$31,$J$20:$J$24,1,FALSE)),0,VLOOKUP(G$31,$B$4:$D$17,3)) -> 0 | H38: =IF(ISERROR(VLOOKUP(H$31,$J$20:$J$24,1,FALSE)),0,VLOOKUP(H$31,$B$4:$D$17,3)) -> 0 | I38: =IF(ISERROR(VLOOKUP(I$31,$J$20:$J$24,1,FALSE)),0,VLOOKUP(I$31,$B$4:$D$17,3)) -> 0 | ... O38: =IF(ISERROR(VLOOKUP(O$31,$J$20:$J$24,1,FALSE)),0,VLOOKUP(O$31,$B$4:$D$17,3)) -> 0 | P38: =SUM(B38:O38,Q38) -> 0
A39: ='Decision Sheet'!M$2 -> Period 8 | B39: =IF(ISERROR(VLOOKUP(B$31,$K$20:$K$24,1,FALSE)),0,VLOOKUP(B$31,$B$4:$D$17,3)) -> 0 | C39: =IF(ISERROR(VLOOKUP(C$31,$K$20:$K$24,1,FALSE)),0,VLOOKUP(C$31,$B$4:$D$17,3)) -> 0 | D39: =IF(ISERROR(VLOOKUP(D$31,$K$20:$K$24,1,FALSE)),0,VLOOKUP(D$31,$B$4:$D$17,3)) -> 0 | E39: =IF(ISERROR(VLOOKUP(E$31,$K$20:$K$24,1,FALSE)),0,VLOOKUP(E$31,$B$4:$D$17,3)) -> 0 | F39: =IF(ISERROR(VLOOKUP(F$31,$K$20:$K$24,1,FALSE)),0,VLOOKUP(F$31,$B$4:$D$17,3)) -> 0 | G39: =IF(ISERROR(VLOOKUP(G$31,$K$20:$K$24,1,FALSE)),0,VLOOKUP(G$31,$B$4:$D$17,3)) -> 0 | H39: =IF(ISERROR(VLOOKUP(H$31,$K$20:$K$24,1,FALSE)),0,VLOOKUP(H$31,$B$4:$D$17,3)) -> 0 | I39: =IF(ISERROR(VLOOKUP(I$31,$K$20:$K$24,1,FALSE)),0,VLOOKUP(I$31,$B$4:$D$17,3)) -> 0 | ... O39: =IF(ISERROR(VLOOKUP(O$31,$K$20:$K$24,1,FALSE)),0,VLOOKUP(O$31,$B$4:$D$17,3)) -> 0 | P39: =SUM(B39:O39,Q39) -> 0
A40: ='Decision Sheet'!N$2 -> Period 9 | B40: =IF(ISERROR(VLOOKUP(B$31,$L$20:$L$24,1,FALSE)),0,VLOOKUP(B$31,$B$4:$D$17,3)) -> 0 | C40: =IF(ISERROR(VLOOKUP(C$31,$L$20:$L$24,1,FALSE)),0,VLOOKUP(C$31,$B$4:$D$17,3)) -> 0 | D40: =IF(ISERROR(VLOOKUP(D$31,$L$20:$L$24,1,FALSE)),0,VLOOKUP(D$31,$B$4:$D$17,3)) -> 0 | E40: =IF(ISERROR(VLOOKUP(E$31,$L$20:$L$24,1,FALSE)),0,VLOOKUP(E$31,$B$4:$D$17,3)) -> 0 | F40: =IF(ISERROR(VLOOKUP(F$31,$L$20:$L$24,1,FALSE)),0,VLOOKUP(F$31,$B$4:$D$17,3)) -> 0 | G40: =IF(ISERROR(VLOOKUP(G$31,$L$20:$L$24,1,FALSE)),0,VLOOKUP(G$31,$B$4:$D$17,3)) -> 0 | H40: =IF(ISERROR(VLOOKUP(H$31,$L$20:$L$24,1,FALSE)),0,VLOOKUP(H$31,$B$4:$D$17,3)) -> 0 | I40: =IF(ISERROR(VLOOKUP(I$31,$L$20:$L$24,1,FALSE)),0,VLOOKUP(I$31,$B$4:$D$17,3)) -> 0 | ... O40: =IF(ISERROR(VLOOKUP(O$31,$L$20:$L$24,1,FALSE)),0,VLOOKUP(O$31,$B$4:$D$17,3)) -> 0 | P40: =SUM(B40:O40,Q40) -> 0
A41: ='Decision Sheet'!O$2 -> Period 10 | B41: =IF(ISERROR(VLOOKUP(B$31,$M$20:$M$24,1,FALSE)),0,VLOOKUP(B$31,$B$4:$D$17,3)) -> 0 | C41: =IF(ISERROR(VLOOKUP(C$31,$M$20:$M$24,1,FALSE)),0,VLOOKUP(C$31,$B$4:$D$17,3)) -> 0 | D41: =IF(ISERROR(VLOOKUP(D$31,$M$20:$M$24,1,FALSE)),0,VLOOKUP(D$31,$B$4:$D$17,3)) -> 0 | E41: =IF(ISERROR(VLOOKUP(E$31,$M$20:$M$24,1,FALSE)),0,VLOOKUP(E$31,$B$4:$D$17,3)) -> 0 | F41: =IF(ISERROR(VLOOKUP(F$31,$M$20:$M$24,1,FALSE)),0,VLOOKUP(F$31,$B$4:$D$17,3)) -> 0 | G41: =IF(ISERROR(VLOOKUP(G$31,$M$20:$M$24,1,FALSE)),0,VLOOKUP(G$31,$B$4:$D$17,3)) -> 0 | H41: =IF(ISERROR(VLOOKUP(H$31,$M$20:$M$24,1,FALSE)),0,VLOOKUP(H$31,$B$4:$D$17,3)) -> 0 | I41: =IF(ISERROR(VLOOKUP(I$31,$M$20:$M$24,1,FALSE)),0,VLOOKUP(I$31,$B$4:$D$17,3)) -> 0 | ... O41: =IF(ISERROR(VLOOKUP(O$31,$M$20:$M$24,1,FALSE)),0,VLOOKUP(O$31,$B$4:$D$17,3)) -> 0 | P41: =SUM(B41:O41,Q41) -> 0
A42: ='Decision Sheet'!P$2 -> Period 11 | B42: =IF(ISERROR(VLOOKUP(B$31,$N$20:$N$24,1,FALSE)),0,VLOOKUP(B$31,$B$4:$D$17,3)) -> 0 | C42: =IF(ISERROR(VLOOKUP(C$31,$N$20:$N$24,1,FALSE)),0,VLOOKUP(C$31,$B$4:$D$17,3)) -> 0 | D42: =IF(ISERROR(VLOOKUP(D$31,$N$20:$N$24,1,FALSE)),0,VLOOKUP(D$31,$B$4:$D$17,3)) -> 0 | E42: =IF(ISERROR(VLOOKUP(E$31,$N$20:$N$24,1,FALSE)),0,VLOOKUP(E$31,$B$4:$D$17,3)) -> 0 | F42: =IF(ISERROR(VLOOKUP(F$31,$N$20:$N$24,1,FALSE)),0,VLOOKUP(F$31,$B$4:$D$17,3)) -> 0 | G42: =IF(ISERROR(VLOOKUP(G$31,$N$20:$N$24,1,FALSE)),0,VLOOKUP(G$31,$B$4:$D$17,3)) -> 0 | H42: =IF(ISERROR(VLOOKUP(H$31,$N$20:$N$24,1,FALSE)),0,VLOOKUP(H$31,$B$4:$D$17,3)) -> 0 | I42: =IF(ISERROR(VLOOKUP(I$31,$N$20:$N$24,1,FALSE)),0,VLOOKUP(I$31,$B$4:$D$17,3)) -> 0 | ... O42: =IF(ISERROR(VLOOKUP(O$31,$N$20:$N$24,1,FALSE)),0,VLOOKUP(O$31,$B$4:$D$17,3)) -> 0 | P42: =SUM(B42:O42,Q42) -> 0
A43: ='Decision Sheet'!Q$2 -> Period 12 | B43: =IF(ISERROR(VLOOKUP(B$31,$O$20:$O$24,1,FALSE)),0,VLOOKUP(B$31,$B$4:$D$17,3)) -> 0 | C43: =IF(ISERROR(VLOOKUP(C$31,$O$20:$O$24,1,FALSE)),0,VLOOKUP(C$31,$B$4:$D$17,3)) -> 0 | D43: =IF(ISERROR(VLOOKUP(D$31,$O$20:$O$24,1,FALSE)),0,VLOOKUP(D$31,$B$4:$D$17,3)) -> 0 | E43: =IF(ISERROR(VLOOKUP(E$31,$O$20:$O$24,1,FALSE)),0,VLOOKUP(E$31,$B$4:$D$17,3)) -> 0 | F43: =IF(ISERROR(VLOOKUP(F$31,$O$20:$O$24,1,FALSE)),0,VLOOKUP(F$31,$B$4:$D$17,3)) -> 0 | G43: =IF(ISERROR(VLOOKUP(G$31,$O$20:$O$24,1,FALSE)),0,VLOOKUP(G$31,$B$4:$D$17,3)) -> 0 | H43: =IF(ISERROR(VLOOKUP(H$31,$O$20:$O$24,1,FALSE)),0,VLOOKUP(H$31,$B$4:$D$17,3)) -> 0 | I43: =IF(ISERROR(VLOOKUP(I$31,$O$20:$O$24,1,FALSE)),0,VLOOKUP(I$31,$B$4:$D$17,3)) -> 0 | ... O43: =IF(ISERROR(VLOOKUP(O$31,$O$20:$O$24,1,FALSE)),0,VLOOKUP(O$31,$B$4:$D$17,3)) -> 0 | P43: =SUM(B43:O43,Q43) -> 0
A44: Supplier Totals | B44: =SUM(B32:B43) -> 0 | C44: =SUM(C32:C43) -> 0 | D44: =SUM(D32:D43) -> 0 | E44: =SUM(E32:E43) -> 0 | F44: =SUM(F32:F43) -> 0 | G44: =SUM(G32:G43) -> 0 | H44: =SUM(H32:H43) -> 0 | I44: =SUM(I32:I43) -> 0 | ... P44: =SUM(P32:P43) -> 0
A46: Supplier Setup Costs (only counted once) | B46: Equipment 1 | C46: Equipment 2 | D46: Equipment 3 | E46: Equipment 4 | F46: Supplier 1 | G46: Supplier 2 | H46: Supplier 3 | I46: Supplier 4 | J46: Supplier 5 | K46: Supplier 6 | L46: Supplier 7 | M46: Supplier 8 | N46: Supplier 9 | O46: Supplier 10 | P46: Total
A47: ='Decision Sheet'!F$2 -> Period 1 | B47: =IF(ISERROR(VLOOKUP(B$31,$D$20:$D$24,1,FALSE)),0,VLOOKUP(B$31,$B$4:$D$17,2)) -> 0 | C47: =IF(ISERROR(VLOOKUP(C$31,$D$20:$D$24,1,FALSE)),0,VLOOKUP(C$31,$B$4:$D$17,2)) -> 0 | D47: =IF(ISERROR(VLOOKUP(D$31,$D$20:$D$24,1,FALSE)),0,VLOOKUP(D$31,$B$4:$D$17,2)) -> 0 | E47: =IF(ISERROR(VLOOKUP(E$31,$D$20:$D$24,1,FALSE)),0,VLOOKUP(E$31,$B$4:$D$17,2)) -> 0 | F47: =IF(ISERROR(VLOOKUP(F$31,$D$20:$D$24,1,FALSE)),0,VLOOKUP(F$31,$B$4:$D$17,2)) -> 0 | G47: =IF(ISERROR(VLOOKUP(G$31,$D$20:$D$24,1,FALSE)),0,VLOOKUP(G$31,$B$4:$D$17,2)) -> 0 | H47: =IF(ISERROR(VLOOKUP(H$31,$D$20:$D$24,1,FALSE)),0,VLOOKUP(H$31,$B$4:$D$17,2)) -> 0 | I47: =IF(ISERROR(VLOOKUP(I$31,$D$20:$D$24,1,FALSE)),0,VLOOKUP(I$31,$B$4:$D$17,2)) -> 0 | ... O47: =IF(ISERROR(VLOOKUP(O$31,$D$20:$D$24,1,FALSE)),0,VLOOKUP(O$31,$B$4:$D$17,2)) -> 0 | P47: =SUM(B47:O47) -> 0
A48: ='Decision Sheet'!G$2 -> Period 2 | B48: =IF(ISERROR(VLOOKUP(B$31,$E$20:$E$24,1,FALSE)),0,VLOOKUP(B$31,$B$4:$D$17,2)-SUM(B$47:B47)) -> 0 | C48: =IF(ISERROR(VLOOKUP(C$31,$E$20:$E$24,1,FALSE)),0,VLOOKUP(C$31,$B$4:$D$17,2)-SUM(C$47:C47)) -> 0 | D48: =IF(ISERROR(VLOOKUP(D$31,$E$20:$E$24,1,FALSE)),0,VLOOKUP(D$31,$B$4:$D$17,2)-SUM(D$47:D47)) -> 0 | E48: =IF(ISERROR(VLOOKUP(E$31,$E$20:$E$24,1,FALSE)),0,VLOOKUP(E$31,$B$4:$D$17,2)-SUM(E$47:E47)) -> 0 | F48: =IF(ISERROR(VLOOKUP(F$31,$E$20:$E$24,1,FALSE)),0,VLOOKUP(F$31,$B$4:$D$17,2)-SUM(F$47:F47)) -> 0 | G48: =IF(ISERROR(VLOOKUP(G$31,$E$20:$E$24,1,FALSE)),0,VLOOKUP(G$31,$B$4:$D$17,2)-SUM(G$47:G47)) -> 0 | H48: =IF(ISERROR(VLOOKUP(H$31,$E$20:$E$24,1,FALSE)),0,VLOOKUP(H$31,$B$4:$D$17,2)-SUM(H$47:H47)) -> 0 | I48: =IF(ISERROR(VLOOKUP(I$31,$E$20:$E$24,1,FALSE)),0,VLOOKUP(I$31,$B$4:$D$17,2)-SUM(I$47:I47)) -> 0 | ... O48: =IF(ISERROR(VLOOKUP(O$31,$E$20:$E$24,1,FALSE)),0,VLOOKUP(O$31,$B$4:$D$17,2)-SUM(O$47:O47)) -> 0 | P48: =SUM(B48:O48) -> 0
A49: ='Decision Sheet'!H$2 -> Period 3 | B49: =IF(ISERROR(VLOOKUP(B$31,$F$20:$F$24,1,FALSE)),0,VLOOKUP(B$31,$B$4:$D$17,2)-SUM(B$47:B48)) -> 0 | C49: =IF(ISERROR(VLOOKUP(C$31,$F$20:$F$24,1,FALSE)),0,VLOOKUP(C$31,$B$4:$D$17,2)-SUM(C$47:C48)) -> 0 | D49: =IF(ISERROR(VLOOKUP(D$31,$F$20:$F$24,1,FALSE)),0,VLOOKUP(D$31,$B$4:$D$17,2)-SUM(D$47:D48)) -> 0 | E49: =IF(ISERROR(VLOOKUP(E$31,$F$20:$F$24,1,FALSE)),0,VLOOKUP(E$31,$B$4:$D$17,2)-SUM(E$47:E48)) -> 0 | F49: =IF(ISERROR(VLOOKUP(F$31,$F$20:$F$24,1,FALSE)),0,VLOOKUP(F$31,$B$4:$D$17,2)-SUM(F$47:F48)) -> 0 | G49: =IF(ISERROR(VLOOKUP(G$31,$F$20:$F$24,1,FALSE)),0,VLOOKUP(G$31,$B$4:$D$17,2)-SUM(G$47:G48)) -> 0 | H49: =IF(ISERROR(VLOOKUP(H$31,$F$20:$F$24,1,FALSE)),0,VLOOKUP(H$31,$B$4:$D$17,2)-SUM(H$47:H48)) -> 0 | I49: =IF(ISERROR(VLOOKUP(I$31,$F$20:$F$24,1,FALSE)),0,VLOOKUP(I$31,$B$4:$D$17,2)-SUM(I$47:I48)) -> 0 | ... O49: =IF(ISERROR(VLOOKUP(O$31,$F$20:$F$24,1,FALSE)),0,VLOOKUP(O$31,$B$4:$D$17,2)-SUM(O$47:O48)) -> 0 | P49: =SUM(B49:O49) -> 0
A50: ='Decision Sheet'!I$2 -> Period 4 | B50: =IF(ISERROR(VLOOKUP(B$31,$G$20:$G$24,1,FALSE)),0,VLOOKUP(B$31,$B$4:$D$17,2)-SUM(B$47:B48)) -> 0 | C50: =IF(ISERROR(VLOOKUP(C$31,$G$20:$G$24,1,FALSE)),0,VLOOKUP(C$31,$B$4:$D$17,2)-SUM(C$47:C48)) -> 0 | D50: =IF(ISERROR(VLOOKUP(D$31,$G$20:$G$24,1,FALSE)),0,VLOOKUP(D$31,$B$4:$D$17,2)-SUM(D$47:D48)) -> 0 | E50: =IF(ISERROR(VLOOKUP(E$31,$G$20:$G$24,1,FALSE)),0,VLOOKUP(E$31,$B$4:$D$17,2)-SUM(E$47:E48)) -> 0 | F50: =IF(ISERROR(VLOOKUP(F$31,$G$20:$G$24,1,FALSE)),0,VLOOKUP(F$31,$B$4:$D$17,2)-SUM(F$47:F48)) -> 0 | G50: =IF(ISERROR(VLOOKUP(G$31,$G$20:$G$24,1,FALSE)),0,VLOOKUP(G$31,$B$4:$D$17,2)-SUM(G$47:G48)) -> 0 | H50: =IF(ISERROR(VLOOKUP(H$31,$G$20:$G$24,1,FALSE)),0,VLOOKUP(H$31,$B$4:$D$17,2)-SUM(H$47:H48)) -> 0 | I50: =IF(ISERROR(VLOOKUP(I$31,$G$20:$G$24,1,FALSE)),0,VLOOKUP(I$31,$B$4:$D$17,2)-SUM(I$47:I48)) -> 0 | ... O50: =IF(ISERROR(VLOOKUP(O$31,$G$20:$G$24,1,FALSE)),0,VLOOKUP(O$31,$B$4:$D$17,2)-SUM(O$47:O48)) -> 0 | P50: =SUM(B50:O50) -> 0
A51: ='Decision Sheet'!J$2 -> Period 5 | B51: =IF(ISERROR(VLOOKUP(B$31,$H$20:$H$24,1,FALSE)),0,VLOOKUP(B$31,$B$4:$D$17,2)-SUM(B$47:B48)) -> 0 | C51: =IF(ISERROR(VLOOKUP(C$31,$H$20:$H$24,1,FALSE)),0,VLOOKUP(C$31,$B$4:$D$17,2)-SUM(C$47:C48)) -> 0 | D51: =IF(ISERROR(VLOOKUP(D$31,$H$20:$H$24,1,FALSE)),0,VLOOKUP(D$31,$B$4:$D$17,2)-SUM(D$47:D48)) -> 0 | E51: =IF(ISERROR(VLOOKUP(E$31,$H$20:$H$24,1,FALSE)),0,VLOOKUP(E$31,$B$4:$D$17,2)-SUM(E$47:E48)) -> 0 | F51: =IF(ISERROR(VLOOKUP(F$31,$H$20:$H$24,1,FALSE)),0,VLOOKUP(F$31,$B$4:$D$17,2)-SUM(F$47:F48)) -> 0 | G51: =IF(ISERROR(VLOOKUP(G$31,$H$20:$H$24,1,FALSE)),0,VLOOKUP(G$31,$B$4:$D$17,2)-SUM(G$47:G48)) -> 0 | H51: =IF(ISERROR(VLOOKUP(H$31,$H$20:$H$24,1,FALSE)),0,VLOOKUP(H$31,$B$4:$D$17,2)-SUM(H$47:H48)) -> 0 | I51: =IF(ISERROR(VLOOKUP(I$31,$H$20:$H$24,1,FALSE)),0,VLOOKUP(I$31,$B$4:$D$17,2)-SUM(I$47:I48)) -> 0 | ... O51: =IF(ISERROR(VLOOKUP(O$31,$H$20:$H$24,1,FALSE)),0,VLOOKUP(O$31,$B$4:$D$17,2)-SUM(O$47:O48)) -> 0 | P51: =SUM(B51:O51) -> 0
A52: ='Decision Sheet'!K$2 -> Period 6 | B52: =IF(ISERROR(VLOOKUP(B$31,$I$20:$I$24,1,FALSE)),0,VLOOKUP(B$31,$B$4:$D$17,2)-SUM(B$47:B48)) -> 0 | C52: =IF(ISERROR(VLOOKUP(C$31,$I$20:$I$24,1,FALSE)),0,VLOOKUP(C$31,$B$4:$D$17,2)-SUM(C$47:C48)) -> 0 | D52: =IF(ISERROR(VLOOKUP(D$31,$I$20:$I$24,1,FALSE)),0,VLOOKUP(D$31,$B$4:$D$17,2)-SUM(D$47:D48)) -> 0 | E52: =IF(ISERROR(VLOOKUP(E$31,$I$20:$I$24,1,FALSE)),0,VLOOKUP(E$31,$B$4:$D$17,2)-SUM(E$47:E48)) -> 0 | F52: =IF(ISERROR(VLOOKUP(F$31,$I$20:$I$24,1,FALSE)),0,VLOOKUP(F$31,$B$4:$D$17,2)-SUM(F$47:F48)) -> 0 | G52: =IF(ISERROR(VLOOKUP(G$31,$I$20:$I$24,1,FALSE)),0,VLOOKUP(G$31,$B$4:$D$17,2)-SUM(G$47:G48)) -> 0 | H52: =IF(ISERROR(VLOOKUP(H$31,$I$20:$I$24,1,FALSE)),0,VLOOKUP(H$31,$B$4:$D$17,2)-SUM(H$47:H48)) -> 0 | I52: =IF(ISERROR(VLOOKUP(I$31,$I$20:$I$24,1,FALSE)),0,VLOOKUP(I$31,$B$4:$D$17,2)-SUM(I$47:I48)) -> 0 | ... O52: =IF(ISERROR(VLOOKUP(O$31,$I$20:$I$24,1,FALSE)),0,VLOOKUP(O$31,$B$4:$D$17,2)-SUM(O$47:O48)) -> 0 | P52: =SUM(B52:O52) -> 0
A53: ='Decision Sheet'!L$2 -> Period 7 | B53: =IF(ISERROR(VLOOKUP(B$31,$J$20:$J$24,1,FALSE)),0,VLOOKUP(B$31,$B$4:$D$17,2)-SUM(B$47:B48)) -> 0 | C53: =IF(ISERROR(VLOOKUP(C$31,$J$20:$J$24,1,FALSE)),0,VLOOKUP(C$31,$B$4:$D$17,2)-SUM(C$47:C48)) -> 0 | D53: =IF(ISERROR(VLOOKUP(D$31,$J$20:$J$24,1,FALSE)),0,VLOOKUP(D$31,$B$4:$D$17,2)-SUM(D$47:D48)) -> 0 | E53: =IF(ISERROR(VLOOKUP(E$31,$J$20:$J$24,1,FALSE)),0,VLOOKUP(E$31,$B$4:$D$17,2)-SUM(E$47:E48)) -> 0 | F53: =IF(ISERROR(VLOOKUP(F$31,$J$20:$J$24,1,FALSE)),0,VLOOKUP(F$31,$B$4:$D$17,2)-SUM(F$47:F48)) -> 0 | G53: =IF(ISERROR(VLOOKUP(G$31,$J$20:$J$24,1,FALSE)),0,VLOOKUP(G$31,$B$4:$D$17,2)-SUM(G$47:G48)) -> 0 | H53: =IF(ISERROR(VLOOKUP(H$31,$J$20:$J$24,1,FALSE)),0,VLOOKUP(H$31,$B$4:$D$17,2)-SUM(H$47:H48)) -> 0 | I53: =IF(ISERROR(VLOOKUP(I$31,$J$20:$J$24,1,FALSE)),0,VLOOKUP(I$31,$B$4:$D$17,2)-SUM(I$47:I48)) -> 0 | ... O53: =IF(ISERROR(VLOOKUP(O$31,$J$20:$J$24,1,FALSE)),0,VLOOKUP(O$31,$B$4:$D$17,2)-SUM(O$47:O48)) -> 0 | P53: =SUM(B53:O53) -> 0
A54: ='Decision Sheet'!M$2 -> Period 8 | B54: =IF(ISERROR(VLOOKUP(B$31,$K$20:$K$24,1,FALSE)),0,VLOOKUP(B$31,$B$4:$D$17,2)-SUM(B$47:B48)) -> 0 | C54: =IF(ISERROR(VLOOKUP(C$31,$K$20:$K$24,1,FALSE)),0,VLOOKUP(C$31,$B$4:$D$17,2)-SUM(C$47:C48)) -> 0 | D54: =IF(ISERROR(VLOOKUP(D$31,$K$20:$K$24,1,FALSE)),0,VLOOKUP(D$31,$B$4:$D$17,2)-SUM(D$47:D48)) -> 0 | E54: =IF(ISERROR(VLOOKUP(E$31,$K$20:$K$24,1,FALSE)),0,VLOOKUP(E$31,$B$4:$D$17,2)-SUM(E$47:E48)) -> 0 | F54: =IF(ISERROR(VLOOKUP(F$31,$K$20:$K$24,1,FALSE)),0,VLOOKUP(F$31,$B$4:$D$17,2)-SUM(F$47:F48)) -> 0 | G54: =IF(ISERROR(VLOOKUP(G$31,$K$20:$K$24,1,FALSE)),0,VLOOKUP(G$31,$B$4:$D$17,2)-SUM(G$47:G48)) -> 0 | H54: =IF(ISERROR(VLOOKUP(H$31,$K$20:$K$24,1,FALSE)),0,VLOOKUP(H$31,$B$4:$D$17,2)-SUM(H$47:H48)) -> 0 | I54: =IF(ISERROR(VLOOKUP(I$31,$K$20:$K$24,1,FALSE)),0,VLOOKUP(I$31,$B$4:$D$17,2)-SUM(I$47:I48)) -> 0 | ... O54: =IF(ISERROR(VLOOKUP(O$31,$K$20:$K$24,1,FALSE)),0,VLOOKUP(O$31,$B$4:$D$17,2)-SUM(O$47:O48)) -> 0 | P54: =SUM(B54:O54) -> 0
A55: ='Decision Sheet'!N$2 -> Period 9 | B55: =IF(ISERROR(VLOOKUP(B$31,$L$20:$L$24,1,FALSE)),0,VLOOKUP(B$31,$B$4:$D$17,2)-SUM(B$47:B48)) -> 0 | C55: =IF(ISERROR(VLOOKUP(C$31,$L$20:$L$24,1,FALSE)),0,VLOOKUP(C$31,$B$4:$D$17,2)-SUM(C$47:C48)) -> 0 | D55: =IF(ISERROR(VLOOKUP(D$31,$L$20:$L$24,1,FALSE)),0,VLOOKUP(D$31,$B$4:$D$17,2)-SUM(D$47:D48)) -> 0 | E55: =IF(ISERROR(VLOOKUP(E$31,$L$20:$L$24,1,FALSE)),0,VLOOKUP(E$31,$B$4:$D$17,2)-SUM(E$47:E48)) -> 0 | F55: =IF(ISERROR(VLOOKUP(F$31,$L$20:$L$24,1,FALSE)),0,VLOOKUP(F$31,$B$4:$D$17,2)-SUM(F$47:F48)) -> 0 | G55: =IF(ISERROR(VLOOKUP(G$31,$L$20:$L$24,1,FALSE)),0,VLOOKUP(G$31,$B$4:$D$17,2)-SUM(G$47:G48)) -> 0 | H55: =IF(ISERROR(VLOOKUP(H$31,$L$20:$L$24,1,FALSE)),0,VLOOKUP(H$31,$B$4:$D$17,2)-SUM(H$47:H48)) -> 0 | I55: =IF(ISERROR(VLOOKUP(I$31,$L$20:$L$24,1,FALSE)),0,VLOOKUP(I$31,$B$4:$D$17,2)-SUM(I$47:I48)) -> 0 | ... O55: =IF(ISERROR(VLOOKUP(O$31,$L$20:$L$24,1,FALSE)),0,VLOOKUP(O$31,$B$4:$D$17,2)-SUM(O$47:O48)) -> 0 | P55: =SUM(B55:O55) -> 0
A56: ='Decision Sheet'!O$2 -> Period 10 | B56: =IF(ISERROR(VLOOKUP(B$31,$M$20:$M$24,1,FALSE)),0,VLOOKUP(B$31,$B$4:$D$17,2)-SUM(B$47:B48)) -> 0 | C56: =IF(ISERROR(VLOOKUP(C$31,$M$20:$M$24,1,FALSE)),0,VLOOKUP(C$31,$B$4:$D$17,2)-SUM(C$47:C48)) -> 0 | D56: =IF(ISERROR(VLOOKUP(D$31,$M$20:$M$24,1,FALSE)),0,VLOOKUP(D$31,$B$4:$D$17,2)-SUM(D$47:D48)) -> 0 | E56: =IF(ISERROR(VLOOKUP(E$31,$M$20:$M$24,1,FALSE)),0,VLOOKUP(E$31,$B$4:$D$17,2)-SUM(E$47:E48)) -> 0 | F56: =IF(ISERROR(VLOOKUP(F$31,$M$20:$M$24,1,FALSE)),0,VLOOKUP(F$31,$B$4:$D$17,2)-SUM(F$47:F48)) -> 0 | G56: =IF(ISERROR(VLOOKUP(G$31,$M$20:$M$24,1,FALSE)),0,VLOOKUP(G$31,$B$4:$D$17,2)-SUM(G$47:G48)) -> 0 | H56: =IF(ISERROR(VLOOKUP(H$31,$M$20:$M$24,1,FALSE)),0,VLOOKUP(H$31,$B$4:$D$17,2)-SUM(H$47:H48)) -> 0 | I56: =IF(ISERROR(VLOOKUP(I$31,$M$20:$M$24,1,FALSE)),0,VLOOKUP(I$31,$B$4:$D$17,2)-SUM(I$47:I48)) -> 0 | ... O56: =IF(ISERROR(VLOOKUP(O$31,$M$20:$M$24,1,FALSE)),0,VLOOKUP(O$31,$B$4:$D$17,2)-SUM(O$47:O48)) -> 0 | P56: =SUM(B56:O56) -> 0
A57: ='Decision Sheet'!P$2 -> Period 11 | B57: =IF(ISERROR(VLOOKUP(B$31,$N$20:$N$24,1,FALSE)),0,VLOOKUP(B$31,$B$4:$D$17,2)-SUM(B$47:B48)) -> 0 | C57: =IF(ISERROR(VLOOKUP(C$31,$N$20:$N$24,1,FALSE)),0,VLOOKUP(C$31,$B$4:$D$17,2)-SUM(C$47:C48)) -> 0 | D57: =IF(ISERROR(VLOOKUP(D$31,$N$20:$N$24,1,FALSE)),0,VLOOKUP(D$31,$B$4:$D$17,2)-SUM(D$47:D48)) -> 0 | E57: =IF(ISERROR(VLOOKUP(E$31,$N$20:$N$24,1,FALSE)),0,VLOOKUP(E$31,$B$4:$D$17,2)-SUM(E$47:E48)) -> 0 | F57: =IF(ISERROR(VLOOKUP(F$31,$N$20:$N$24,1,FALSE)),0,VLOOKUP(F$31,$B$4:$D$17,2)-SUM(F$47:F48)) -> 0 | G57: =IF(ISERROR(VLOOKUP(G$31,$N$20:$N$24,1,FALSE)),0,VLOOKUP(G$31,$B$4:$D$17,2)-SUM(G$47:G48)) -> 0 | H57: =IF(ISERROR(VLOOKUP(H$31,$N$20:$N$24,1,FALSE)),0,VLOOKUP(H$31,$B$4:$D$17,2)-SUM(H$47:H48)) -> 0 | I57: =IF(ISERROR(VLOOKUP(I$31,$N$20:$N$24,1,FALSE)),0,VLOOKUP(I$31,$B$4:$D$17,2)-SUM(I$47:I48)) -> 0 | ... O57: =IF(ISERROR(VLOOKUP(O$31,$N$20:$N$24,1,FALSE)),0,VLOOKUP(O$31,$B$4:$D$17,2)-SUM(O$47:O48)) -> 0 | P57: =SUM(B57:O57) -> 0
A58: ='Decision Sheet'!Q$2 -> Period 12 | B58: =IF(ISERROR(VLOOKUP(B$31,$O$20:$O$24,1,FALSE)),0,VLOOKUP(B$31,$B$4:$D$17,2)-SUM(B$47:B48)) -> 0 | C58: =IF(ISERROR(VLOOKUP(C$31,$O$20:$O$24,1,FALSE)),0,VLOOKUP(C$31,$B$4:$D$17,2)-SUM(C$47:C48)) -> 0 | D58: =IF(ISERROR(VLOOKUP(D$31,$O$20:$O$24,1,FALSE)),0,VLOOKUP(D$31,$B$4:$D$17,2)-SUM(D$47:D48)) -> 0 | E58: =IF(ISERROR(VLOOKUP(E$31,$O$20:$O$24,1,FALSE)),0,VLOOKUP(E$31,$B$4:$D$17,2)-SUM(E$47:E48)) -> 0 | F58: =IF(ISERROR(VLOOKUP(F$31,$O$20:$O$24,1,FALSE)),0,VLOOKUP(F$31,$B$4:$D$17,2)-SUM(F$47:F48)) -> 0 | G58: =IF(ISERROR(VLOOKUP(G$31,$O$20:$O$24,1,FALSE)),0,VLOOKUP(G$31,$B$4:$D$17,2)-SUM(G$47:G48)) -> 0 | H58: =IF(ISERROR(VLOOKUP(H$31,$O$20:$O$24,1,FALSE)),0,VLOOKUP(H$31,$B$4:$D$17,2)-SUM(H$47:H48)) -> 0 | I58: =IF(ISERROR(VLOOKUP(I$31,$O$20:$O$24,1,FALSE)),0,VLOOKUP(I$31,$B$4:$D$17,2)-SUM(I$47:I48)) -> 0 | ... O58: =IF(ISERROR(VLOOKUP(O$31,$O$20:$O$24,1,FALSE)),0,VLOOKUP(O$31,$B$4:$D$17,2)-SUM(O$47:O48)) -> 0 | P58: =SUM(B58:O58) -> 0
A59: Total: | B59: =MAX(B47:B58) -> 0 | C59: =MAX(C47:C58) -> 0 | D59: =MAX(D47:D58) -> 0 | E59: =MAX(E47:E58) -> 0 | F59: =MAX(F47:F58) -> 0 | G59: =MAX(G47:G58) -> 0 | H59: =MAX(H47:H58) -> 0 | I59: =MAX(I47:I58) -> 0 | ... O59: =MAX(O47:O58) -> 0 | P59: =SUM(B59:O59) -> 0

Sheet Product Pricing Sheet
A1: Product A
A3: Period | C3: Material Costs | D3: Event Modifier | E3: Variable Labor Costs | F3: Sell Price | G3: ICC (Per Period)
A4: ='Decision Sheet'!F$2 -> Period 1 | C4: ='Supplier Management Sheet'!D$25 | E4: 5 | F4: 15 | G4: 0.2
A5: ='Decision Sheet'!G$2 -> Period 2 | C5: ='Supplier Management Sheet'!E$25 | E5: 5 | F5: 15 | G5: 0.2
A6: ='Decision Sheet'!H$2 -> Period 3 | C6: ='Supplier Management Sheet'!F$25 | E6: 5 | F6: 15 | G6: 0.2
A7: ='Decision Sheet'!I$2 -> Period 4 | C7: ='Supplier Management Sheet'!G$25 | E7: 5 | F7: 15 | G7: 0.2
A8: ='Decision Sheet'!J$2 -> Period 5 | C8: ='Supplier Management Sheet'!H$25 | E8: 5 | F8: 15 | G8: 0.2
A9: ='Decision Sheet'!K$2 -> Period 6 | C9: ='Supplier Management Sheet'!I$25 | E9: 5 | F9: 15 | G9: 0.2
A10: ='Decision Sheet'!L$2 -> Period 7 | C10: ='Supplier Management Sheet'!J$25 | E10: 5 | F10: 15 | G10: 0.2
A11: ='Decision Sheet'!M$2 -> Period 8 | C11: ='Supplier Management Sheet'!K$25 | E11: 5 | F11: 15 | G11: 0.2
A12: ='Decision Sheet'!N$2 -> Period 9 | C12: ='Supplier Management Sheet'!L$25 | E12: 5 | F12: 15 | G12: 0.2
A13: ='Decision Sheet'!O$2 -> Period 10 | C13: ='Supplier Management Sheet'!M$25 | E13: 5 | F13: 15 | G13: 0.2
A14: ='Decision Sheet'!P$2 -> Period 11 | C14: ='Supplier Management Sheet'!N$25 | E14: 5 | F14: 15 | G14: 0.2
A15: ='Decision Sheet'!Q$2 -> Period 12 | C15: ='Supplier Management Sheet'!O$25 | E15: 5 | F15: 15 | G15: 0.2
A17: Product B
A19: Period | C19: Material Costs | D19: Event Modifier | E19: Variable Labor Costs | F19: Sell Price | G19: ICC (Per Period)
A20: ='Decision Sheet'!F$2 -> Period 1 | C20: ='Supplier Management Sheet'!D$26 | E20: 5 | F20: 15 | G20: 0.2
A21: ='Decision Sheet'!G$2 -> Period 2 | C21: ='Supplier Management Sheet'!E$26 | E21: 5 | F21: 15 | G21: 0.2
A22: ='Decision Sheet'!H$2 -> Period 3 | C22: ='Supplier Management Sheet'!F$26 | E22: 5 | F22: 15 | G22: 0.2
A23: ='Decision Sheet'!I$2 -> Period 4 | C23: ='Supplier Management Sheet'!G$26 | E23: 5 | F23: 15 | G23: 0.2
A24: ='Decision Sheet'!J$2 -> Period 5 | C24: ='Supplier Management Sheet'!H$26 | E24: 5 | F24: 15 | G24: 0.2
A25: ='Decision Sheet'!K$2 -> Period 6 | C25: ='Supplier Management Sheet'!I$26 | E25: 5 | F25: 15 | G25: 0.2
A26: ='Decision Sheet'!L$2 -> Period 7 | C26: ='Supplier Management Sheet'!J$26 | E26: 5 | F26: 15 | G26: 0.2
A27: ='Decision Sheet'!M$2 -> Period 8 | C27: ='Supplier Management Sheet'!K$26 | E27: 5 | F27: 15 | G27: 0.2
A28: ='Decision Sheet'!N$2 -> Period 9 | C28: ='Supplier Management Sheet'!L$26 | E28: 5 | F28: 15 | G28: 0.2
A29: ='Decision Sheet'!O$2 -> Period 10 | C29: ='Supplier Management Sheet'!M$26 | E29: 5 | F29: 15 | G29: 0.2
A30: ='Decision Sheet'!P$2 -> Period 11 | C30: ='Supplier Management Sheet'!N$26 | E30: 5 | F30: 15 | G30: 0.2
A31: ='Decision Sheet'!Q$2 -> Period 12 | C31: ='Supplier Management Sheet'!O$26 | E31: 5 | F31: 15 | G31: 0.2
A33: Product C
A35: Period | C35: Material Costs | D35: Event Modifier | E35: Variable Labor Costs | F35: Sell Price | G35: ICC (Per Period)
A36: ='Decision Sheet'!F$2 -> Period 1 | C36: ='Supplier Management Sheet'!D$27 | E36: 5 | F36: 15 | G36: 0.15
A37: ='Decision Sheet'!G$2 -> Period 2 | C37: ='Supplier Management Sheet'!E$27 | E37: 5 | F37: 15 | G37: 0.15
A38: ='Decision Sheet'!H$2 -> Period 3 | C38: ='Supplier Management Sheet'!F$27 | E38: 5 | F38: 15 | G38: 0.15
A39: ='Decision Sheet'!I$2 -> Period 4 | C39: ='Supplier Management Sheet'!G$27 | E39: 5 | F39: 15 | G39: 0.15
A40: ='Decision Sheet'!J$2 -> Period 5 | C40: ='Supplier Management Sheet'!H$27 | E40: 5 | F40: 15 | G40: 0.15
A41: ='Decision Sheet'!K$2 -> Period 6 | C41: ='Supplier Management Sheet'!I$27 | E41: 5 | F41: 15 | G41: 0.15
A42: ='Decision Sheet'!L$2 -> Period 7 | C42: ='Supplier Management Sheet'!J$27 | E42: 5 | F42: 15 | G42: 0.15
A43: ='Decision Sheet'!M$2 -> Period 8 | C43: ='Supplier Management Sheet'!K$27 | E43: 5 | F43: 15 | G43: 0.15
A44: ='Decision Sheet'!N$2 -> Period 9 | C44: ='Supplier Management Sheet'!L$27 | E44: 5 | F44: 15 | G44: 0.15
A45: ='Decision Sheet'!O$2 -> Period 10 | C45: ='Supplier Management Sheet'!M$27 | E45: 5 | F45: 15 | G45: 0.15
A46: ='Decision Sheet'!P$2 -> Period 11 | C46: ='Supplier Management Sheet'!N$27 | E46: 5 | F46: 15 | G46: 0.15
A47: ='Decision Sheet'!Q$2 -> Period 12 | C47: ='Supplier Management Sheet'!O$27 | E47: 5 | F47: 15 | G47: 0.15
A49: Product D
A51: Period | C51: Material Costs | D51: Event Modifier | E51: Variable Labor Costs | F51: Sell Price | G51: ICC (Per Period)
A52: ='Decision Sheet'!F$2 -> Period 1 | C52: ='Supplier Management Sheet'!D$28 | E52: 10 | F52: 40 | G52: 0.3
A53: ='Decision Sheet'!G$2 -> Period 2 | C53: ='Supplier Management Sheet'!E$28 | E53: 10 | F53: 40 | G53: 0.3
A54: ='Decision Sheet'!H$2 -> Period 3 | C54: ='Supplier Management Sheet'!F$28 | E54: 10 | F54: 40 | G54: 0.3
A55: ='Decision Sheet'!I$2 -> Period 4 | C55: ='Supplier Management Sheet'!G$28 | E55: 10 | F55: 40 | G55: 0.3
A56: ='Decision Sheet'!J$2 -> Period 5 | C56: ='Supplier Management Sheet'!H$28 | E56: 10 | F56: 40 | G56: 0.3
A57: ='Decision Sheet'!K$2 -> Period 6 | C57: ='Supplier Management Sheet'!I$28 | E57: 10 | F57: 40 | G57: 0.3
A58: ='Decision Sheet'!L$2 -> Period 7 | C58: ='Supplier Management Sheet'!J$28 | E58: 10 | F58: 40 | G58: 0.3
A59: ='Decision Sheet'!M$2 -> Period 8 | C59: ='Supplier Management Sheet'!K$28 | E59: 10 | F59: 40 | G59: 0.3
A60: ='Decision Sheet'!N$2 -> Period 9 | C60: ='Supplier Management Sheet'!L$28 | E60: 10 | F60: 40 | G60: 0.3
A61: ='Decision Sheet'!O$2 -> Period 10 | C61: ='Supplier Management Sheet'!M$28 | E61: 10 | F61: 40 | G61: 0.3
A62: ='Decision Sheet'!P$2 -> Period 11 | C62: ='Supplier Management Sheet'!N$28 | E62: 10 | F62: 40 | G62: 0.3
A63: ='Decision Sheet'!Q$2 -> Period 12 | C63: ='Supplier Management Sheet'!O$28 | E63: 10 | F63: 40 | G63: 0.3

Sheet Event Sheet
A1: Code | B1: Positive Event List | C1: Event Severity | D1: Event Description | E1: Effect | F1: Products Impacted | G1: Instructions
A2: 1 | B2: Quality | C2: Minor | D2: Your product was reviewed by a famous YouTuber and found to have very high quality. | E2: + 10% Demand for next three periods | F2: Every product supplied by a supplier with quality ≥ High | G2: Add 10 to the following 3 periods in column G on each product inventory sheet which was impacted
A3: 2 | B3: Quality | C3: Medium | D3: High quality product yielded more usable components than expected, increase inventory received for the period by +10%. | E3: + 10% inventory received for the period | F3: Every product supplied by a supplier with quality ≥ High | G3: Add 10 to the current period in column E on each product inventory sheet which was impacted
A4: 3 | B4: Quality | C4: Major | D4: You received a high quality reward for your organization. | E4: Receive $10,000 as a period adjustment for each applicable product | F4: Every product supplied by a supplier with quality ≥ Very High | G4: Add 10,000 to the current period in column E on the Performance Sheet for each product impacted
A5: 4 | B5: Quality | C5: Critical | D5: Your product was selected by the US government for military use. | E5: Receive +20% demand for every subsequent period starting two periods out | F5: Every product supplied by a supplier with quality ≥ Very High | G5: Add 20 to all periods starting 2 periods out in column G on each product inventory sheet which was impacted
A6: 5 | B6: Disruption Risk Management | C6: Minor | D6: There was some disruption due to storms, but your company was able to manage it effectively. | E6: Gain 10% increased demand from customer appreciation for 1 period | F6: Every product supplied by a supplier with disruption risk management ≥ High | G6: Add 10 to the next period in column G on each product inventory sheet which was impacted
A7: 6 | B7: Disruption Risk Management | C7: Medium | D7: There was some disruption due to a port closure, but your supplier was able to reroute the supply. Your customer granted you a one time reward for responsiveness. | E7: Gain $3,000 from customers as a period adjustment for each applicable product | F7: Every product supplied by a supplier with disruption risk management ≥ High | G7: Add 3,000 to the current period in column E on the Performance Sheet for each product impacted
A8: 7 | B8: Disruption Risk Management | C8: Major | D8: The oil market crashed, increasing the cost of manufacturing for most suppliers. Fortunately, your supplier hedges their risk using options contracts and so will be able to continue to provide product at the same cost, despite increases in the market price. | E8: Increase the sales price by $2 for all remaining periods for each applicable product | F8: Every product supplied by a supplier with disruption risk management ≥ Very High | G8: Add $2 for all remaining periods to Column F on the Product Pricing Sheet for each impacted product
A9: 8 | B9: Disruption Risk Management | C9: Critical | D9: Natural disaster hit the region, but your supplier was largely unaffected. Other competitors however are unable to meet their demand, and a large number of companies have placed orders to your company. | E9: Gain +50% demand for 3 periods starting in period T + 2 for each applicable product | F9: Every product supplied by a supplier with disruption risk management ≥ Very High | G9: Add 50 to 3 periods starting 2 periods out in column G on each product inventory sheet which was impacted
A10: 9 | B10: Timeliness | C10: Minor | D10: Product arrived in your facility on time! Great news. | E10: No Effect | F10: Every product supplied by a supplier with timeliness ≥ High | G10: Do nothing
A11: 10 | B11: Timeliness | C11: Medium | D11: The timely nature of the supplier's deliveries has allowed you to decrease inventory processing costs significantly. | E11: Inventory carrying costs are reduced by 5% for each applicable product | F11: Every product supplied by a supplier with timeliness ≥ High | G11: Remove 5% for all remaining periods from Column G in Product Pricing Sheet for each impacted product
A12: 11 | B12: Timeliness | C12: Major | D12: Effective inventory management has led to a reduction of $10,000 of expenses in your warehouse. | E12: Receive a one time $10,000 period adjustment for each applicable product | F12: Every product supplied by a supplier with timeliness ≥ Very High | G12: Add 10,000 to the current period in column E on the Performance Sheet for each product impacted
A13: 12 | B13: Timeliness | C13: Critical | D13: You have established a vendor-managed inventory system with this supplier. | E13: Change ICC to 0% for each applicable product | F13: Every product supplied by a supplier with timeliness ≥ Very High | G13: Change value to 0% for all remaining periods from Column G in Product Pricing Sheet for each impacted product
... A17: 16 | B17: Innovativeness | C17: Critical | D17: Your supplier's innovation has changed the way they manufacture their products making their products much cheaper. | E17: Variable costs decrease by $1 for the rest of the game for each applicable product | F17: Every product supplied by a supplier with innovativeness ≥ Very High | G17: Add -1 for all remaining periods in Column D on the Product Pricing Sheet for each impacted product
A20: Code | B20: Negative Event List | C20: Event Severity | D20: Event Description | E20: Effect
A21: 17 | B21: Quality | C21: Minor | D21: Quality defects caused manufacturing delays this period requiring overtime costs of $3,000. | E21: Incur $3,000 loss | F21: Every product supplied by a supplier with quality ≤ Low | G21: Add -3,000 to the current period in column E on the Performance Sheet for each product impacted
A22: 18 | B22: Quality | C22: Medium | D22: A review of your inventories found bad inventory. | E22: 20% of your held inventory must be discarded for the current period | F22: Every product supplied by a supplier with quality ≤ Low | G22: Add -20% to the current period in column E on each product inventory sheet which was impacted
A23: 19 | B23: Quality | C23: Major | D23: Product problems were found in production and will need to be reworked. | E23: Lose 10% inventory and incur $5,000 rework for each applicable product | F23: Every product supplied by a supplier with quality ≤ Very Low | G23: Add -10 to the current period in column E on each product inventory sheet which was impacted and add -5,000 to the current period in column E on the Performance Sheet for each product impacted.
A24: 20 | B24: Quality | C24: Critical | D24: Poor manufacturing of your product has led to product failure in field applications which have led to 1 death and several injuries. You have been forced to recall the product. | E24: Incur a $100,000 loss from the recall efforts and litigation costs. | F24: Every product supplied by a supplier with quality ≤ Very Low | G24: Add -100,000 to the current period in column E on the Performance Sheet for each product impacted
A25: 21 | B25: Disruption Risk Management | C25: Minor | D25: The supplier had a disruption with their own supply network and can no longer provide all product types. | E25: This supplier can no longer provide products A or B for three periods | F25: Every product supplied by a supplier with disruption risk management ≤ Low | G25: You are no longer able to select this supplier for the next three periods for products A and B
A26: 22 | B26: Disruption Risk Management | C26: Medium | D26: There was a disruption in the delivery of product from this supplier and no product arrived. | E26: Receive -100% stock this period from this supplier | F26: Every product supplied by a supplier with disruption risk management ≤ Low | G26: Add -100 to the current period in column E on each product inventory sheet which was impacted
A27: 23 | B27: Disruption Risk Management | C27: Major | D27: This supplier has increased all of their prices by $1 for every product. | E27: Increase the manufacturing cost by $1 for each applicable product | F27: Every product supplied by a supplier with disruption risk management ≤ Very Low | G27: Add 1 for all remaining periods in Column D on the Product Pricing Sheet for each impacted product
A28: 24 | B28: Disruption Risk Management | C28: Critical | D28: This supplier was hit by a natural disaster and is no longer in existence. End the relationship with this supplier. | E28: End the relationship with this supplier | F28: Every product supplied by a supplier with disruption risk management ≤ Very Low | G28: You are no longer able to select this supplier for future periods
A29: 25 | B29: Timeliness | C29: Minor | D29: Product arrived in your facility late, leading to overtime production. | E29: Incur $3,000 additional costs for the period for the extra overtime | F29: Every product supplied by a supplier with timeliness ≤ Low | G29: Add -3,000 to the current period in column E on the Performance Sheet for each product impacted
A30: 26 | B30: Timeliness | C30: Medium | D30: Product arrived in your facility very early, forcing your company to make arrangements for additional warehousing space. | E30: Incur $5,000 additional costs for the period | F30: Every product supplied by a supplier with timeliness ≤ Low | G30: Add -5,000 to the current period in column E on the Performance Sheet for each product impacted
A31: 27 | B31: Timeliness | C31: Major | D31: The shipment is late, but you are able to expedite the shipment at a cost of $10,000. | E31: Incur $10,000 additional costs | F31: Every product supplied by a supplier with timeliness ≤ Very Low | G31: Add -10,000 to the current period in column E on the Performance Sheet for each product impacted
A32: 28 | B32: Timeliness | C32: Critical | D32: The supplier failed to deliver the entire period's demand, disrupting your future orders for customers, and causing a large social media brigade. | E32: Receive -100% inventory received for this period, and -50% Demand for 2 following weeks | F32: Every product supplied by a supplier with timeliness ≤ Very Low | G32: Add -100 to the current period in column E on each product inventory sheet which was impacted and add -50 to the next 2 periods in column E on each product inventory sheet which was impacted
... A36: 32 | B36: Innovativeness | C36: Critical | D36: A new innovative change to Products A an D was released in the market, but your supplier cannot keep up with the change. | E36: This supplier can no longer supply product A or product D | F36: Every product supplied by a supplier with innovativeness ≤ Very Low | G36: You are no longer able to select this supplier for products A and B
